Workbook
Name Arkansas: 'Income Limits'!$A$4:$A$78
Name Colorado: 'Income Limits'!$A$79:$A$142
Name County: [1]Household_Summary!$C$10
Name County: [1]Household_Summary!$C$10
Name County: [1]Household_Summary!$C$10
Name County: [1]Household_Summary!$C$10
Name County: [1]Household_Summary!$C$10
Name County: [1]Household_Summary!$C$10
Name County: [1]Household_Summary!$C$10
Name County: [1]Household_Summary!$C$10
Name County: [1]Household_Summary!$C$10
Name County: [1]Household_Summary!$C$10
Name County: [1]Household_Summary!$C$10
Name County: [1]Household_Summary!$C$10
Name County: [1]Household_Summary!$C$10
Name County: [1]Household_Summary!$C$10
Name County: [1]Household_Summary!$C$10
Name County: Household_Summary!$C$10
Name County_State: '[1]Income Limits'!$A$4:$A$734
Name County_State: '[1]Income Limits'!$A$4:$A$734
Name County_State: '[1]Income Limits'!$A$4:$A$734
Name County_State: '[1]Income Limits'!$A$4:$A$734
Name County_State: '[1]Income Limits'!$A$4:$A$734
Name County_State: '[1]Income Limits'!$A$4:$A$734
Name County_State: '[1]Income Limits'!$A$4:$A$734
Name County_State: '[1]Income Limits'!$A$4:$A$734
Name County_State: '[1]Income Limits'!$A$4:$A$734
Name County_State: '[1]Income Limits'!$A$4:$A$734
Name County_State: '[1]Income Limits'!$A$4:$A$734
Name County_State: '[1]Income Limits'!$A$4:$A$734
Name County_State: '[1]Income Limits'!$A$4:$A$734
Name County_State: '[1]Income Limits'!$A$4:$A$734
Name County_State: '[1]Income Limits'!$A$4:$A$734
Name County_State: 'Income Limits'!$A$4:$A$734
Name Daily_Calculation: 'Household Member #10-Income'!$B$15
Name Daily_Calculation: 'Household Member #11-Income'!$B$15
Name Daily_Calculation: 'Household Member #12-Income'!$B$15
Name Daily_Calculation: 'Household Member #13-Income'!$B$15
Name Daily_Calculation: 'Household Member #14-Income'!$B$15
Name Daily_Calculation: 'Household Member #15-Income'!$B$15
Name Daily_Calculation: 'Household Member #1-Income'!$B$15
Name Daily_Calculation: 'Household Member #2-Income'!$B$15
Name Daily_Calculation: 'Household Member #3-Income'!$B$15
Name Daily_Calculation: 'Household Member #4-Income'!$B$15
Name Daily_Calculation: 'Household Member #5-Income'!$B$15
Name Daily_Calculation: 'Household Member #6-Income'!$B$15
Name Daily_Calculation: 'Household Member #7-Income'!$B$15
Name Daily_Calculation: 'Household Member #8-Income'!$B$15
Name Daily_Calculation: 'Household Member #9-Income'!$B$15
Name Daily_Calculation: #REF!
Name Daily_Calculation2: 'Household Member #10-Income'!$B$42
Name Daily_Calculation2: 'Household Member #11-Income'!$B$42
Name Daily_Calculation2: 'Household Member #12-Income'!$B$42
Name Daily_Calculation2: 'Household Member #13-Income'!$B$42
Name Daily_Calculation2: 'Household Member #14-Income'!$B$42
Name Daily_Calculation2: 'Household Member #15-Income'!$B$42
Name Daily_Calculation2: 'Household Member #1-Income'!$B$42
Name Daily_Calculation2: 'Household Member #2-Income'!$B$42
Name Daily_Calculation2: 'Household Member #3-Income'!$B$42
Name Daily_Calculation2: 'Household Member #4-Income'!$B$42

Sheet Income Limits
C1: 2023_1 | V1: 2024_1 | AO1: 2025_1 | BH1: 2026_1
C2: 0.5 | L2: 0.8 | V2: 0.5 | AE2: 0.8 | AO2: 0.5 | AX2: 0.8 | BH2: 0.5 | BQ2: 0.8
A3: County & State Name | C3: 1-4 | D3: 5-8 | E3: 9 | F3: 10 | G3: 11 | H3: 12 | I3: 13 | J3: 14 | K3: 15 | L3: 1-4 | M3: 5-8 | N3: 9 | O3: 10 | P3: 11 | Q3: 12 | R3: 13 | S3: 14 | T3: 15 | V3: 1-4 | W3: 5-8 | X3: 9 | Y3: 10 | Z3: 11 | AA3: 12 | AB3: 13 | AC3: 14 | AD3: 15 | AE3: 1-4 | AF3: 5-8 | AG3: 9 | AH3: 10 | AI3: 11 | AJ3: 12 | AK3: 13 | AL3: 14 | AM3: 15 | AO3: 1-4 | AP3: 5-8 | AQ3: 9 | AR3: 10 | AS3: 11 | AT3: 12 | AU3: 13 | AV3: 14 | AW3: 15 | AX3: 1-4 | AY3: 5-8 | AZ3: 9 | BA3: 10 | BB3: 11 | BC3: 12 | BD3: 13 | BE3: 14 | BF3: 15 | BH3: 1-4 | BI3: 5-8 | BJ3: 9 | BK3: 10 | BL3: 11 | BM3: 12 | BN3: 13 | BO3: 14 | BP3: 15 | BQ3: 1-4 | BR3: 5-8 | BS3: 9 | BT3: 10 | BU3: 11 | BV3: 12 | BW3: 13 | BX3: 14 | BY3: 15
A4: Arkansas County, Arkansas | C4: 32150 | D4: 42450 | E4: 45022 | F4: 47594 | G4: 50166 | H4: 52738 | I4: 55310 | J4: 57882 | K4: 60454 | L4: 51450 | M4: 67900 | N4: 72016 | O4: 76132 | P4: 80248 | Q4: 84364 | R4: 88480 | S4: 92596 | T4: 96712 | V4: 35350 | W4: 46650 | X4: 49478 | Y4: 52306 | Z4: 55134 | AA4: 57962 | AB4: 60790 | AC4: 63618 | AD4: 66446 | AE4: 56550 | AF4: 74650 | AG4: 79174 | AH4: 83698 | AI4: 88222 | AJ4: 92746 | AK4: 97270 | AL4: 101794 | AM4: 106318 | AO4: 38600 | AP4: 50950 | AQ4: 54038 | AR4: 57126 | AS4: 60214 | AT4: 63302 | AU4: 66390 | AV4: 69478 | AW4: 72566 | AX4: 61750 | AY4: 81500 | AZ4: 86440 | BA4: 91380 | BB4: 96320 | BC4: 101260 | BD4: 106200 | BE4: 111140 | BF4: 116080 | BH4: 38600 | BI4: 50950 | BJ4: 54038 | BK4: 57126 | BL4: 60214 | BM4: 63302 | BN4: 66390 | BO4: 69478 | BP4: 72566 | BQ4: 61750 | BR4: 81550 | BS4: 86490 | BT4: 91430 | BU4: 96370 | BV4: 101310 | BW4: 106250 | BX4: 111190 | BY4: 116130
A5: Ashley County, Arkansas | C5: 31700 | D5: 41850 | E5: 44386 | F5: 46922 | G5: 49458 | H5: 51994 | I5: 54530 | J5: 57066 | K5: 59602 | L5: 50700 | M5: 66900 | N5: 70956 | O5: 75012 | P5: 79068 | Q5: 83124 | R5: 87180 | S5: 91236 | T5: 95292 | V5: 32600 | W5: 43050 | X5: 45658 | Y5: 48266 | Z5: 50874 | AA5: 53482 | AB5: 56090 | AC5: 58698 | AD5: 61306 | AE5: 52150 | AF5: 68850 | AG5: 73022 | AH5: 77194 | AI5: 81366 | AJ5: 85538 | AK5: 89710 | AL5: 93882 | AM5: 98054 | AO5: 33550 | AP5: 44300 | AQ5: 46984 | AR5: 49668 | AS5: 52352 | AT5: 55036 | AU5: 57720 | AV5: 60404 | AW5: 63088 | AX5: 53700 | AY5: 70900 | AZ5: 75196 | BA5: 79492 | BB5: 83788 | BC5: 88084 | BD5: 92380 | BE5: 96676 | BF5: 100972 | BH5: 35550 | BI5: 46950 | BJ5: 49794 | BK5: 52638 | BL5: 55482 | BM5: 58326 | BN5: 61170 | BO5: 64014 | BP5: 66858 | BQ5: 56900 | BR5: 75150 | BS5: 79702 | BT5: 84254 | BU5: 88806 | BV5: 93358 | BW5: 97910 | BX5: 102462 | BY5: 107014
A6: Baxter County, Arkansas | C6: 31700 | D6: 41850 | E6: 44386 | F6: 46922 | G6: 49458 | H6: 51994 | I6: 54530 | J6: 57066 | K6: 59602 | L6: 50700 | M6: 66900 | N6: 70956 | O6: 75012 | P6: 79068 | Q6: 83124 | R6: 87180 | S6: 91236 | T6: 95292 | V6: 32600 | W6: 43050 | X6: 45658 | Y6: 48266 | Z6: 50874 | AA6: 53482 | AB6: 56090 | AC6: 58698 | AD6: 61306 | AE6: 52150 | AF6: 68850 | AG6: 73022 | AH6: 77194 | AI6: 81366 | AJ6: 85538 | AK6: 89710 | AL6: 93882 | AM6: 98054 | AO6: 33550 | AP6: 44300 | AQ6: 46984 | AR6: 49668 | AS6: 52352 | AT6: 55036 | AU6: 57720 | AV6: 60404 | AW6: 63088 | AX6: 53700 | AY6: 70900 | AZ6: 75196 | BA6: 79492 | BB6: 83788 | BC6: 88084 | BD6: 92380 | BE6: 96676 | BF6: 100972 | BH6: 35550 | BI6: 46950 | BJ6: 49794 | BK6: 52638 | BL6: 55482 | BM6: 58326 | BN6: 61170 | BO6: 64014 | BP6: 66858 | BQ6: 56900 | BR6: 75150 | BS6: 79702 | BT6: 84254 | BU6: 88806 | BV6: 93358 | BW6: 97910 | BX6: 102462 | BY6: 107014
A7: Benton County, Arkansas | C7: 44300 | D7: 58500 | E7: 62044 | F7: 65588 | G7: 69132 | H7: 72676 | I7: 76220 | J7: 79764 | K7: 83308 | L7: 70900 | M7: 93600 | N7: 99272 | O7: 104944 | P7: 110616 | Q7: 116288 | R7: 121960 | S7: 127632 | T7: 133304 | V7: 47200 | W7: 62350 | X7: 66126 | Y7: 69902 | Z7: 73678 | AA7: 77454 | AB7: 81230 | AC7: 85006 | AD7: 88782 | AE7: 75500 | AF7: 99700 | AG7: 105740 | AH7: 111780 | AI7: 117820 | AJ7: 123860 | AK7: 129900 | AL7: 135940 | AM7: 141980 | AO7: 50900 | AP7: 67200 | AQ7: 71272 | AR7: 75344 | AS7: 79416 | AT7: 83488 | AU7: 87560 | AV7: 91632 | AW7: 95704 | AX7: 81450 | AY7: 107550 | AZ7: 114066 | BA7: 120582 | BB7: 127098 | BC7: 133614 | BD7: 140130 | BE7: 146646 | BF7: 153162 | BH7: 53450 | BI7: 70600 | BJ7: 74876 | BK7: 79152 | BL7: 83428 | BM7: 87704 | BN7: 91980 | BO7: 96256 | BP7: 100532 | BQ7: 85500 | BR7: 112900 | BS7: 119740 | BT7: 126580 | BU7: 133420 | BV7: 140260 | BW7: 147100 | BX7: 153940 | BY7: 160780
A8: Boone County, Arkansas | C8: 31850 | D8: 42050 | E8: 44598 | F8: 47146 | G8: 49694 | H8: 52242 | I8: 54790 | J8: 57338 | K8: 59886 | L8: 50950 | M8: 67250 | N8: 71326 | O8: 75402 | P8: 79478 | Q8: 83554 | R8: 87630 | S8: 91706 | T8: 95782 | V8: 35000 | W8: 46200 | X8: 49000 | Y8: 51800 | Z8: 54600 | AA8: 57400 | AB8: 60200 | AC8: 63000 | AD8: 65800 | AE8: 56000 | AF8: 73950 | AG8: 78430 | AH8: 82910 | AI8: 87390 | AJ8: 91870 | AK8: 96350 | AL8: 100830 | AM8: 105310 | AO8: 37500 | AP8: 49500 | AQ8: 52500 | AR8: 55500 | AS8: 58500 | AT8: 61500 | AU8: 64500 | AV8: 67500 | AW8: 70500 | AX8: 60000 | AY8: 79200 | AZ8: 84000 | BA8: 88800 | BB8: 93600 | BC8: 98400 | BD8: 103200 | BE8: 108000 | BF8: 112800 | BH8: 37500 | BI8: 49500 | BJ8: 52500 | BK8: 55500 | BL8: 58500 | BM8: 61500 | BN8: 64500 | BO8: 67500 | BP8: 70500 | BQ8: 60000 | BR8: 79200 | BS8: 84000 | BT8: 88800 | BU8: 93600 | BV8: 98400 | BW8: 103200 | BX8: 108000 | BY8: 112800
A9: Bradley County, Arkansas | C9: 31700 | D9: 41850 | E9: 44386 | F9: 46922 | G9: 49458 | H9: 51994 | I9: 54530 | J9: 57066 | K9: 59602 | L9: 50700 | M9: 66900 | N9: 70956 | O9: 75012 | P9: 79068 | Q9: 83124 | R9: 87180 | S9: 91236 | T9: 95292 | V9: 32600 | W9: 43050 | X9: 45658 | Y9: 48266 | Z9: 50874 | AA9: 53482 | AB9: 56090 | AC9: 58698 | AD9: 61306 | AE9: 52150 | AF9: 68850 | AG9: 73022 | AH9: 77194 | AI9: 81366 | AJ9: 85538 | AK9: 89710 | AL9: 93882 | AM9: 98054 | AO9: 33950 | AP9: 44850 | AQ9: 47566 | AR9: 50282 | AS9: 52998 | AT9: 55714 | AU9: 58430 | AV9: 61146 | AW9: 63862 | AX9: 54300 | AY9: 71700 | AZ9: 76044 | BA9: 80388 | BB9: 84732 | BC9: 89076 | BD9: 93420 | BE9: 97764 | BF9: 102108 | BH9: 35550 | BI9: 46950 | BJ9: 49794 | BK9: 52638 | BL9: 55482 | BM9: 58326 | BN9: 61170 | BO9: 64014 | BP9: 66858 | BQ9: 56900 | BR9: 75150 | BS9: 79702 | BT9: 84254 | BU9: 88806 | BV9: 93358 | BW9: 97910 | BX9: 102462 | BY9: 107014
A10: Calhoun County, Arkansas | C10: 32600 | D10: 43050 | E10: 45658 | F10: 48266 | G10: 50874 | H10: 53482 | I10: 56090 | J10: 58698 | K10: 61306 | L10: 52150 | M10: 68850 | N10: 73022 | O10: 77194 | P10: 81366 | Q10: 85538 | R10: 89710 | S10: 93882 | T10: 98054 | V10: 34950 | W10: 46150 | X10: 48946 | Y10: 51742 | Z10: 54538 | AA10: 57334 | AB10: 60130 | AC10: 62926 | AD10: 65722 | AE10: 55900 | AF10: 73800 | AG10: 78272 | AH10: 82744 | AI10: 87216 | AJ10: 91688 | AK10: 96160 | AL10: 100632 | AM10: 105104 | AO10: 38150 | AP10: 50400 | AQ10: 53452 | AR10: 56504 | AS10: 59556 | AT10: 62608 | AU10: 65660 | AV10: 68712 | AW10: 71764 | AX10: 61050 | AY10: 80600 | AZ10: 85484 | BA10: 90368 | BB10: 95252 | BC10: 100136 | BD10: 105020 | BE10: 109904 | BF10: 114788 | BH10: 41950 | BI10: 55400 | BJ10: 58756 | BK10: 62112 | BL10: 65468 | BM10: 68824 | BN10: 72180 | BO10: 75536 | BP10: 78892 | BQ10: 67100 | BR10: 88600 | BS10: 93968 | BT10: 99336 | BU10: 104704 | BV10: 110072 | BW10: 115440 | BX10: 120808 | BY10: 126176
A11: Carroll County, Arkansas | C11: 33300 | D11: 44000 | E11: 46664 | F11: 49328 | G11: 51992 | H11: 54656 | I11: 57320 | J11: 59984 | K11: 62648 | L11: 53300 | M11: 70350 | N11: 74614 | O11: 78878 | P11: 83142 | Q11: 87406 | R11: 91670 | S11: 95934 | T11: 100198 | V11: 36600 | W11: 48350 | X11: 51278 | Y11: 54206 | Z11: 57134 | AA11: 60062 | AB11: 62990 | AC11: 65918 | AD11: 68846 | AE11: 58550 | AF11: 77300 | AG11: 81984 | AH11: 86668 | AI11: 91352 | AJ11: 96036 | AK11: 100720 | AL11: 105404 | AM11: 110088 | AO11: 39900 | AP11: 52700 | AQ11: 55892 | AR11: 59084 | AS11: 62276 | AT11: 65468 | AU11: 68660 | AV11: 71852 | AW11: 75044 | AX11: 63850 | AY11: 84300 | AZ11: 89408 | BA11: 94516 | BB11: 99624 | BC11: 104732 | BD11: 109840 | BE11: 114948 | BF11: 120056 | BH11: 39900 | BI11: 52700 | BJ11: 55892 | BK11: 59084 | BL11: 62276 | BM11: 65468 | BN11: 68660 | BO11: 71852 | BP11: 75044 | BQ11: 63850 | BR11: 84300 | BS11: 89408 | BT11: 94516 | BU11: 99624 | BV11: 104732 | BW11: 109840 | BX11: 114948 | BY11: 120056
A12: Chicot County, Arkansas | C12: 31700 | D12: 41850 | E12: 44386 | F12: 46922 | G12: 49458 | H12: 51994 | I12: 54530 | J12: 57066 | K12: 59602 | L12: 50700 | M12: 66900 | N12: 70956 | O12: 75012 | P12: 79068 | Q12: 83124 | R12: 87180 | S12: 91236 | T12: 95292 | V12: 32600 | W12: 43050 | X12: 45658 | Y12: 48266 | Z12: 50874 | AA12: 53482 | AB12: 56090 | AC12: 58698 | AD12: 61306 | AE12: 52150 | AF12: 68850 | AG12: 73022 | AH12: 77194 | AI12: 81366 | AJ12: 85538 | AK12: 89710 | AL12: 93882 | AM12: 98054 | AO12: 33550 | AP12: 44300 | AQ12: 46984 | AR12: 49668 | AS12: 52352 | AT12: 55036 | AU12: 57720 | AV12: 60404 | AW12: 63088 | AX12: 53700 | AY12: 70900 | AZ12: 75196 | BA12: 79492 | BB12: 83788 | BC12: 88084 | BD12: 92380 | BE12: 96676 | BF12: 100972 | BH12: 35550 | BI12: 46950 | BJ12: 49794 | BK12: 52638 | BL12: 55482 | BM12: 58326 | BN12: 61170 | BO12: 64014 | BP12: 66858 | BQ12: 56900 | BR12: 75150 | BS12: 79702 | BT12: 84254 | BU12: 88806 | BV12: 93358 | BW12: 97910 | BX12: 102462 | BY12: 107014
A13: Clark County, Arkansas | C13: 34550 | D13: 45650 | E13: 48414 | F13: 51178 | G13: 53942 | H13: 56706 | I13: 59470 | J13: 62234 | K13: 64998 | L13: 55300 | M13: 73000 | N13: 77424 | O13: 81848 | P13: 86272 | Q13: 90696 | R13: 95120 | S13: 99544 | T13: 103968 | V13: 35350 | W13: 46700 | X13: 49528 | Y13: 52356 | Z13: 55184 | AA13: 58012 | AB13: 60840 | AC13: 63668 | AD13: 66496 | AE13: 56550 | AF13: 74650 | AG13: 79174 | AH13: 83698 | AI13: 88222 | AJ13: 92746 | AK13: 97270 | AL13: 101794 | AM13: 106318 | AO13: 36500 | AP13: 48200 | AQ13: 51120 | AR13: 54040 | AS13: 56960 | AT13: 59880 | AU13: 62800 | AV13: 65720 | AW13: 68640 | AX13: 58400 | AY13: 77100 | AZ13: 81772 | BA13: 86444 | BB13: 91116 | BC13: 95788 | BD13: 100460 | BE13: 105132 | BF13: 109804 | BH13: 38200 | BI13: 50450 | BJ13: 53506 | BK13: 56562 | BL13: 59618 | BM13: 62674 | BN13: 65730 | BO13: 68786 | BP13: 71842 | BQ13: 61100 | BR13: 80700 | BS13: 85588 | BT13: 90476 | BU13: 95364 | BV13: 100252 | BW13: 105140 | BX13: 110028 | BY13: 114916
A14: Clay County, Arkansas | C14: 31700 | D14: 41850 | E14: 44386 | F14: 46922 | G14: 49458 | H14: 51994 | I14: 54530 | J14: 57066 | K14: 59602 | L14: 50700 | M14: 66900 | N14: 70956 | O14: 75012 | P14: 79068 | Q14: 83124 | R14: 87180 | S14: 91236 | T14: 95292 | V14: 32600 | W14: 43050 | X14: 45658 | Y14: 48266 | Z14: 50874 | AA14: 53482 | AB14: 56090 | AC14: 58698 | AD14: 61306 | AE14: 52150 | AF14: 68850 | AG14: 73022 | AH14: 77194 | AI14: 81366 | AJ14: 85538 | AK14: 89710 | AL14: 93882 | AM14: 98054 | AO14: 33550 | AP14: 44300 | AQ14: 46984 | AR14: 49668 | AS14: 52352 | AT14: 55036 | AU14: 57720 | AV14: 60404 | AW14: 63088 | AX14: 53700 | AY14: 70900 | AZ14: 75196 | BA14: 79492 | BB14: 83788 | BC14: 88084 | BD14: 92380 | BE14: 96676 | BF14: 100972 | BH14: 35550 | BI14: 46950 | BJ14: 49794 | BK14: 52638 | BL14: 55482 | BM14: 58326 | BN14: 61170 | BO14: 64014 | BP14: 66858 | BQ14: 56900 | BR14: 75150 | BS14: 79702 | BT14: 84254 | BU14: 88806 | BV14: 93358 | BW14: 97910 | BX14: 102462 | BY14: 107014
A15: Cleburne County, Arkansas | C15: 32000 | D15: 42250 | E15: 44810 | F15: 47370 | G15: 49930 | H15: 52490 | I15: 55050 | J15: 57610 | K15: 60170 | L15: 51200 | M15: 67600 | N15: 71696 | O15: 75792 | P15: 79888 | Q15: 83984 | R15: 88080 | S15: 92176 | T15: 96272 | V15: 34000 | W15: 44900 | X15: 47620 | Y15: 50340 | Z15: 53060 | AA15: 55780 | AB15: 58500 | AC15: 61220 | AD15: 63940 | AE15: 54400 | AF15: 71850 | AG15: 76202 | AH15: 80554 | AI15: 84906 | AJ15: 89258 | AK15: 93610 | AL15: 97962 | AM15: 102314 | AO15: 37100 | AP15: 49000 | AQ15: 51968 | AR15: 54936 | AS15: 57904 | AT15: 60872 | AU15: 63840 | AV15: 66808 | AW15: 69776 | AX15: 59350 | AY15: 78350 | AZ15: 83098 | BA15: 87846 | BB15: 92594 | BC15: 97342 | BD15: 102090 | BE15: 106838 | BF15: 111586 | BH15: 37100 | BI15: 49000 | BJ15: 51968 | BK15: 54936 | BL15: 57904 | BM15: 60872 | BN15: 63840 | BO15: 66808 | BP15: 69776 | BQ15: 59350 | BR15: 78350 | BS15: 83098 | BT15: 87846 | BU15: 92594 | BV15: 97342 | BW15: 102090 | BX15: 106838 | BY15: 111586
... A734: Woodward County, Oklahoma | C734: 40850 | D734: 53950 | E734: 57218 | F734: 60486 | G734: 63754 | H734: 67022 | I734: 70290 | J734: 73558 | K734: 76826 | L734: 65350 | M734: 86250 | N734: 91478 | O734: 96706 | P734: 101934 | Q734: 107162 | R734: 112390 | S734: 117618 | T734: 122846 | V734: 40850 | W734: 53950 | X734: 57218 | Y734: 60486 | Z734: 63754 | AA734: 67022 | AB734: 70290 | AC734: 73558 | AD734: 76826 | AE734: 65350 | AF734: 86300 | AG734: 91528 | AH734: 96756 | AI734: 101984 | AJ734: 107212 | AK734: 112440 | AL734: 117668 | AM734: 122896 | AO734: 41450 | AP734: 54700 | AQ734: 58016 | AR734: 61332 | AS734: 64648 | AT734: 67964 | AU734: 71280 | AV734: 74596 | AW734: 77912 | AX734: 66300 | AY734: 87550 | AZ734: 92854 | BA734: 98158 | BB734: 103462 | BC734: 108766 | BD734: 114070 | BE734: 119374 | BF734: 124678 | BH734: 41450 | BI734: 54700 | BJ734: 58016 | BK734: 61332 | BL734: 64648 | BM734: 67964 | BN734: 71280 | BO734: 74596 | BP734: 77912 | BQ734: 66300 | BR734: 87550 | BS734: 92854 | BT734: 98158 | BU734: 103462 | BV734: 108766 | BW734: 114070 | BX734: 119374 | BY734: 124678

Sheet Income Limits Template
A1: Year
A2: 0.5 | J2: 0.8
A3: 1-4 | B3: 5-8 | C3: 9 | D3: 10 | E3: 11 | F3: 12 | G3: 13 | H3: 14 | I3: 15 | J3: 1-4 | K3: 5-8 | L3: 9 | M3: 10 | N3: 11 | O3: 12 | P3: 13 | Q3: 14 | R3: 15

Sheet Revisions
A1: Date | B1: Tab Revised | C1: Explanation
A2: 43104 | B2: Household Summary | C2: Removed separate section for non-income household members. Added rows to calculate include income for up to 15 household members.
A3: 43104 | B3: Household Summary | C3: Removed drop-down box to select # household members. Will use countif on row 31 only.
A4: 43104 | B4: Household Summary | C4: Added data validation to remind sponsor/member to ensure accurate representation of HH income.
A5: 43104 | B5: Income Limits | C5: Added separate income limits tab with tables displaying higher of HUD or MRB up to 15 HH members.
A6: 43104 | B6: Household Member Tabs | C6: Removed Non-standard Income section
A7: 43104 | B7: Household Member Tabs | C7: Moved Self-employment Income section.
A8: 43123 | B8: Household Summary | C8: Added Information necessary to calculate front ratio and monthly income and front ratio calculations.
A9: 43131 | B9: Income Limits | C9: Added state name to county name and changed County_State range to different column.
A10: 43144 | B10: Household Summary | C10: Corrected formula to bring self-employment income to HH Summary. (was previously linked to Employer #2)
A11: 43172 | B11: Income Limits | C11: Expanded Nebraska name range to include York County.
A12: 43262 | B12: No Update | C12: Changed revision date to match other workbooks. Makes it easier for sponsors and staff to ensure they are using the current version.
A13: 43466 | B13: Household Summary | C13: Cell G10. Added formula, so 2019 enrollment dates would look to 2018 income limits. Updated effective date(s).
... A15: 43859 | B15: Household Member Tabs | C15: Cells A56 and E55. Added date calculation formulas.
B16: Household Member Tabs | C16: Cell F55. Corrected error in formula noted by RiskSpan. If sum is less than 0, then 0, else sum.
C17: Cell B88. Added formula to annualize income based on data entry in cells B85 through B87.
C18: Cell B93. Added formula to annualize income based on data entry in cells B91 and B92.
C19: Cell B93. Added formula to annualize income based on data entry in cells B92, B91, B85.
B20: Income Limits | C20: Added 2020 Income Limits
B21: Household Summary | C21: Cell J7. Added formula to select 2020 income limits beginning February 3, 2020. January 1 - February 2, 2020, use 2019 income limits.
A22: 43924 | B22: Household Member Tabs | C22: Cell A50. Wording change in formula.
B23: Household Member Tabs | C23: Celll B50 - Added data validation - not allow entry of date prior to 1/1/2019.
A24: 44151 | B24: Income Limits | C24: Updated income limits tab with 2020 MRB and HUD income limits.
A25: 44187 | B25: Income Limits | C25: Updated income limits tab with 2020 USDA Income Limits.
A26: 44238 | B26: Income Limits | C26: Changed 2021 Income Limits data to include the 50% and 80% USDA Income Limits.
B27: Household Summary | C27: Corrected AMI formula (Cell C11) to account for changes in the 2020 USDA Income Data.
B28: Houshold Summary | C28: Added formulas in cells O7 through O11 to pull in USDA Income 30, 50, 60, 70 and 80% values from Income Limits tab based on County and Household Size.
B29: Houshold Summary | C29: Changed the AMI% to four decimal points.
B30: Download tab | C30: Added two rows for future use in AHP/HSP Online.
A31: 44391 | B31: Household Summary | C31: Updated formulas in cells G10, O8, and O11 to have INDIRECT references for income limits and to reference only the first county/state column in the Income Limits tab.
B32: Household Summary | C32: Deleted the Name Manager cell names for the effective dates cells and formatted the effective dates as a table.
B33: Household Summary | C33: Updated formula in Cell J7 to reference the effective dates table.
B34: Income Limits | C34: Deleted columns that are not referenced or utilized.
B35: Income Limits Template | C35: Created this tab to contain the template for USDA income limits.
B36: Income Limits | C36: Deleted the 2019 Income Limits and added in the 2021 USDA Income Limits
A37: 44592 | B37: Download tab | C37: Updated the name of cells A79 and A80
B38: Download tab | C38: Updated the formulas in rows A79 and A80
A39: 44757 | B39: Income Limits | C39: Deleted the 2020_1 Income Limits and added in the 2022 USDA Income Limits
B40: Name Manager | C40: Added 2022_1 Income Limits
B41: Household Summary | C41: Updated effective dates for 2022 Income limts
A42: 44768 | B42: Household Summary | C42: Updated the Effective Date for the 2022 Income Limits to 8/1/22
A43: 45134 | B43: Income Limits | C43: Deleted the 2020_2 Income Limits and added in the 2023 USDA Income Limits
B44: Name Manager | C44: Added 2023_1 Income Limits
B45: Household Summary | C45: Updated effective dates for 2023 Income limts (M10 and I2)
A46: 45327 | B46: Household Summary | C46: Updated Section 3 information to appear permanently instead of conditionally based on the answer to the type of project selected. Notes were added to indicate only OO DPA project should fill out the section.
C47: Updated Revision Date to February 2024.
C48: Updated formulas in Section 2 to reference the updated cell locations on the Household Member tabs.
B49: Household Member Tabs | C49: Section 1 was reformatted to include all data fields on the left hand side, and employer clarifications and notes on the right. The calculation comparison formulas were moved to the bottom of the section. Notes sections were added on the right hand side to include information on how to fill out the workbook.
C50: Seasonal Income was removed from the "Other Income" section and was moved to it's own section (Section 2). The formatting was arranged to match the overall format of Section 1, but includes the required data entry specific to seasonal income.
C51: Self-Employment was updated to "Section 3" and the formatting was updated so both the P&L and Tax Return data entry boxes are the same. The fields populate based on the answer to the first question in the section. A notes section was added to include information on how to fill out the workbook depending on the answer to the first question.
C52: Other Income was updated to "Section 4". All types of Other Income were updated to have the same formatting. Other Income - 1 was updated to match the format of Other Income - 2. Notes sections were added to include information on how to fill out each section.
C53: The discrepancy flag that appears when the two calculations in Sections 1 and 2 have a discrepancy requiring employer clarification were updated to appear when the variance between the two calculations is 7% or greater (using the Base Wages + Other as a baseline).
A54: 45369 | B54: Household Member Tabs | C54: The "Total Base Wages + Other" calculations in cells F29 & F56 were updated so the formula calculates without a YTD Start Date entered.
B55: Full Workbook | C55: The workbook was locked from structure editing so users cannot remove, rename, or move workbook tabs.
A56: 45513 | B56: Income Limits | C56: Deleted the 2021_1 Income Limits and added in the 2024 USDA Income Limits
B57: Name Manager | C57: Added 2024_1 Income Limits
B58: Household Summary | C58: Updated effective dates for 2024 Income limts (M10 and I2)
A59: 45685 | B59: Household Member Tabs | C59: Updated discrepancy message for Wage Earning and Seasonal Income to only appear for discrepancies that are greater than or equal to the higher of 7% or $3,000.
A60: 45873 | B60: Income Limits | C60: Deleted the 2021_2 Income Limits and added in the 2025 USDA Income Limits
B61: Name Manager | C61: Added 2025_1 Income Limits
B62: Household Summary | C62: Updated effective dates for 2025 Income limits
A63: 46054 | B63: Household Member Tabs | C63: Added one additional seasonal income section, and two additional self-employment sections. Updated formulas for the totals from each of these sections accordingly.
B64: Household Summary | C64: Updated the Gross Annual Income Summary formulas to point to the updated total income cells on each household member tab.
A65: 46246 | B65: Income Limits | C65: Deleted the 2022_1 Income Limits and added in the 2026 USDA Income Limits
B66: Name Manager | C66: Added 2026_1 Income Limits
B67: Household Summary | C67: Updated effective dates for 2026 Income limits

Sheet download
A1: members[0].name | B1: =Household_Summary!C14 | D1: Household Member 1
A2: members[0].relation | B2: =Household_Summary!E14 -> Head of Household
A3: members[0].dob | B3: =Household_Summary!G14 -> 0
A4: members[0].age | B4: =Household_Summary!H14
A5: members[0].income | B5: =Household_Summary!F35 -> 0
A6: members[1].name | B6: =Household_Summary!C15 -> 0 | D6: Household Member 2
A7: members[1].relation | B7: =Household_Summary!E15 -> 0
A8: members[1].dob | B8: =Household_Summary!G15 -> 0
A9: members[1].age | B9: =Household_Summary!H15
A10: members[1].income | B10: =Household_Summary!F36 -> 0
A11: members[2].name | B11: =Household_Summary!C16 -> 0 | D11: Household Member 3
A12: members[2].relation | B12: =Household_Summary!E16 -> 0
A13: members[2].dob | B13: =Household_Summary!G16 -> 0
A14: members[2].age | B14: =Household_Summary!H16
A15: members[2].income | B15: =Household_Summary!F37 -> 0
A16: members[3].name | B16: =Household_Summary!C17 -> 0 | D16: Household Member 4
A17: members[3].relation | B17: =Household_Summary!E17 -> 0
A18: members[3].dob | B18: =Household_Summary!G17 -> 0
A19: members[3].age | B19: =Household_Summary!H17
A20: members[3].income | B20: =Household_Summary!F38 -> 0
A21: members[4].name | B21: =Household_Summary!C18 -> 0 | D21: Household Member 5
A22: members[4].relation | B22: =Household_Summary!E18 -> 0
A23: members[4].dob | B23: =Household_Summary!G18 -> 0
A24: members[4].age | B24: =Household_Summary!H18
A25: members[4].income | B25: =Household_Summary!F39 -> 0
A26: members[5].name | B26: =Household_Summary!C19 -> 0 | D26: Household Member 6
A27: members[5].relation | B27: =Household_Summary!E19 -> 0
A28: members[5].dob | B28: =Household_Summary!G19 -> 0
A29: members[5].age | B29: =Household_Summary!H19
A30: members[5].income | B30: =Household_Summary!F40 -> 0
A31: members[6].name | B31: =Household_Summary!C20 -> 0 | D31: Household Member 7
A32: members[6].relation | B32: =Household_Summary!E20 -> 0
A33: members[6].dob | B33: =Household_Summary!G20 -> 0
A34: members[6].age | B34: =Household_Summary!H20
A35: members[6].income | B35: =Household_Summary!F41 -> 0
A36: members[7].name | B36: =Household_Summary!C21 -> 0 | D36: Household Member 8
A37: members[7].relation | B37: =Household_Summary!E21 -> 0
A38: members[7].dob | B38: =Household_Summary!G21 -> 0
A39: members[7].age | B39: =Household_Summary!H21
A40: members[7].income | B40: =Household_Summary!F42 -> 0
A41: members[8].name | B41: =Household_Summary!C22 -> 0 | D41: Household Member 9
A42: members[8].relation | B42: =Household_Summary!E22 -> 0
A43: members[8].dob | B43: =Household_Summary!G22 -> 0
A44: members[8].age | B44: =Household_Summary!H22
A45: members[8].income | B45: =Household_Summary!F43 -> 0
A46: members[9].name | B46: =Household_Summary!C23 -> 0 | D46: Household Member 10
A47: members[9].relation | B47: =Household_Summary!E23 -> 0
A48: members[9].dob | B48: =Household_Summary!G23 -> 0
A49: members[9].age | B49: =Household_Summary!H23
A50: members[9].income | B50: =Household_Summary!F44 -> 0
A51: members[10].name | B51: =Household_Summary!C24 -> 0 | D51: Household Member 11
A52: members[10].relation | B52: =Household_Summary!E24 -> 0
A53: members[10].dob | B53: =Household_Summary!G24 -> 0
A54: members[10].age | B54: =Household_Summary!H24
A55: members[10].income | B55: =Household_Summary!F45 -> 0
A56: members[11].name | B56: =Household_Summary!C25 -> 0 | D56: Household Member 12
A57: members[11].relation | B57: =Household_Summary!E25 -> 0
A58: members[11].dob | B58: =Household_Summary!G25 -> 0
A59: members[11].age | B59: =Household_Summary!H25
A60: members[11].income | B60: =Household_Summary!F46 -> 0
A61: members[12].name | B61: =Household_Summary!C26 -> 0 | D61: Household Member 13
A62: members[12].relation | B62: =Household_Summary!E26 -> 0
A63: members[12].dob | B63: =Household_Summary!G26 -> 0
A64: members[12].age | B64: =Household_Summary!H26
A65: members[12].income | B65: =Household_Summary!F47 -> 0
A66: members[13].name | B66: =Household_Summary!C27 -> 0 | D66: Household Member 14
A67: members[13].relation | B67: =Household_Summary!E27 -> 0
A68: members[13].dob | B68: =Household_Summary!G27 -> 0
A69: members[13].age | B69: =Household_Summary!H27
A70: members[13].income | B70: =Household_Summary!F48 -> 0
A71: members[14].name | B71: =Household_Summary!C28 -> 0 | D71: Household Member 15
A72: members[14].relation | B72: =Household_Summary!E28 -> 0
A73: members[14].dob | B73: =Household_Summary!G28 -> 0
A74: members[14].age | B74: =Household_Summary!H28
A75: members[14].income | B75: =Household_Summary!F49 -> 0
A76: householdIncome.totalIncome | B76: =Household_Income -> 0
A77: householdIncome.enrollmentDate | B77: =Program_Enrollment_Date -> 0
A78: householdIncome.householdSize | B78: =Household_Summary!E31 -> 0
A79: householdIncome.actualAMI | B79: =ROUND(Percent_AMI*100,4) -> 0
A80: householdIncome.aMIBucket | B80: =IF(Household_Summary!C11<=50%,"<= 50% AMI",IF(AND(Household_Summary!C11>50%,Household_Summary!C11<=60%),"> 50% and <= 60% AMI",IF(AND(Household_Summary!C11>60%,Household_Summary!C11<=80%),"> 60% and <= 80% AMI","> 80% AMI"))) -> <= 50% AMI | D80: Showing less than 50% AMI in the blank template because the template has $0 income)

Sheet Household_Summary
D1: Affordable Housing Program | Effective October 2026
F4: Household Summary
B5: Provide information below, and complete Sections 1 and 3.
B6: Member Institution: | L6: Effective Dates | N6: USDA Limits
F7: Program Enrollment Date: | J7: =IF(Program_Enrollment_Date<M7, "", IF(Program_Enrollment_Date<M8, L7, IF(Program_Enrollment_Date<M9, L8, IF(Program_Enrollment_Date<M10, L9, L10)))) | L7: 2023_1 | M7: 45159 | N7: 0.3 | O7: =IF(Income_Year<"2021", "", CEILING((O8/0.5)*0.3, 1)) | P7: x1 | Q7: =IF(Income_Year<"2021", "", IF(Household_Income<=O7, 0, IF(Household_Income<=O8, O7, IF(Household_Income<=O9, O8, IF(Household_Income<=O10, O9, O10)))))
B8: Homebuyer Name: | F8: =IF(C8="",""," Ensure income documentation submitted provides an accurate representation of the household's annual income.") | L8: 2024_1 | M8: 45536 | N8: 0.5 | O8: {=IF(Income_Year<"2021", "", INDEX(INDIRECT("Income_Limits_" & Income_Year), MATCH(County, County_State, 0), IF(Household_Size<=4, 1, IF(Household_Size<=8, 2, MATCH(Household_Size, HHSize_USDA, 0)))))} | P8: y1 | Q8: =IF(Income_Year<"2021", "", IF(Household_Income<=O7, 0, IF(Household_Income<=O8, 0.3, IF(Household_Income<=O9, 0.5, IF(Household_Income<=O10, 0.6, 0.7)))))
B9: State: | L9: 2025_1 | M9: 45901 | N9: 0.6 | O9: =IF(Income_Year<"2021", "", CEILING(((O11-O8)/(0.8-0.5))*(0.6-0.5) + O8, 1)) | P9: x2 | Q9: =IF(Income_Year<"2021", "", IF(Household_Income<=O7, O7, IF(Household_Income<=O8, O8, IF(Household_Income<=O9, O9, IF(Household_Income<=O10, O10, O11)))))
B10: County/MSA: | G10: {=IF(Income_Year="","",IF(AND(Income_Year<"2021", Household_Size>0), 2*INDEX(INDIRECT("Income_Limits_" & Income_Year),MATCH(County,County_State,0),Household_Size), ""))} | L10: 2026_1 | M10: 46296 | N10: 0.7 | O10: =IF(Income_Year<"2021", "", CEILING(((O11-O8)/(0.8-0.5))*(0.7-0.5) + O8, 1)) | P10: y2 | Q10: =IF(Income_Year<"2021", "", IF(Household_Income<=O7, 0.3, IF(Household_Income<=O8, 0.5, IF(Household_Income<=O9, 0.6, IF(Household_Income<=O10, 0.7, 0.8)))))
B11: Household % AMI: | C11: =IFERROR(IF(Income_Year<"2021", Household_Income/G10, ((Q10-Q8)/(Q9-Q7))*(Household_Income - Q7) + Q8),0) -> 0 | D11: =IF(AND(ROUND(Percent_AMI, 6) = 0.5, Percent_AMI>0.5), "Income is greater than 50% AMI due to extended decimal places. Please contact HCD for more information.", IF(AND(ROUND(Percent_AMI, 6) = 0.6, Percent_AMI>0.6), "Income is greater than 60% AMI due to extended decimal places. Please contact HCD for more information.", IF(AND(ROUND(Percent_AMI, 6) = 0.8, Percent_AMI>0.8), "Income is greater than 80% AMI due to extended decimal places. Household is ineligible.", IF(C11>0.8,"Income is greater than 80% of the AMI. Household is ineligible.","")))) | N11: 0.8 | O11: {=IF(Income_Year<"2021", "", INDEX(INDIRECT("Income_Limits_" & Income_Year), MATCH(County, County_State, 0), IF(Household_Size<=4, 10, IF(Household_Size<=8, 11, MATCH(Household_Size, HHSize_USDA, 0)+9))))}
B12: SECTION 1: HOUSEHOLD COMPOSITION--List ALL household members.
B13: Household Member Number | C13: Name (First and Last) | E13: Relationship to Head of Household | G13: Date of Birth | H13: Age at Program Enrollment Date | I13: Income Earner?
B14: 1 | C14: =IF(Homebuyer_Name="","",Homebuyer_Name) | E14: Head of Household | H14: =IF(Program_Enrollment_Date="","",IF(G14="","",(DATEDIF(G14,$H$7,"y")))) | J14: =AND(H14>=18,I14="no") -> FALSE
B15: 2 | H15: =IF(Program_Enrollment_Date="","",IF(G15="","",(DATEDIF(G15,$H$7,"y")))) | J15: =AND(H15>=18,I15="no") -> FALSE
B16: 3 | H16: =IF(Program_Enrollment_Date="","",IF(G16="","",(DATEDIF(G16,$H$7,"y")))) | J16: =AND(H16>=18,I16="no") -> FALSE
B17: 4 | H17: =IF(Program_Enrollment_Date="","",IF(G17="","",(DATEDIF(G17,$H$7,"y")))) | J17: =AND(H17>=18,I17="no") -> FALSE
B18: 5 | H18: =IF(Program_Enrollment_Date="","",IF(G18="","",(DATEDIF(G18,$H$7,"y")))) | J18: =AND(H18>=18,I18="no") -> FALSE
B19: 6 | H19: =IF(Program_Enrollment_Date="","",IF(G19="","",(DATEDIF(G19,$H$7,"y")))) | J19: =AND(H19>=18,I19="no") -> FALSE
B20: 7 | H20: =IF(Program_Enrollment_Date="","",IF(G20="","",(DATEDIF(G20,$H$7,"y")))) | J20: =AND(H20>=18,I20="no") -> FALSE
B21: 8 | H21: =IF(Program_Enrollment_Date="","",IF(G21="","",(DATEDIF(G21,$H$7,"y")))) | J21: =AND(H21>=18,I21="no") -> FALSE
B22: 9 | H22: =IF(Program_Enrollment_Date="","",IF(G22="","",(DATEDIF(G22,$H$7,"y")))) | J22: =AND(H22>=18,I22="no") -> FALSE
B23: 10 | H23: =IF(Program_Enrollment_Date="","",IF(G23="","",(DATEDIF(G23,$H$7,"y")))) | J23: =AND(H23>=18,I23="no") -> FALSE
B24: 11 | H24: =IF(Program_Enrollment_Date="","",IF(G24="","",(DATEDIF(G24,$H$7,"y")))) | J24: =AND(H24>=18,I24="no") -> FALSE
B25: 12 | H25: =IF(Program_Enrollment_Date="","",IF(G25="","",(DATEDIF(G25,$H$7,"y")))) | J25: =AND(H25>=18,I25="no") -> FALSE
B26: 13 | H26: =IF(Program_Enrollment_Date="","",IF(G26="","",(DATEDIF(G26,$H$7,"y")))) | J26: =AND(H26>=18,I26="no") -> FALSE
... B28: 15 | H28: =IF(Program_Enrollment_Date="","",IF(G28="","",(DATEDIF(G28,$H$7,"y")))) | J28: =AND(H28>=18,I28="no") -> FALSE
B29: =IF(J29="TRUE","Complete a Zero Income Certification for each household member age 18 and older who is not an income earner.","") | J29: =_xlfn.IFS(J14=TRUE,"True",J15=TRUE,"True",J16=TRUE,"True",J17=TRUE,"true",J18=TRUE,"True",J19=TRUE,"true",J20=TRUE,"true",J21=TRUE,"true",J22=TRUE,"true",J23=TRUE,"true",J24=TRUE,"true",J25=TRUE,"true",J26=TRUE,"True",J27=TRUE,"true",TRUE,J28=TRUE,"true",FALSE) -> FALSE
B31: Total Household Members: | E31: =IF(Homebuyer_Name="",0,COUNTA(C14:C28)) -> 0
B33: SECTION 2: GROSS ANNUAL INCOME SUMMARY | H33: SECTION 3: FRONT RATIO (DPA ONLY)
B34: Household Member Number | C34: Total Wages/Salary | D34: Total Other Income | E34: Total Self Employment or Rental Income | F34: Household Member Total Income | H34: Down Payment Assistance Projects Only. Complete information below.
B35: 1 | C35: ='Household Member #1-Income'!$E$61+'Household Member #1-Income'!$E$115 -> 0 | D35: ='Household Member #1-Income'!$E$186 -> 0 | E35: ='Household Member #1-Income'!$E$159 -> 0 | F35: =IF(SUM(C35:E35)="",0,SUM(C35:E35)) -> 0 | H35: Housing Payment information
B36: 2 | C36: ='Household Member #2-Income'!$E$61+'Household Member #2-Income'!$E$115 -> 0 | D36: ='Household Member #2-Income'!$E$186 -> 0 | E36: ='Household Member #2-Income'!$E$159 -> 0 | F36: =IF(SUM(C36:E36)="",0,SUM(C36:E36)) -> 0 | H36: Principal + Interest
B37: 3 | C37: ='Household Member #3-Income'!$E$61+'Household Member #3-Income'!$E$115 -> 0 | D37: ='Household Member #3-Income'!$E$186 -> 0 | E37: ='Household Member #3-Income'!$E$159 -> 0 | F37: =IF(SUM(C37:E37)="",0,SUM(C37:E37)) -> 0 | H37: Taxes
B38: 4 | C38: ='Household Member #4-Income'!$E$61+'Household Member #4-Income'!$E$115 -> 0 | D38: ='Household Member #4-Income'!$E$186 -> 0 | E38: ='Household Member #4-Income'!$E$159 -> 0 | F38: =IF(SUM(C38:E38)="",0,SUM(C38:E38)) -> 0 | H38: Insurance
B39: 5 | C39: ='Household Member #5-Income'!$E$61+'Household Member #5-Income'!$E$115 -> 0 | D39: ='Household Member #5-Income'!$E$186 -> 0 | E39: ='Household Member #5-Income'!$E$159 -> 0 | F39: =IF(SUM(C39:E39)="",0,SUM(C39:E39)) -> 0 | H39: Other
B40: 6 | C40: ='Household Member #6-Income'!$E$61+'Household Member #6-Income'!$E$115 -> 0 | D40: ='Household Member #6-Income'!$E$186 -> 0 | E40: ='Household Member #6-Income'!$E$159 -> 0 | F40: =IF(SUM(C40:E40)="",0,SUM(C40:E40)) -> 0 | H40: Total | I40: =SUM(I36:I39) -> 0
B41: 7 | C41: ='Household Member #7-Income'!$E$61+'Household Member #7-Income'!$E$115 -> 0 | D41: ='Household Member #7-Income'!$E$186 -> 0 | E41: ='Household Member #7-Income'!$E$159 -> 0 | F41: =IF(SUM(C41:E41)="",0,SUM(C41:E41)) -> 0
B42: 8 | C42: ='Household Member #8-Income'!$E$61+'Household Member #8-Income'!$E$115 -> 0 | D42: ='Household Member #8-Income'!$E$186 -> 0 | E42: ='Household Member #8-Income'!$E$159 -> 0 | F42: =IF(SUM(C42:E42)="",0,SUM(C42:E42)) -> 0 | H42: Monthly Income | I42: =(Household_Income/12) -> 0
B43: 9 | C43: ='Household Member #9-Income'!$E$61+'Household Member #9-Income'!$E$115 -> 0 | D43: ='Household Member #9-Income'!$E$186 -> 0 | E43: ='Household Member #9-Income'!$E$159 -> 0 | F43: =IF(SUM(C43:E43)="",0,SUM(C43:E43)) -> 0 | H43: Front Ratio | I43: =IFERROR(I40/I42,"")
B44: 10 | C44: ='Household Member #10-Income'!$E$61+'Household Member #10-Income'!$E$115 -> 0 | D44: ='Household Member #10-Income'!$E$186 -> 0 | E44: ='Household Member #10-Income'!$E$159 -> 0 | F44: =IF(SUM(C44:E44)="",0,SUM(C44:E44)) -> 0
B45: 11 | C45: ='Household Member #11-Income'!$E$61+'Household Member #11-Income'!$E$115 -> 0 | D45: ='Household Member #11-Income'!$E$186 -> 0 | E45: ='Household Member #11-Income'!$E$159 -> 0 | F45: =IF(SUM(C45:E45)="",0,SUM(C45:E45)) -> 0
B46: 12 | C46: ='Household Member #12-Income'!$E$61+'Household Member #12-Income'!$E$115 -> 0 | D46: ='Household Member #12-Income'!$E$186 -> 0 | E46: ='Household Member #12-Income'!$E$159 -> 0 | F46: =IF(SUM(C46:E46)="",0,SUM(C46:E46)) -> 0
B47: 13 | C47: ='Household Member #13-Income'!$E$61+'Household Member #13-Income'!$E$115 -> 0 | D47: ='Household Member #13-Income'!$E$186 -> 0 | E47: ='Household Member #13-Income'!$E$159 -> 0 | F47: =IF(SUM(C47:E47)="",0,SUM(C47:E47)) -> 0
B48: 14 | C48: ='Household Member #14-Income'!$E$61+'Household Member #14-Income'!$E$115 -> 0 | D48: ='Household Member #14-Income'!$E$186 -> 0 | E48: ='Household Member #14-Income'!$E$159 -> 0 | F48: =IF(SUM(C48:E48)="",0,SUM(C48:E48)) -> 0
B49: 15 | C49: ='Household Member #15-Income'!$E$61+'Household Member #15-Income'!$E$115 -> 0 | D49: ='Household Member #15-Income'!$E$186 -> 0 | E49: ='Household Member #15-Income'!$E$159 -> 0 | F49: =IF(SUM(C49:E49)="",0,SUM(C49:E49)) -> 0
B50: TOTAL ANNUAL HOUSEHOLD INCOME | F50: =SUM(F35:F49) -> 0

Sheet Household Member #1-Income
A1: Complete in accordance with the FHLBank Topeka income calculation guidelines. Attach required documentation--income from ALL sources must be accounted for.
A4: Member Institution: | B4: =IF(Household_Summary!C7="","",Household_Summary!C7)
A5: Household Member #1: | B5: =IF(Household_Summary!C14="","",Household_Summary!C14)
A6: SECTION 1: WAGE/SALARY INCOME
A7: Employer #1:
A8: Employer: | I8: Year-to-Date Earnings: YTD Start Date: Input in MM/DD/YY format. Enter the pay period start date corresponding to the first paycheck of the year (Depending on the pay schedule, this could be a date from the previous year). If the household member's hire date was after January 1, enter the hire date. Pay Period End Date: Input in MM/DD/YY format. The Pay Period End date is the last day of the pay period, not the pay date. YTD Total Income: Enter ALL YTD gross income (YTD Regular Earnings + YTD OT/Bonus/Commission/Tips + YTD Other Income). Base Wages: Fill out either the Salary Per Pay Period & Pay Frequency/Year OR the Regular Hourly Rate & Hours/Week (Do not fill out both). Hours/Week: If a range of hours is indicated, enter the high end of the range. Year-to-Date Other/Overtime/Bonus/Commission/Tips: YTD Other Income: Enter all income NOT included in "Base Wages" (i.e. overtime, bonus, commission, tips, etc.). **See the Turnkey/AHP Income Calculation Guide for additional information**
A10: Please fill out the YTD Earnings, Base Wages, AND YTD Other sections below:
A11: Year-to-Date Earnings: | E11: Employer Verbal Verifications (if needed): | M11: =IF(B18="",0,IF(B18="1 (Annual)",1,IF(B18="12 (Monthly)",12,IF(B18="24 (Semi-Monthly)",24,IF(B18="26 (Bi-weekly)",26,IF(B18="52 (Weekly)",52)))))) -> 0
A12: YTD Start Date: | E12: Employer Contact Full Name:
A13: Pay Period End Date: | E13: Employer Contact Title:
A14: YTD Total Income: | E14: Summary of Verification:
B15: =IF(B12="",0,B13-B12+1) -> 0
A16: Base Wages:
A17: Salary Per Pay Period:
A18: Pay Frequency/Year:
A19: OR
A20: Regular Hourly Rate:
A21: Hours/Week: | E21: Notes:
A22: Weeks/Year: | B22: 52
A24: Year-to-Date Other/Overtime/Bonus/Commission/Tips:
A25: YTD Other Income:
A28: CALCULATIONS
A29: YTD Income Annualized: | B29: =IF(B14="",0,B14/Daily_Calculation*365) -> 0 | E29: Total Base Wages + Other: | F29: =IF(B17="",(B20*B21*B22)+(IF(B25=0,0,B25/B15*365)),(B17*M11)+(IF(B25=0,0,B25/B15*365))) -> 0
A31: Highest Calculated Income (Employer #1): | E31: =MAX(B29,F29) -> 0 | F31: =IF(B29<F29, " Total Base Wages + Other + OT/Bonus/Comm/Tips Used to Qualify.",IF(F29<B29," YTD Earnings Used to Qualify.",""))
A32: =IF(B29=0,"",IF(F29=0,"",IF(AND(ABS((F29-B29)/F29)>=0.07, ABS(B29-F29)>=3000),"Correct income information based on Income Calculation Guidelines or provide an explanation from the employer for the discrepancy between the two calculations.","")))
A34: Employer #2:
A35: Employer: | I35: Year-to-Date Earnings: YTD Start Date: Input in MM/DD/YY format. Enter the pay period start date corresponding to the first paycheck of the year (Depending on the pay schedule, this could be a date from the previous year). If the household member's hire date was after January 1, enter the hire date. Pay Period End Date: Input in MM/DD/YY format. The Pay Period End date is the last day of the pay period, not the pay date. YTD Total Income: Enter ALL YTD gross income (YTD Regular Earnings + YTD OT/Bonus/Commission/Tips + YTD Other Income). Base Wages: Fill out either the Salary Per Pay Period & Pay Frequency/Year OR the Regular Hourly Rate & Hours/Week (Do not fill out both). Hours/Week: If a range of hours is indicated, enter the high end of the range. Year-to-Date Other/Overtime/Bonus/Commission/Tips: YTD Other Income: Enter all income NOT included in "Base Wages" (i.e. overtime, bonus, commission, tips, etc.). **See the Turnkey/AHP Income Calculation Guide for additional information**
A37: Please fill out the YTD Earnings, Base Wages, AND YTD Other sections below:
A38: Year-to-Date Earnings: | E38: Employer Verbal Verifications (if needed): | M38: =IF(B45="",0,IF(B45="1 (Annual)",1,IF(B45="12 (Monthly)",12,IF(B45="24 (Semi-Monthly)",24,IF(B45="26 (Bi-weekly)",26,IF(B45="52 (Weekly)",52)))))) -> 0
A39: YTD Start Date: | E39: Employer Contact Full Name:
A40: Pay Period End Date: | E40: Employer Contact Title:
A41: YTD Total Income: | E41: Summary of Verification:
B42: =IF(B39="",0,B40-B39+1) -> 0
A43: Base Wages:
A44: Salary Per Pay Period:
A45: Pay Frequency/Year:
A46: OR
A47: Regular Hourly Rate:
A48: Hours/Week: | E48: Notes:
A49: Weeks/Year: | B49: 52
A51: Year-to-Date Other/Overtime/Bonus/Commission/Tips:
A52: YTD Other Income:
A55: CALCULATIONS
A56: YTD Income Annualized: | B56: =IF(B41="",0,B41/Daily_Calculation2*365) -> 0 | E56: Total Base Wages + Other: | F56: =IF(B44="",(B47*B48*B49)+(IF(B52=0,0,B52/B42*365)),(B44*M38)+(IF(B52=0,0,B52/B42*365))) -> 0
A58: Highest Calculated Income (Employer #2): | E58: =MAX(B56,F56) -> 0 | F58: =IF(B56<F56, " Total Base Wages + Other + OT/Bonus/Comm/Tips Used to Qualify.",IF(F56<B56," YTD Earnings Used to Qualify.",""))
A59: =IF(B56=0,"",IF(F56=0,"",IF(AND(ABS((F56-B56)/F56)>=0.07, ABS(B56-F56)>=3000),"Correct income information based on Income Calculation Guidelines or provide an explanation from the employer for the discrepancy between the two calculations.","")))
A61: TOTAL WAGE/SALARY INCOME: | E61: =(E31+E58) -> 0
A66: SECTION 2: SEASONAL INCOME
A67: Seasonal Employer #1:
A68: Employer: | I68: If a W2 is provided: # Weeks Will Work This Year: Enter 52. Weeks Worked Year-to-Date: Enter 52. YTD Total Income: Enter the total gross amount of income earned up to the last pay period end date less income that is non-recurring, will not continue, or is paid at irregular or infrequent intervals (as verified by the employer). Leave the Base Wages and YTD Other sections blank. If a Paystub or VOE is provided: # Weeks Will Work This Year: Enter the number of weeks the employer has indicated the household member will work per year. Weeks Worked Year-to-Date: Enter the number of weeks the employer has indicated the household member has worked to date. YTD Total Income: See notes above under the W2 section. Hours/Week: If a range of hours is indicated, enter the high end of the range. YTD Other Income: Enter all income NOT included in "Base Wages" (i.e. overtime, bonus, commission, tips, etc.). **See the Turnkey/AHP Income Calculation Guide for additional information**
A69: **Seasonal Income: A job that does not require the employee to work year-round. This does not include part-time, year-round employment.**
A71: See notes to the right for information on filling out the sections below:
A72: Year-to-Date Earnings: | E72: Employer Verbal Verifications (if needed):
A73: # Weeks Will Work This Year: | E73: Employer Contact Full Name:
A74: Weeks Worked Year-to-Date: | E74: Employer Contact Title:
A75: YTD Total Income: | E75: Summary of Verification:
B76: =IF(B73="",0,B74-B73+1) -> 0
A77: Base Wages:
A78: Regular Hourly Rate:
A79: Hours/Week:
E80: Notes:
A81: Year-to-Date Other/Overtime/Bonus/Commission/Tips:
A82: YTD Other Income:
A85: CALCULATIONS
A86: YTD Income Annualized: | B86: =IF(B74="",0,B75/B74*B73) -> 0 | E86: Total Base Wages + Other: | F86: =IF(B79=0,0, (B78*B79*B73)+(B82/B74*B73)) -> 0
A88: Highest Calculated Income: | E88: =MAX(B86,F86) -> 0 | F88: =IF(B86<F86, " Total Base Wages + Other + OT/Bonus/Comm/Tips Used to Qualify.",IF(F86<B86," YTD Earnings Used to Qualify.",""))
A89: =IF(B86=0,"",IF(F86=0,"",IF(AND(ABS((F86-B86)/F86)>=0.07, ABS(B86-F86)>=3000),"Correct income information based on Income Calculation Guidelines or provide an explanation from the employer for the discrepancy between the two calculations.","")))
A91: Seasonal Employer #2:
A92: Employer: | I92: If a W2 is provided: # Weeks Will Work This Year: Enter 52. Weeks Worked Year-to-Date: Enter 52. YTD Total Income: Enter the total gross amount of income earned up to the last pay period end date less income that is non-recurring, will not continue, or is paid at irregular or infrequent intervals (as verified by the employer). Leave the Base Wages and YTD Other sections blank. If a Paystub or VOE is provided: # Weeks Will Work This Year: Enter the number of weeks the employer has indicated the household member will work per year. Weeks Worked Year-to-Date: Enter the number of weeks the employer has indicated the household member has worked to date. YTD Total Income: See notes above under the W2 section. Hours/Week: If a range of hours is indicated, enter the high end of the range. YTD Other Income: Enter all income NOT included in "Base Wages" (i.e. overtime, bonus, commission, tips, etc.). **See the Turnkey/AHP Income Calculation Guide for additional information**
A93: **Seasonal Income: A job that does not require the employee to work year-round. This does not include part-time, year-round employment.**
A95: See notes to the right for information on filling out the sections below:
A96: Year-to-Date Earnings: | E96: Employer Verbal Verifications (if needed):
A97: # Weeks Will Work This Year: | E97: Employer Contact Full Name:
A98: Weeks Worked Year-to-Date: | E98: Employer Contact Title:
A99: YTD Total Income: | E99: Summary of Verification:
B100: =IF(B97="",0,B98-B97+1) -> 0
A101: Base Wages:
A102: Regular Hourly Rate:
A103: Hours/Week:
E104: Notes:
A105: Year-to-Date Other/Overtime/Bonus/Commission/Tips:
A106: YTD Other Income:
A109: CALCULATIONS
A110: YTD Income Annualized: | B110: =IF(B98="",0,B99/B98*B97) -> 0 | E110: Total Base Wages + Other: | F110: =IF(B103=0,0, (B102*B103*B97)+(B106/B98*B97)) -> 0
A112: Highest Calculated Income: | E112: =MAX(B110,F110) -> 0 | F112: =IF(B110<F110, " Total Base Wages + Other + OT/Bonus/Comm/Tips Used to Qualify.",IF(F110<B110," YTD Earnings Used to Qualify.",""))
A113: =IF(B110=0,"",IF(F110=0,"",IF(AND(ABS((F110-B110)/F110)>=0.07, ABS(B110-F110)>=3000),"Correct income information based on Income Calculation Guidelines or provide an explanation from the employer for the discrepancy between the two calculations.","")))
A115: TOTAL SEASONAL INCOME: | E115: =E88+E112 -> 0
A120: SECTION 3: SELF-EMPLOYMENT/RENTAL INCOME
A121: Self-Employment/Rental Income #1
A122: Has a tax return been filed for the self-employment income for last year?
A123: =IF(F122="","Answer the question above to determine required information.",IF(F122="Yes","Complete Using Tax Return.",IF(F122="No", "Complete Using Profit and Loss."))) -> Answer the question above to determine required information. | I123: =IF(F122="Yes", M123, IF(F122="No", M124, "")) | M123: Self Employment Start Date: Enter the start date of self-employment represented by the tax return. If the tax return represents a full year of self-employment, enter the first day of the year. Tax Return End Date: This date should be the last day of the year. Net Income: Enter the net income indicated on the applicable tax return schedule. + Depreciation: Enter the amount of depreciation shown for the self-employment income on the tax return. **See the Turnkey/AHP Income Calculation Guide for additional information**
A124: =IF(F122="","",IF(F122="no","Profit and Loss (P & L) Information:","Tax Return Information:")) | E124: Notes: | M124: P & L Start Date: Enter the first date represented by the current year P & L. For example, if the self-employment started on 3/1/2023, the P & L should start on 3/1/2023. P & L End Date: Enter the last day included on the P & L. YTD Net Income: Enter the total net year-to-date income shown. + Depreciation: Enter the amount of depreciation expense shown on the P & L. **See the Turnkey/AHP Income Calculation Guide for additional information**
A125: =IF(F122="","",IF(F122="no","P & L Start Date:","Self Employment Start Date:"))
A126: =IF(F122="","",IF(F122="no","P & L End Date:","Tax Return End Date:"))
A127: =IF(F122="","",IF(F122="no","YTD Net Income:","Net Income:"))
A128: =IF(F122="",""," + Depreciation:")
A129: =IF(F122="","","Total:") | B129: =IF(F122="","",SUM(B127:B128))
A130: =IF(F122="","",IF(F122="no","P & L Annualized:","Net Income Annualized:")) | B130: =IF(F122="",0,IF(B127="",0,IF(B129<0,0,B129/A131*365))) -> 0
A131: =IF(B126="",0,B126-B125+1) -> 0
A134: Self-Employment/Rental Income #2
...

Sheet Household Member #2-Income
A1: Complete in accordance with the FHLBank Topeka income calculation guidelines. Attach required documentation--income from ALL sources must be accounted for.
A4: Member Institution: | B4: =IF(Household_Summary!C7="","",Household_Summary!C7)
A5: Household Member #2: | B5: =IF(Household_Summary!C15="","",Household_Summary!C15)
A6: SECTION 1: WAGE/SALARY INCOME
A7: Employer #1:
A8: Employer: | I8: Year-to-Date Earnings: YTD Start Date: Input in MM/DD/YY format. Enter the pay period start date corresponding to the first paycheck of the year (Depending on the pay schedule, this could be a date from the previous year). If the household member's hire date was after January 1, enter the hire date. Pay Period End Date: Input in MM/DD/YY format. The Pay Period End date is the last day of the pay period, not the pay date. YTD Total Income: Enter ALL YTD gross income (YTD Regular Earnings + YTD OT/Bonus/Commission/Tips + YTD Other Income). Base Wages: Fill out either the Salary Per Pay Period & Pay Frequency/Year OR the Regular Hourly Rate & Hours/Week (Do not fill out both). Hours/Week: If a range of hours is indicated, enter the high end of the range. Year-to-Date Other/Overtime/Bonus/Commission/Tips: YTD Other Income: Enter all income NOT included in "Base Wages" (i.e. overtime, bonus, commission, tips, etc.). **See the Turnkey/AHP Income Calculation Guide for additional information**
A10: Please fill out the YTD Earnings, Base Wages, AND YTD Other sections below:
A11: Year-to-Date Earnings: | E11: Employer Verbal Verifications (if needed): | M11: =IF(B18="",0,IF(B18="1 (Annual)",1,IF(B18="12 (Monthly)",12,IF(B18="24 (Semi-Monthly)",24,IF(B18="26 (Bi-weekly)",26,IF(B18="52 (Weekly)",52)))))) -> 0
A12: YTD Start Date: | E12: Employer Contact Full Name:
A13: Pay Period End Date: | E13: Employer Contact Title:
A14: YTD Total Income: | E14: Summary of Verification:
B15: =IF(B12="",0,B13-B12+1) -> 0
A16: Base Wages:
A17: Salary Per Pay Period:
A18: Pay Frequency/Year:
A19: OR
A20: Regular Hourly Rate:
A21: Hours/Week: | E21: Notes:
A22: Weeks/Year: | B22: 52
A24: Year-to-Date Other/Overtime/Bonus/Commission/Tips:
A25: YTD Other Income:
A28: CALCULATIONS
A29: YTD Income Annualized: | B29: =IF(B14="",0,B14/Daily_Calculation*365) -> 0 | E29: Total Base Wages + Other: | F29: =IF(B17="",(B20*B21*B22)+(IF(B25=0,0,B25/B15*365)),(B17*M11)+(IF(B25=0,0,B25/B15*365))) -> 0
A31: Highest Calculated Income (Employer #1): | E31: =MAX(B29,F29) -> 0 | F31: =IF(B29<F29, " Total Base Wages + Other + OT/Bonus/Comm/Tips Used to Qualify.",IF(F29<B29," YTD Earnings Used to Qualify.",""))
A32: =IF(B29=0,"",IF(F29=0,"",IF(AND(ABS((F29-B29)/F29)>=0.07, ABS(B29-F29)>=3000),"Correct income information based on Income Calculation Guidelines or provide an explanation from the employer for the discrepancy between the two calculations.","")))
A34: Employer #2:
A35: Employer: | I35: Year-to-Date Earnings: YTD Start Date: Input in MM/DD/YY format. Enter the pay period start date corresponding to the first paycheck of the year (Depending on the pay schedule, this could be a date from the previous year). If the household member's hire date was after January 1, enter the hire date. Pay Period End Date: Input in MM/DD/YY format. The Pay Period End date is the last day of the pay period, not the pay date. YTD Total Income: Enter ALL YTD gross income (YTD Regular Earnings + YTD OT/Bonus/Commission/Tips + YTD Other Income). Base Wages: Fill out either the Salary Per Pay Period & Pay Frequency/Year OR the Regular Hourly Rate & Hours/Week (Do not fill out both). Hours/Week: If a range of hours is indicated, enter the high end of the range. Year-to-Date Other/Overtime/Bonus/Commission/Tips: YTD Other Income: Enter all income NOT included in "Base Wages" (i.e. overtime, bonus, commission, tips, etc.). **See the Turnkey/AHP Income Calculation Guide for additional information**
A37: Please fill out the YTD Earnings, Base Wages, AND YTD Other sections below:
A38: Year-to-Date Earnings: | E38: Employer Verbal Verifications (if needed): | M38: =IF(B45="",0,IF(B45="1 (Annual)",1,IF(B45="12 (Monthly)",12,IF(B45="24 (Semi-Monthly)",24,IF(B45="26 (Bi-weekly)",26,IF(B45="52 (Weekly)",52)))))) -> 0
A39: YTD Start Date: | E39: Employer Contact Full Name:
A40: Pay Period End Date: | E40: Employer Contact Title:
A41: YTD Total Income: | E41: Summary of Verification:
B42: =IF(B39="",0,B40-B39+1) -> 0
A43: Base Wages:
A44: Salary Per Pay Period:
A45: Pay Frequency/Year:
A46: OR
A47: Regular Hourly Rate:
A48: Hours/Week: | E48: Notes:
A49: Weeks/Year: | B49: 52
A51: Year-to-Date Other/Overtime/Bonus/Commission/Tips:
A52: YTD Other Income:
A55: CALCULATIONS
A56: YTD Income Annualized: | B56: =IF(B41="",0,B41/Daily_Calculation2*365) -> 0 | E56: Total Base Wages + Other: | F56: =IF(B44="",(B47*B48*B49)+(IF(B52=0,0,B52/B42*365)),(B44*M38)+(IF(B52=0,0,B52/B42*365))) -> 0
A58: Highest Calculated Income (Employer #2): | E58: =MAX(B56,F56) -> 0 | F58: =IF(B56<F56, " Total Base Wages + Other + OT/Bonus/Comm/Tips Used to Qualify.",IF(F56<B56," YTD Earnings Used to Qualify.",""))
A59: =IF(B56=0,"",IF(F56=0,"",IF(AND(ABS((F56-B56)/F56)>=0.07, ABS(B56-F56)>=3000),"Correct income information based on Income Calculation Guidelines or provide an explanation from the employer for the discrepancy between the two calculations.","")))
A61: TOTAL WAGE/SALARY INCOME: | E61: =(E31+E58) -> 0
A66: SECTION 2: SEASONAL INCOME
A67: Seasonal Employer #1:
A68: Employer: | I68: If a W2 is provided: # Weeks Will Work This Year: Enter 52. Weeks Worked Year-to-Date: Enter 52. YTD Total Income: Enter the total gross amount of income earned up to the last pay period end date less income that is non-recurring, will not continue, or is paid at irregular or infrequent intervals (as verified by the employer). Leave the Base Wages and YTD Other sections blank. If a Paystub or VOE is provided: # Weeks Will Work This Year: Enter the number of weeks the employer has indicated the household member will work per year. Weeks Worked Year-to-Date: Enter the number of weeks the employer has indicated the household member has worked to date. YTD Total Income: See notes above under the W2 section. Hours/Week: If a range of hours is indicated, enter the high end of the range. YTD Other Income: Enter all income NOT included in "Base Wages" (i.e. overtime, bonus, commission, tips, etc.). **See the Turnkey/AHP Income Calculation Guide for additional information**
A69: **Seasonal Income: A job that does not require the employee to work year-round. This does not include part-time, year-round employment.**
A71: See notes to the right for information on filling out the sections below:
A72: Year-to-Date Earnings: | E72: Employer Verbal Verifications (if needed):
A73: # Weeks Will Work This Year: | E73: Employer Contact Full Name:
A74: Weeks Worked Year-to-Date: | E74: Employer Contact Title:
A75: YTD Total Income: | E75: Summary of Verification:
B76: =IF(B73="",0,B74-B73+1) -> 0
A77: Base Wages:
A78: Regular Hourly Rate:
A79: Hours/Week:
E80: Notes:
A81: Year-to-Date Other/Overtime/Bonus/Commission/Tips:
A82: YTD Other Income:
A85: CALCULATIONS
A86: YTD Income Annualized: | B86: =IF(B74="",0,B75/B74*B73) -> 0 | E86: Total Base Wages + Other: | F86: =IF(B79=0,0, (B78*B79*B73)+(B82/B74*B73)) -> 0
A88: Highest Calculated Income: | E88: =MAX(B86,F86) -> 0 | F88: =IF(B86<F86, " Total Base Wages + Other + OT/Bonus/Comm/Tips Used to Qualify.",IF(F86<B86," YTD Earnings Used to Qualify.",""))
A89: =IF(B86=0,"",IF(F86=0,"",IF(AND(ABS((F86-B86)/F86)>=0.07, ABS(B86-F86)>=3000),"Correct income information based on Income Calculation Guidelines or provide an explanation from the employer for the discrepancy between the two calculations.","")))
A91: Seasonal Employer #2:
A92: Employer: | I92: If a W2 is provided: # Weeks Will Work This Year: Enter 52. Weeks Worked Year-to-Date: Enter 52. YTD Total Income: Enter the total gross amount of income earned up to the last pay period end date less income that is non-recurring, will not continue, or is paid at irregular or infrequent intervals (as verified by the employer). Leave the Base Wages and YTD Other sections blank. If a Paystub or VOE is provided: # Weeks Will Work This Year: Enter the number of weeks the employer has indicated the household member will work per year. Weeks Worked Year-to-Date: Enter the number of weeks the employer has indicated the household member has worked to date. YTD Total Income: See notes above under the W2 section. Hours/Week: If a range of hours is indicated, enter the high end of the range. YTD Other Income: Enter all income NOT included in "Base Wages" (i.e. overtime, bonus, commission, tips, etc.). **See the Turnkey/AHP Income Calculation Guide for additional information**
A93: **Seasonal Income: A job that does not require the employee to work year-round. This does not include part-time, year-round employment.**
A95: See notes to the right for information on filling out the sections below:
A96: Year-to-Date Earnings: | E96: Employer Verbal Verifications (if needed):
A97: # Weeks Will Work This Year: | E97: Employer Contact Full Name:
A98: Weeks Worked Year-to-Date: | E98: Employer Contact Title:
A99: YTD Total Income: | E99: Summary of Verification:
B100: =IF(B97="",0,B98-B97+1) -> 0
A101: Base Wages:
A102: Regular Hourly Rate:
A103: Hours/Week:
E104: Notes:
A105: Year-to-Date Other/Overtime/Bonus/Commission/Tips:
A106: YTD Other Income:
A109: CALCULATIONS
A110: YTD Income Annualized: | B110: =IF(B98="",0,B99/B98*B97) -> 0 | E110: Total Base Wages + Other: | F110: =IF(B103=0,0, (B102*B103*B97)+(B106/B98*B97)) -> 0
A112: Highest Calculated Income: | E112: =MAX(B110,F110) -> 0 | F112: =IF(B110<F110, " Total Base Wages + Other + OT/Bonus/Comm/Tips Used to Qualify.",IF(F110<B110," YTD Earnings Used to Qualify.",""))
A113: =IF(B110=0,"",IF(F110=0,"",IF(AND(ABS((F110-B110)/F110)>=0.07, ABS(B110-F110)>=3000),"Correct income information based on Income Calculation Guidelines or provide an explanation from the employer for the discrepancy between the two calculations.","")))
A115: TOTAL SEASONAL INCOME: | E115: =E88+E112 -> 0
A120: SECTION 3: SELF-EMPLOYMENT/RENTAL INCOME
A121: Self-Employment/Rental Income #1
A122: Has a tax return been filed for the self-employment income for last year?
A123: =IF(F122="","Answer the question above to determine required information.",IF(F122="Yes","Complete Using Tax Return.",IF(F122="No", "Complete Using Profit and Loss."))) -> Answer the question above to determine required information. | I123: =IF(F122="Yes", M123, IF(F122="No", M124, "")) | M123: Self Employment Start Date: Enter the start date of self-employment represented by the tax return. If the tax return represents a full year of self-employment, enter the first day of the year. Tax Return End Date: This date should be the last day of the year. Net Income: Enter the net income indicated on the applicable tax return schedule. + Depreciation: Enter the amount of depreciation shown for the self-employment income on the tax return. **See the Turnkey/AHP Income Calculation Guide for additional information**
A124: =IF(F122="","",IF(F122="no","Profit and Loss (P & L) Information:","Tax Return Information:")) | E124: Notes: | M124: P & L Start Date: Enter the first date represented by the current year P & L. For example, if the self-employment started on 3/1/2023, the P & L should start on 3/1/2023. P & L End Date: Enter the last day included on the P & L. YTD Net Income: Enter the total net year-to-date income shown. + Depreciation: Enter the amount of depreciation expense shown on the P & L. **See the Turnkey/AHP Income Calculation Guide for additional information**
A125: =IF(F122="","",IF(F122="no","P & L Start Date:","Self Employment Start Date:"))
A126: =IF(F122="","",IF(F122="no","P & L End Date:","Tax Return End Date:"))
A127: =IF(F122="","",IF(F122="no","YTD Net Income:","Net Income:"))
A128: =IF(F122="",""," + Depreciation:")
A129: =IF(F122="","","Total:") | B129: =IF(F122="","",SUM(B127:B128))
A130: =IF(F122="","",IF(F122="no","P & L Annualized:","Net Income Annualized:")) | B130: =IF(F122="",0,IF(B127="",0,IF(B129<0,0,B129/A131*365))) -> 0
A131: =IF(B126="",0,B126-B125+1) -> 0
A134: Self-Employment/Rental Income #2
...

Sheet Household Member #3-Income
A1: Complete in accordance with the FHLBank Topeka income calculation guidelines. Attach required documentation--income from ALL sources must be accounted for.
A4: Member Institution: | B4: =IF(Household_Summary!C7="","",Household_Summary!C7)
A5: Household Member #3: | B5: =IF(Household_Summary!C16="","",Household_Summary!C16)
A6: SECTION 1: WAGE/SALARY INCOME
A7: Employer #1:
A8: Employer: | I8: Year-to-Date Earnings: YTD Start Date: Input in MM/DD/YY format. Enter the pay period start date corresponding to the first paycheck of the year (Depending on the pay schedule, this could be a date from the previous year). If the household member's hire date was after January 1, enter the hire date. Pay Period End Date: Input in MM/DD/YY format. The Pay Period End date is the last day of the pay period, not the pay date. YTD Total Income: Enter ALL YTD gross income (YTD Regular Earnings + YTD OT/Bonus/Commission/Tips + YTD Other Income). Base Wages: Fill out either the Salary Per Pay Period & Pay Frequency/Year OR the Regular Hourly Rate & Hours/Week (Do not fill out both). Hours/Week: If a range of hours is indicated, enter the high end of the range. Year-to-Date Other/Overtime/Bonus/Commission/Tips: YTD Other Income: Enter all income NOT included in "Base Wages" (i.e. overtime, bonus, commission, tips, etc.). **See the Turnkey/AHP Income Calculation Guide for additional information**
A10: Please fill out the YTD Earnings, Base Wages, AND YTD Other sections below:
A11: Year-to-Date Earnings: | E11: Employer Verbal Verifications (if needed): | M11: =IF(B18="",0,IF(B18="1 (Annual)",1,IF(B18="12 (Monthly)",12,IF(B18="24 (Semi-Monthly)",24,IF(B18="26 (Bi-weekly)",26,IF(B18="52 (Weekly)",52)))))) -> 0
A12: YTD Start Date: | E12: Employer Contact Full Name:
A13: Pay Period End Date: | E13: Employer Contact Title:
A14: YTD Total Income: | E14: Summary of Verification:
B15: =IF(B12="",0,B13-B12+1) -> 0
A16: Base Wages:
A17: Salary Per Pay Period:
A18: Pay Frequency/Year:
A19: OR
A20: Regular Hourly Rate:
A21: Hours/Week: | E21: Notes:
A22: Weeks/Year: | B22: 52
A24: Year-to-Date Other/Overtime/Bonus/Commission/Tips:
A25: YTD Other Income:
A28: CALCULATIONS
A29: YTD Income Annualized: | B29: =IF(B14="",0,B14/Daily_Calculation*365) -> 0 | E29: Total Base Wages + Other: | F29: =IF(B17="",(B20*B21*B22)+(IF(B25=0,0,B25/B15*365)),(B17*M11)+(IF(B25=0,0,B25/B15*365))) -> 0
A31: Highest Calculated Income (Employer #1): | E31: =MAX(B29,F29) -> 0 | F31: =IF(B29<F29, " Total Base Wages + Other + OT/Bonus/Comm/Tips Used to Qualify.",IF(F29<B29," YTD Earnings Used to Qualify.",""))
A32: =IF(B29=0,"",IF(F29=0,"",IF(AND(ABS((F29-B29)/F29)>=0.07, ABS(B29-F29)>=3000),"Correct income information based on Income Calculation Guidelines or provide an explanation from the employer for the discrepancy between the two calculations.","")))
A34: Employer #2:
A35: Employer: | I35: Year-to-Date Earnings: YTD Start Date: Input in MM/DD/YY format. Enter the pay period start date corresponding to the first paycheck of the year (Depending on the pay schedule, this could be a date from the previous year). If the household member's hire date was after January 1, enter the hire date. Pay Period End Date: Input in MM/DD/YY format. The Pay Period End date is the last day of the pay period, not the pay date. YTD Total Income: Enter ALL YTD gross income (YTD Regular Earnings + YTD OT/Bonus/Commission/Tips + YTD Other Income). Base Wages: Fill out either the Salary Per Pay Period & Pay Frequency/Year OR the Regular Hourly Rate & Hours/Week (Do not fill out both). Hours/Week: If a range of hours is indicated, enter the high end of the range. Year-to-Date Other/Overtime/Bonus/Commission/Tips: YTD Other Income: Enter all income NOT included in "Base Wages" (i.e. overtime, bonus, commission, tips, etc.). **See the Turnkey/AHP Income Calculation Guide for additional information**
A37: Please fill out the YTD Earnings, Base Wages, AND YTD Other sections below:
A38: Year-to-Date Earnings: | E38: Employer Verbal Verifications (if needed): | M38: =IF(B45="",0,IF(B45="1 (Annual)",1,IF(B45="12 (Monthly)",12,IF(B45="24 (Semi-Monthly)",24,IF(B45="26 (Bi-weekly)",26,IF(B45="52 (Weekly)",52)))))) -> 0
A39: YTD Start Date: | E39: Employer Contact Full Name:
A40: Pay Period End Date: | E40: Employer Contact Title:
A41: YTD Total Income: | E41: Summary of Verification:
B42: =IF(B39="",0,B40-B39+1) -> 0
A43: Base Wages:
A44: Salary Per Pay Period:
A45: Pay Frequency/Year:
A46: OR
A47: Regular Hourly Rate:
A48: Hours/Week: | E48: Notes:
A49: Weeks/Year: | B49: 52
A51: Year-to-Date Other/Overtime/Bonus/Commission/Tips:
A52: YTD Other Income:
A55: CALCULATIONS
A56: YTD Income Annualized: | B56: =IF(B41="",0,B41/Daily_Calculation2*365) -> 0 | E56: Total Base Wages + Other: | F56: =IF(B44="",(B47*B48*B49)+(IF(B52=0,0,B52/B42*365)),(B44*M38)+(IF(B52=0,0,B52/B42*365))) -> 0
A58: Highest Calculated Income (Employer #2): | E58: =MAX(B56,F56) -> 0 | F58: =IF(B56<F56, " Total Base Wages + Other + OT/Bonus/Comm/Tips Used to Qualify.",IF(F56<B56," YTD Earnings Used to Qualify.",""))
A59: =IF(B56=0,"",IF(F56=0,"",IF(AND(ABS((F56-B56)/F56)>=0.07, ABS(B56-F56)>=3000),"Correct income information based on Income Calculation Guidelines or provide an explanation from the employer for the discrepancy between the two calculations.","")))
A61: TOTAL WAGE/SALARY INCOME: | E61: =(E31+E58) -> 0
A66: SECTION 2: SEASONAL INCOME
A67: Seasonal Employer #1:
A68: Employer: | I68: If a W2 is provided: # Weeks Will Work This Year: Enter 52. Weeks Worked Year-to-Date: Enter 52. YTD Total Income: Enter the total gross amount of income earned up to the last pay period end date less income that is non-recurring, will not continue, or is paid at irregular or infrequent intervals (as verified by the employer). Leave the Base Wages and YTD Other sections blank. If a Paystub or VOE is provided: # Weeks Will Work This Year: Enter the number of weeks the employer has indicated the household member will work per year. Weeks Worked Year-to-Date: Enter the number of weeks the employer has indicated the household member has worked to date. YTD Total Income: See notes above under the W2 section. Hours/Week: If a range of hours is indicated, enter the high end of the range. YTD Other Income: Enter all income NOT included in "Base Wages" (i.e. overtime, bonus, commission, tips, etc.). **See the Turnkey/AHP Income Calculation Guide for additional information**
A69: **Seasonal Income: A job that does not require the employee to work year-round. This does not include part-time, year-round employment.**
A71: See notes to the right for information on filling out the sections below:
A72: Year-to-Date Earnings: | E72: Employer Verbal Verifications (if needed):
A73: # Weeks Will Work This Year: | E73: Employer Contact Full Name:
A74: Weeks Worked Year-to-Date: | E74: Employer Contact Title:
A75: YTD Total Income: | E75: Summary of Verification:
B76: =IF(B73="",0,B74-B73+1) -> 0
A77: Base Wages:
A78: Regular Hourly Rate:
A79: Hours/Week:
E80: Notes:
A81: Year-to-Date Other/Overtime/Bonus/Commission/Tips:
A82: YTD Other Income:
A85: CALCULATIONS
A86: YTD Income Annualized: | B86: =IF(B74="",0,B75/B74*B73) -> 0 | E86: Total Base Wages + Other: | F86: =IF(B79=0,0, (B78*B79*B73)+(B82/B74*B73)) -> 0
A88: Highest Calculated Income: | E88: =MAX(B86,F86) -> 0 | F88: =IF(B86<F86, " Total Base Wages + Other + OT/Bonus/Comm/Tips Used to Qualify.",IF(F86<B86," YTD Earnings Used to Qualify.",""))
A89: =IF(B86=0,"",IF(F86=0,"",IF(AND(ABS((F86-B86)/F86)>=0.07, ABS(B86-F86)>=3000),"Correct income information based on Income Calculation Guidelines or provide an explanation from the employer for the discrepancy between the two calculations.","")))
A91: Seasonal Employer #2:
A92: Employer: | I92: If a W2 is provided: # Weeks Will Work This Year: Enter 52. Weeks Worked Year-to-Date: Enter 52. YTD Total Income: Enter the total gross amount of income earned up to the last pay period end date less income that is non-recurring, will not continue, or is paid at irregular or infrequent intervals (as verified by the employer). Leave the Base Wages and YTD Other sections blank. If a Paystub or VOE is provided: # Weeks Will Work This Year: Enter the number of weeks the employer has indicated the household member will work per year. Weeks Worked Year-to-Date: Enter the number of weeks the employer has indicated the household member has worked to date. YTD Total Income: See notes above under the W2 section. Hours/Week: If a range of hours is indicated, enter the high end of the range. YTD Other Income: Enter all income NOT included in "Base Wages" (i.e. overtime, bonus, commission, tips, etc.). **See the Turnkey/AHP Income Calculation Guide for additional information**
A93: **Seasonal Income: A job that does not require the employee to work year-round. This does not include part-time, year-round employment.**
A95: See notes to the right for information on filling out the sections below:
A96: Year-to-Date Earnings: | E96: Employer Verbal Verifications (if needed):
A97: # Weeks Will Work This Year: | E97: Employer Contact Full Name:
A98: Weeks Worked Year-to-Date: | E98: Employer Contact Title:
A99: YTD Total Income: | E99: Summary of Verification:
B100: =IF(B97="",0,B98-B97+1) -> 0
A101: Base Wages:
A102: Regular Hourly Rate:
A103: Hours/Week:
E104: Notes:
A105: Year-to-Date Other/Overtime/Bonus/Commission/Tips:
A106: YTD Other Income:
A109: CALCULATIONS
A110: YTD Income Annualized: | B110: =IF(B98="",0,B99/B98*B97) -> 0 | E110: Total Base Wages + Other: | F110: =IF(B103=0,0, (B102*B103*B97)+(B106/B98*B97)) -> 0
A112: Highest Calculated Income: | E112: =MAX(B110,F110) -> 0 | F112: =IF(B110<F110, " Total Base Wages + Other + OT/Bonus/Comm/Tips Used to Qualify.",IF(F110<B110," YTD Earnings Used to Qualify.",""))
A113: =IF(B110=0,"",IF(F110=0,"",IF(AND(ABS((F110-B110)/F110)>=0.07, ABS(B110-F110)>=3000),"Correct income information based on Income Calculation Guidelines or provide an explanation from the employer for the discrepancy between the two calculations.","")))
A115: TOTAL SEASONAL INCOME: | E115: =E88+E112 -> 0
A120: SECTION 3: SELF-EMPLOYMENT/RENTAL INCOME
A121: Self-Employment/Rental Income #1
A122: Has a tax return been filed for the self-employment income for last year?
A123: =IF(F122="","Answer the question above to determine required information.",IF(F122="Yes","Complete Using Tax Return.",IF(F122="No", "Complete Using Profit and Loss."))) -> Answer the question above to determine required information. | I123: =IF(F122="Yes", M123, IF(F122="No", M124, "")) | M123: Self Employment Start Date: Enter the start date of self-employment represented by the tax return. If the tax return represents a full year of self-employment, enter the first day of the year. Tax Return End Date: This date should be the last day of the year. Net Income: Enter the net income indicated on the applicable tax return schedule. + Depreciation: Enter the amount of depreciation shown for the self-employment income on the tax return. **See the Turnkey/AHP Income Calculation Guide for additional information**
A124: =IF(F122="","",IF(F122="no","Profit and Loss (P & L) Information:","Tax Return Information:")) | E124: Notes: | M124: P & L Start Date: Enter the first date represented by the current year P & L. For example, if the self-employment started on 3/1/2023, the P & L should start on 3/1/2023. P & L End Date: Enter the last day included on the P & L. YTD Net Income: Enter the total net year-to-date income shown. + Depreciation: Enter the amount of depreciation expense shown on the P & L. **See the Turnkey/AHP Income Calculation Guide for additional information**
A125: =IF(F122="","",IF(F122="no","P & L Start Date:","Self Employment Start Date:"))
A126: =IF(F122="","",IF(F122="no","P & L End Date:","Tax Return End Date:"))
A127: =IF(F122="","",IF(F122="no","YTD Net Income:","Net Income:"))
A128: =IF(F122="",""," + Depreciation:")
A129: =IF(F122="","","Total:") | B129: =IF(F122="","",SUM(B127:B128))
A130: =IF(F122="","",IF(F122="no","P & L Annualized:","Net Income Annualized:")) | B130: =IF(F122="",0,IF(B127="",0,IF(B129<0,0,B129/A131*365))) -> 0
A131: =IF(B126="",0,B126-B125+1) -> 0
A134: Self-Employment/Rental Income #2
...

Sheet Household Member #4-Income
A1: Complete in accordance with the FHLBank Topeka income calculation guidelines. Attach required documentation--income from ALL sources must be accounted for.
A4: Member Institution: | B4: =IF(Household_Summary!C7="","",Household_Summary!C7)
A5: Household Member #4: | B5: =IF(Household_Summary!C17="","",Household_Summary!C17)
A6: SECTION 1: WAGE/SALARY INCOME
A7: Employer #1:
A8: Employer: | I8: Year-to-Date Earnings: YTD Start Date: Input in MM/DD/YY format. Enter the pay period start date corresponding to the first paycheck of the year (Depending on the pay schedule, this could be a date from the previous year). If the household member's hire date was after January 1, enter the hire date. Pay Period End Date: Input in MM/DD/YY format. The Pay Period End date is the last day of the pay period, not the pay date. YTD Total Income: Enter ALL YTD gross income (YTD Regular Earnings + YTD OT/Bonus/Commission/Tips + YTD Other Income). Base Wages: Fill out either the Salary Per Pay Period & Pay Frequency/Year OR the Regular Hourly Rate & Hours/Week (Do not fill out both). Hours/Week: If a range of hours is indicated, enter the high end of the range. Year-to-Date Other/Overtime/Bonus/Commission/Tips: YTD Other Income: Enter all income NOT included in "Base Wages" (i.e. overtime, bonus, commission, tips, etc.). **See the Turnkey/AHP Income Calculation Guide for additional information**
A10: Please fill out the YTD Earnings, Base Wages, AND YTD Other sections below:
A11: Year-to-Date Earnings: | E11: Employer Verbal Verifications (if needed): | M11: =IF(B18="",0,IF(B18="1 (Annual)",1,IF(B18="12 (Monthly)",12,IF(B18="24 (Semi-Monthly)",24,IF(B18="26 (Bi-weekly)",26,IF(B18="52 (Weekly)",52)))))) -> 0
A12: YTD Start Date: | E12: Employer Contact Full Name:
A13: Pay Period End Date: | E13: Employer Contact Title:
A14: YTD Total Income: | E14: Summary of Verification:
B15: =IF(B12="",0,B13-B12+1) -> 0
A16: Base Wages:
A17: Salary Per Pay Period:
A18: Pay Frequency/Year:
A19: OR
A20: Regular Hourly Rate:
A21: Hours/Week: | E21: Notes:
A22: Weeks/Year: | B22: 52
A24: Year-to-Date Other/Overtime/Bonus/Commission/Tips:
A25: YTD Other Income:
A28: CALCULATIONS
A29: YTD Income Annualized: | B29: =IF(B14="",0,B14/Daily_Calculation*365) -> 0 | E29: Total Base Wages + Other: | F29: =IF(B17="",(B20*B21*B22)+(IF(B25=0,0,B25/B15*365)),(B17*M11)+(IF(B25=0,0,B25/B15*365))) -> 0
A31: Highest Calculated Income (Employer #1): | E31: =MAX(B29,F29) -> 0 | F31: =IF(B29<F29, " Total Base Wages + Other + OT/Bonus/Comm/Tips Used to Qualify.",IF(F29<B29," YTD Earnings Used to Qualify.",""))
A32: =IF(B29=0,"",IF(F29=0,"",IF(AND(ABS((F29-B29)/F29)>=0.07, ABS(B29-F29)>=3000),"Correct income information based on Income Calculation Guidelines or provide an explanation from the employer for the discrepancy between the two calculations.","")))
A34: Employer #2:
A35: Employer: | I35: Year-to-Date Earnings: YTD Start Date: Input in MM/DD/YY format. Enter the pay period start date corresponding to the first paycheck of the year (Depending on the pay schedule, this could be a date from the previous year). If the household member's hire date was after January 1, enter the hire date. Pay Period End Date: Input in MM/DD/YY format. The Pay Period End date is the last day of the pay period, not the pay date. YTD Total Income: Enter ALL YTD gross income (YTD Regular Earnings + YTD OT/Bonus/Commission/Tips + YTD Other Income). Base Wages: Fill out either the Salary Per Pay Period & Pay Frequency/Year OR the Regular Hourly Rate & Hours/Week (Do not fill out both). Hours/Week: If a range of hours is indicated, enter the high end of the range. Year-to-Date Other/Overtime/Bonus/Commission/Tips: YTD Other Income: Enter all income NOT included in "Base Wages" (i.e. overtime, bonus, commission, tips, etc.). **See the Turnkey/AHP Income Calculation Guide for additional information**
A37: Please fill out the YTD Earnings, Base Wages, AND YTD Other sections below:
A38: Year-to-Date Earnings: | E38: Employer Verbal Verifications (if needed): | M38: =IF(B45="",0,IF(B45="1 (Annual)",1,IF(B45="12 (Monthly)",12,IF(B45="24 (Semi-Monthly)",24,IF(B45="26 (Bi-weekly)",26,IF(B45="52 (Weekly)",52)))))) -> 0
A39: YTD Start Date: | E39: Employer Contact Full Name:
A40: Pay Period End Date: | E40: Employer Contact Title:
A41: YTD Total Income: | E41: Summary of Verification:
B42: =IF(B39="",0,B40-B39+1) -> 0
A43: Base Wages:
A44: Salary Per Pay Period:
A45: Pay Frequency/Year:
A46: OR
A47: Regular Hourly Rate:
A48: Hours/Week: | E48: Notes:
A49: Weeks/Year: | B49: 52
A51: Year-to-Date Other/Overtime/Bonus/Commission/Tips:
A52: YTD Other Income:
A55: CALCULATIONS
A56: YTD Income Annualized: | B56: =IF(B41="",0,B41/Daily_Calculation2*365) -> 0 | E56: Total Base Wages + Other: | F56: =IF(B44="",(B47*B48*B49)+(IF(B52=0,0,B52/B42*365)),(B44*M38)+(IF(B52=0,0,B52/B42*365))) -> 0
A58: Highest Calculated Income (Employer #2): | E58: =MAX(B56,F56) -> 0 | F58: =IF(B56<F56, " Total Base Wages + Other + OT/Bonus/Comm/Tips Used to Qualify.",IF(F56<B56," YTD Earnings Used to Qualify.",""))
A59: =IF(B56=0,"",IF(F56=0,"",IF(AND(ABS((F56-B56)/F56)>=0.07, ABS(B56-F56)>=3000),"Correct income information based on Income Calculation Guidelines or provide an explanation from the employer for the discrepancy between the two calculations.","")))
A61: TOTAL WAGE/SALARY INCOME: | E61: =(E31+E58) -> 0
A66: SECTION 2: SEASONAL INCOME
A67: Seasonal Employer #1:
A68: Employer: | I68: If a W2 is provided: # Weeks Will Work This Year: Enter 52. Weeks Worked Year-to-Date: Enter 52. YTD Total Income: Enter the total gross amount of income earned up to the last pay period end date less income that is non-recurring, will not continue, or is paid at irregular or infrequent intervals (as verified by the employer). Leave the Base Wages and YTD Other sections blank. If a Paystub or VOE is provided: # Weeks Will Work This Year: Enter the number of weeks the employer has indicated the household member will work per year. Weeks Worked Year-to-Date: Enter the number of weeks the employer has indicated the household member has worked to date. YTD Total Income: See notes above under the W2 section. Hours/Week: If a range of hours is indicated, enter the high end of the range. YTD Other Income: Enter all income NOT included in "Base Wages" (i.e. overtime, bonus, commission, tips, etc.). **See the Turnkey/AHP Income Calculation Guide for additional information**
A69: **Seasonal Income: A job that does not require the employee to work year-round. This does not include part-time, year-round employment.**
A71: See notes to the right for information on filling out the sections below:
A72: Year-to-Date Earnings: | E72: Employer Verbal Verifications (if needed):
A73: # Weeks Will Work This Year: | E73: Employer Contact Full Name:
A74: Weeks Worked Year-to-Date: | E74: Employer Contact Title:
A75: YTD Total Income: | E75: Summary of Verification:
B76: =IF(B73="",0,B74-B73+1) -> 0
A77: Base Wages:
A78: Regular Hourly Rate:
A79: Hours/Week:
E80: Notes:
A81: Year-to-Date Other/Overtime/Bonus/Commission/Tips:
A82: YTD Other Income:
A85: CALCULATIONS
A86: YTD Income Annualized: | B86: =IF(B74="",0,B75/B74*B73) -> 0 | E86: Total Base Wages + Other: | F86: =IF(B79=0,0, (B78*B79*B73)+(B82/B74*B73)) -> 0
A88: Highest Calculated Income: | E88: =MAX(B86,F86) -> 0 | F88: =IF(B86<F86, " Total Base Wages + Other + OT/Bonus/Comm/Tips Used to Qualify.",IF(F86<B86," YTD Earnings Used to Qualify.",""))
A89: =IF(B86=0,"",IF(F86=0,"",IF(AND(ABS((F86-B86)/F86)>=0.07, ABS(B86-F86)>=3000),"Correct income information based on Income Calculation Guidelines or provide an explanation from the employer for the discrepancy between the two calculations.","")))
A91: Seasonal Employer #2:
A92: Employer: | I92: If a W2 is provided: # Weeks Will Work This Year: Enter 52. Weeks Worked Year-to-Date: Enter 52. YTD Total Income: Enter the total gross amount of income earned up to the last pay period end date less income that is non-recurring, will not continue, or is paid at irregular or infrequent intervals (as verified by the employer). Leave the Base Wages and YTD Other sections blank. If a Paystub or VOE is provided: # Weeks Will Work This Year: Enter the number of weeks the employer has indicated the household member will work per year. Weeks Worked Year-to-Date: Enter the number of weeks the employer has indicated the household member has worked to date. YTD Total Income: See notes above under the W2 section. Hours/Week: If a range of hours is indicated, enter the high end of the range. YTD Other Income: Enter all income NOT included in "Base Wages" (i.e. overtime, bonus, commission, tips, etc.). **See the Turnkey/AHP Income Calculation Guide for additional information**
A93: **Seasonal Income: A job that does not require the employee to work year-round. This does not include part-time, year-round employment.**
A95: See notes to the right for information on filling out the sections below:
A96: Year-to-Date Earnings: | E96: Employer Verbal Verifications (if needed):
A97: # Weeks Will Work This Year: | E97: Employer Contact Full Name:
A98: Weeks Worked Year-to-Date: | E98: Employer Contact Title:
A99: YTD Total Income: | E99: Summary of Verification:
B100: =IF(B97="",0,B98-B97+1) -> 0
A101: Base Wages:
A102: Regular Hourly Rate:
A103: Hours/Week:
E104: Notes:
A105: Year-to-Date Other/Overtime/Bonus/Commission/Tips:
A106: YTD Other Income:
A109: CALCULATIONS
A110: YTD Income Annualized: | B110: =IF(B98="",0,B99/B98*B97) -> 0 | E110: Total Base Wages + Other: | F110: =IF(B103=0,0, (B102*B103*B97)+(B106/B98*B97)) -> 0
A112: Highest Calculated Income: | E112: =MAX(B110,F110) -> 0 | F112: =IF(B110<F110, " Total Base Wages + Other + OT/Bonus/Comm/Tips Used to Qualify.",IF(F110<B110," YTD Earnings Used to Qualify.",""))
A113: =IF(B110=0,"",IF(F110=0,"",IF(AND(ABS((F110-B110)/F110)>=0.07, ABS(B110-F110)>=3000),"Correct income information based on Income Calculation Guidelines or provide an explanation from the employer for the discrepancy between the two calculations.","")))
A115: TOTAL SEASONAL INCOME: | E115: =E88+E112 -> 0
A120: SECTION 3: SELF-EMPLOYMENT/RENTAL INCOME
A121: Self-Employment/Rental Income #1
A122: Has a tax return been filed for the self-employment income for last year?
A123: =IF(F122="","Answer the question above to determine required information.",IF(F122="Yes","Complete Using Tax Return.",IF(F122="No", "Complete Using Profit and Loss."))) -> Answer the question above to determine required information. | I123: =IF(F122="Yes", M123, IF(F122="No", M124, "")) | M123: Self Employment Start Date: Enter the start date of self-employment represented by the tax return. If the tax return represents a full year of self-employment, enter the first day of the year. Tax Return End Date: This date should be the last day of the year. Net Income: Enter the net income indicated on the applicable tax return schedule. + Depreciation: Enter the amount of depreciation shown for the self-employment income on the tax return. **See the Turnkey/AHP Income Calculation Guide for additional information**
A124: =IF(F122="","",IF(F122="no","Profit and Loss (P & L) Information:","Tax Return Information:")) | E124: Notes: | M124: P & L Start Date: Enter the first date represented by the current year P & L. For example, if the self-employment started on 3/1/2023, the P & L should start on 3/1/2023. P & L End Date: Enter the last day included on the P & L. YTD Net Income: Enter the total net year-to-date income shown. + Depreciation: Enter the amount of depreciation expense shown on the P & L. **See the Turnkey/AHP Income Calculation Guide for additional information**
A125: =IF(F122="","",IF(F122="no","P & L Start Date:","Self Employment Start Date:"))
A126: =IF(F122="","",IF(F122="no","P & L End Date:","Tax Return End Date:"))
A127: =IF(F122="","",IF(F122="no","YTD Net Income:","Net Income:"))
A128: =IF(F122="",""," + Depreciation:")
A129: =IF(F122="","","Total:") | B129: =IF(F122="","",SUM(B127:B128))
A130: =IF(F122="","",IF(F122="no","P & L Annualized:","Net Income Annualized:")) | B130: =IF(F122="",0,IF(B127="",0,IF(B129<0,0,B129/A131*365))) -> 0
A131: =IF(B126="",0,B126-B125+1) -> 0
A134: Self-Employment/Rental Income #2
...

Sheet Household Member #5-Income
A1: Complete in accordance with the FHLBank Topeka income calculation guidelines. Attach required documentation--income from ALL sources must be accounted for.
A4: Member Institution: | B4: =IF(Household_Summary!C7="","",Household_Summary!C7)
A5: Household Member #5: | B5: =IF(Household_Summary!C18="","",Household_Summary!C18)
A6: SECTION 1: WAGE/SALARY INCOME
A7: Employer #1:
A8: Employer: | I8: Year-to-Date Earnings: YTD Start Date: Input in MM/DD/YY format. Enter the pay period start date corresponding to the first paycheck of the year (Depending on the pay schedule, this could be a date from the previous year). If the household member's hire date was after January 1, enter the hire date. Pay Period End Date: Input in MM/DD/YY format. The Pay Period End date is the last day of the pay period, not the pay date. YTD Total Income: Enter ALL YTD gross income (YTD Regular Earnings + YTD OT/Bonus/Commission/Tips + YTD Other Income). Base Wages: Fill out either the Salary Per Pay Period & Pay Frequency/Year OR the Regular Hourly Rate & Hours/Week (Do not fill out both). Hours/Week: If a range of hours is indicated, enter the high end of the range. Year-to-Date Other/Overtime/Bonus/Commission/Tips: YTD Other Income: Enter all income NOT included in "Base Wages" (i.e. overtime, bonus, commission, tips, etc.). **See the Turnkey/AHP Income Calculation Guide for additional information**
A10: Please fill out the YTD Earnings, Base Wages, AND YTD Other sections below:
A11: Year-to-Date Earnings: | E11: Employer Verbal Verifications (if needed): | M11: =IF(B18="",0,IF(B18="1 (Annual)",1,IF(B18="12 (Monthly)",12,IF(B18="24 (Semi-Monthly)",24,IF(B18="26 (Bi-weekly)",26,IF(B18="52 (Weekly)",52)))))) -> 0
A12: YTD Start Date: | E12: Employer Contact Full Name:
A13: Pay Period End Date: | E13: Employer Contact Title:
A14: YTD Total Income: | E14: Summary of Verification:
B15: =IF(B12="",0,B13-B12+1) -> 0
A16: Base Wages:
A17: Salary Per Pay Period:
A18: Pay Frequency/Year:
A19: OR
A20: Regular Hourly Rate:
A21: Hours/Week: | E21: Notes:
A22: Weeks/Year: | B22: 52
A24: Year-to-Date Other/Overtime/Bonus/Commission/Tips:
A25: YTD Other Income:
A28: CALCULATIONS
A29: YTD Income Annualized: | B29: =IF(B14="",0,B14/Daily_Calculation*365) -> 0 | E29: Total Base Wages + Other: | F29: =IF(B17="",(B20*B21*B22)+(IF(B25=0,0,B25/B15*365)),(B17*M11)+(IF(B25=0,0,B25/B15*365))) -> 0
A31: Highest Calculated Income (Employer #1): | E31: =MAX(B29,F29) -> 0 | F31: =IF(B29<F29, " Total Base Wages + Other + OT/Bonus/Comm/Tips Used to Qualify.",IF(F29<B29," YTD Earnings Used to Qualify.",""))
A32: =IF(B29=0,"",IF(F29=0,"",IF(AND(ABS((F29-B29)/F29)>=0.07, ABS(B29-F29)>=3000),"Correct income information based on Income Calculation Guidelines or provide an explanation from the employer for the discrepancy between the two calculations.","")))
A34: Employer #2:
A35: Employer: | I35: Year-to-Date Earnings: YTD Start Date: Input in MM/DD/YY format. Enter the pay period start date corresponding to the first paycheck of the year (Depending on the pay schedule, this could be a date from the previous year). If the household member's hire date was after January 1, enter the hire date. Pay Period End Date: Input in MM/DD/YY format. The Pay Period End date is the last day of the pay period, not the pay date. YTD Total Income: Enter ALL YTD gross income (YTD Regular Earnings + YTD OT/Bonus/Commission/Tips + YTD Other Income). Base Wages: Fill out either the Salary Per Pay Period & Pay Frequency/Year OR the Regular Hourly Rate & Hours/Week (Do not fill out both). Hours/Week: If a range of hours is indicated, enter the high end of the range. Year-to-Date Other/Overtime/Bonus/Commission/Tips: YTD Other Income: Enter all income NOT included in "Base Wages" (i.e. overtime, bonus, commission, tips, etc.). **See the Turnkey/AHP Income Calculation Guide for additional information**
A37: Please fill out the YTD Earnings, Base Wages, AND YTD Other sections below:
A38: Year-to-Date Earnings: | E38: Employer Verbal Verifications (if needed): | M38: =IF(B45="",0,IF(B45="1 (Annual)",1,IF(B45="12 (Monthly)",12,IF(B45="24 (Semi-Monthly)",24,IF(B45="26 (Bi-weekly)",26,IF(B45="52 (Weekly)",52)))))) -> 0
A39: YTD Start Date: | E39: Employer Contact Full Name:
A40: Pay Period End Date: | E40: Employer Contact Title:
A41: YTD Total Income: | E41: Summary of Verification:
B42: =IF(B39="",0,B40-B39+1) -> 0
A43: Base Wages:
A44: Salary Per Pay Period:
A45: Pay Frequency/Year:
A46: OR
A47: Regular Hourly Rate:
A48: Hours/Week: | E48: Notes:
A49: Weeks/Year: | B49: 52
A51: Year-to-Date Other/Overtime/Bonus/Commission/Tips:
A52: YTD Other Income:
A55: CALCULATIONS
A56: YTD Income Annualized: | B56: =IF(B41="",0,B41/Daily_Calculation2*365) -> 0 | E56: Total Base Wages + Other: | F56: =IF(B44="",(B47*B48*B49)+(IF(B52=0,0,B52/B42*365)),(B44*M38)+(IF(B52=0,0,B52/B42*365))) -> 0
A58: Highest Calculated Income (Employer #2): | E58: =MAX(B56,F56) -> 0 | F58: =IF(B56<F56, " Total Base Wages + Other + OT/Bonus/Comm/Tips Used to Qualify.",IF(F56<B56," YTD Earnings Used to Qualify.",""))
A59: =IF(B56=0,"",IF(F56=0,"",IF(AND(ABS((F56-B56)/F56)>=0.07, ABS(B56-F56)>=3000),"Correct income information based on Income Calculation Guidelines or provide an explanation from the employer for the discrepancy between the two calculations.","")))
A61: TOTAL WAGE/SALARY INCOME: | E61: =(E31+E58) -> 0
A66: SECTION 2: SEASONAL INCOME
A67: Seasonal Employer #1:
A68: Employer: | I68: If a W2 is provided: # Weeks Will Work This Year: Enter 52. Weeks Worked Year-to-Date: Enter 52. YTD Total Income: Enter the total gross amount of income earned up to the last pay period end date less income that is non-recurring, will not continue, or is paid at irregular or infrequent intervals (as verified by the employer). Leave the Base Wages and YTD Other sections blank. If a Paystub or VOE is provided: # Weeks Will Work This Year: Enter the number of weeks the employer has indicated the household member will work per year. Weeks Worked Year-to-Date: Enter the number of weeks the employer has indicated the household member has worked to date. YTD Total Income: See notes above under the W2 section. Hours/Week: If a range of hours is indicated, enter the high end of the range. YTD Other Income: Enter all income NOT included in "Base Wages" (i.e. overtime, bonus, commission, tips, etc.). **See the Turnkey/AHP Income Calculation Guide for additional information**
A69: **Seasonal Income: A job that does not require the employee to work year-round. This does not include part-time, year-round employment.**
A71: See notes to the right for information on filling out the sections below:
A72: Year-to-Date Earnings: | E72: Employer Verbal Verifications (if needed):
A73: # Weeks Will Work This Year: | E73: Employer Contact Full Name:
A74: Weeks Worked Year-to-Date: | E74: Employer Contact Title:
A75: YTD Total Income: | E75: Summary of Verification:
B76: =IF(B73="",0,B74-B73+1) -> 0
A77: Base Wages:
A78: Regular Hourly Rate:
A79: Hours/Week:
E80: Notes:
A81: Year-to-Date Other/Overtime/Bonus/Commission/Tips:
A82: YTD Other Income:
A85: CALCULATIONS
A86: YTD Income Annualized: | B86: =IF(B74="",0,B75/B74*B73) -> 0 | E86: Total Base Wages + Other: | F86: =IF(B79=0,0, (B78*B79*B73)+(B82/B74*B73)) -> 0
A88: Highest Calculated Income: | E88: =MAX(B86,F86) -> 0 | F88: =IF(B86<F86, " Total Base Wages + Other + OT/Bonus/Comm/Tips Used to Qualify.",IF(F86<B86," YTD Earnings Used to Qualify.",""))
A89: =IF(B86=0,"",IF(F86=0,"",IF(AND(ABS((F86-B86)/F86)>=0.07, ABS(B86-F86)>=3000),"Correct income information based on Income Calculation Guidelines or provide an explanation from the employer for the discrepancy between the two calculations.","")))
A91: Seasonal Employer #2:
A92: Employer: | I92: If a W2 is provided: # Weeks Will Work This Year: Enter 52. Weeks Worked Year-to-Date: Enter 52. YTD Total Income: Enter the total gross amount of income earned up to the last pay period end date less income that is non-recurring, will not continue, or is paid at irregular or infrequent intervals (as verified by the employer). Leave the Base Wages and YTD Other sections blank. If a Paystub or VOE is provided: # Weeks Will Work This Year: Enter the number of weeks the employer has indicated the household member will work per year. Weeks Worked Year-to-Date: Enter the number of weeks the employer has indicated the household member has worked to date. YTD Total Income: See notes above under the W2 section. Hours/Week: If a range of hours is indicated, enter the high end of the range. YTD Other Income: Enter all income NOT included in "Base Wages" (i.e. overtime, bonus, commission, tips, etc.). **See the Turnkey/AHP Income Calculation Guide for additional information**
A93: **Seasonal Income: A job that does not require the employee to work year-round. This does not include part-time, year-round employment.**
A95: See notes to the right for information on filling out the sections below:
A96: Year-to-Date Earnings: | E96: Employer Verbal Verifications (if needed):
A97: # Weeks Will Work This Year: | E97: Employer Contact Full Name:
A98: Weeks Worked Year-to-Date: | E98: Employer Contact Title:
A99: YTD Total Income: | E99: Summary of Verification:
B100: =IF(B97="",0,B98-B97+1) -> 0
A101: Base Wages:
A102: Regular Hourly Rate:
A103: Hours/Week:
E104: Notes:
A105: Year-to-Date Other/Overtime/Bonus/Commission/Tips:
A106: YTD Other Income:
A109: CALCULATIONS
A110: YTD Income Annualized: | B110: =IF(B98="",0,B99/B98*B97) -> 0 | E110: Total Base Wages + Other: | F110: =IF(B103=0,0, (B102*B103*B97)+(B106/B98*B97)) -> 0
A112: Highest Calculated Income: | E112: =MAX(B110,F110) -> 0 | F112: =IF(B110<F110, " Total Base Wages + Other + OT/Bonus/Comm/Tips Used to Qualify.",IF(F110<B110," YTD Earnings Used to Qualify.",""))
A113: =IF(B110=0,"",IF(F110=0,"",IF(AND(ABS((F110-B110)/F110)>=0.07, ABS(B110-F110)>=3000),"Correct income information based on Income Calculation Guidelines or provide an explanation from the employer for the discrepancy between the two calculations.","")))
A115: TOTAL SEASONAL INCOME: | E115: =E88+E112 -> 0
A120: SECTION 3: SELF-EMPLOYMENT/RENTAL INCOME
A121: Self-Employment/Rental Income #1
A122: Has a tax return been filed for the self-employment income for last year?
A123: =IF(F122="","Answer the question above to determine required information.",IF(F122="Yes","Complete Using Tax Return.",IF(F122="No", "Complete Using Profit and Loss."))) -> Answer the question above to determine required information. | I123: =IF(F122="Yes", M123, IF(F122="No", M124, "")) | M123: Self Employment Start Date: Enter the start date of self-employment represented by the tax return. If the tax return represents a full year of self-employment, enter the first day of the year. Tax Return End Date: This date should be the last day of the year. Net Income: Enter the net income indicated on the applicable tax return schedule. + Depreciation: Enter the amount of depreciation shown for the self-employment income on the tax return. **See the Turnkey/AHP Income Calculation Guide for additional information**
A124: =IF(F122="","",IF(F122="no","Profit and Loss (P & L) Information:","Tax Return Information:")) | E124: Notes: | M124: P & L Start Date: Enter the first date represented by the current year P & L. For example, if the self-employment started on 3/1/2023, the P & L should start on 3/1/2023. P & L End Date: Enter the last day included on the P & L. YTD Net Income: Enter the total net year-to-date income shown. + Depreciation: Enter the amount of depreciation expense shown on the P & L. **See the Turnkey/AHP Income Calculation Guide for additional information**
A125: =IF(F122="","",IF(F122="no","P & L Start Date:","Self Employment Start Date:"))
A126: =IF(F122="","",IF(F122="no","P & L End Date:","Tax Return End Date:"))
A127: =IF(F122="","",IF(F122="no","YTD Net Income:","Net Income:"))
A128: =IF(F122="",""," + Depreciation:")
A129: =IF(F122="","","Total:") | B129: =IF(F122="","",SUM(B127:B128))
A130: =IF(F122="","",IF(F122="no","P & L Annualized:","Net Income Annualized:")) | B130: =IF(F122="",0,IF(B127="",0,IF(B129<0,0,B129/A131*365))) -> 0
A131: =IF(B126="",0,B126-B125+1) -> 0
A134: Self-Employment/Rental Income #2
...

Sheet Household Member #6-Income
A1: Complete in accordance with the FHLBank Topeka income calculation guidelines. Attach required documentation--income from ALL sources must be accounted for.
A4: Member Institution: | B4: =IF(Household_Summary!C7="","",Household_Summary!C7)
A5: Household Member #6: | B5: =IF(Household_Summary!C19="","",Household_Summary!C19)
A6: SECTION 1: WAGE/SALARY INCOME
A7: Employer #1:
A8: Employer: | I8: Year-to-Date Earnings: YTD Start Date: Input in MM/DD/YY format. Enter the pay period start date corresponding to the first paycheck of the year (Depending on the pay schedule, this could be a date from the previous year). If the household member's hire date was after January 1, enter the hire date. Pay Period End Date: Input in MM/DD/YY format. The Pay Period End date is the last day of the pay period, not the pay date. YTD Total Income: Enter ALL YTD gross income (YTD Regular Earnings + YTD OT/Bonus/Commission/Tips + YTD Other Income). Base Wages: Fill out either the Salary Per Pay Period & Pay Frequency/Year OR the Regular Hourly Rate & Hours/Week (Do not fill out both). Hours/Week: If a range of hours is indicated, enter the high end of the range. Year-to-Date Other/Overtime/Bonus/Commission/Tips: YTD Other Income: Enter all income NOT included in "Base Wages" (i.e. overtime, bonus, commission, tips, etc.). **See the Turnkey/AHP Income Calculation Guide for additional information**
A10: Please fill out the YTD Earnings, Base Wages, AND YTD Other sections below:
A11: Year-to-Date Earnings: | E11: Employer Verbal Verifications (if needed): | M11: =IF(B18="",0,IF(B18="1 (Annual)",1,IF(B18="12 (Monthly)",12,IF(B18="24 (Semi-Monthly)",24,IF(B18="26 (Bi-weekly)",26,IF(B18="52 (Weekly)",52)))))) -> 0
A12: YTD Start Date: | E12: Employer Contact Full Name:
A13: Pay Period End Date: | E13: Employer Contact Title:
A14: YTD Total Income: | E14: Summary of Verification:
B15: =IF(B12="",0,B13-B12+1) -> 0
A16: Base Wages:
A17: Salary Per Pay Period:
A18: Pay Frequency/Year:
A19: OR
A20: Regular Hourly Rate:
A21: Hours/Week: | E21: Notes:
A22: Weeks/Year: | B22: 52
A24: Year-to-Date Other/Overtime/Bonus/Commission/Tips:
A25: YTD Other Income:
A28: CALCULATIONS
A29: YTD Income Annualized: | B29: =IF(B14="",0,B14/Daily_Calculation*365) -> 0 | E29: Total Base Wages + Other: | F29: =IF(B17="",(B20*B21*B22)+(IF(B25=0,0,B25/B15*365)),(B17*M11)+(IF(B25=0,0,B25/B15*365))) -> 0
A31: Highest Calculated Income (Employer #1): | E31: =MAX(B29,F29) -> 0 | F31: =IF(B29<F29, " Total Base Wages + Other + OT/Bonus/Comm/Tips Used to Qualify.",IF(F29<B29," YTD Earnings Used to Qualify.",""))
A32: =IF(B29=0,"",IF(F29=0,"",IF(AND(ABS((F29-B29)/F29)>=0.07, ABS(B29-F29)>=3000),"Correct income information based on Income Calculation Guidelines or provide an explanation from the employer for the discrepancy between the two calculations.","")))
A34: Employer #2:
A35: Employer: | I35: Year-to-Date Earnings: YTD Start Date: Input in MM/DD/YY format. Enter the pay period start date corresponding to the first paycheck of the year (Depending on the pay schedule, this could be a date from the previous year). If the household member's hire date was after January 1, enter the hire date. Pay Period End Date: Input in MM/DD/YY format. The Pay Period End date is the last day of the pay period, not the pay date. YTD Total Income: Enter ALL YTD gross income (YTD Regular Earnings + YTD OT/Bonus/Commission/Tips + YTD Other Income). Base Wages: Fill out either the Salary Per Pay Period & Pay Frequency/Year OR the Regular Hourly Rate & Hours/Week (Do not fill out both). Hours/Week: If a range of hours is indicated, enter the high end of the range. Year-to-Date Other/Overtime/Bonus/Commission/Tips: YTD Other Income: Enter all income NOT included in "Base Wages" (i.e. overtime, bonus, commission, tips, etc.). **See the Turnkey/AHP Income Calculation Guide for additional information**
A37: Please fill out the YTD Earnings, Base Wages, AND YTD Other sections below:
A38: Year-to-Date Earnings: | E38: Employer Verbal Verifications (if needed): | M38: =IF(B45="",0,IF(B45="1 (Annual)",1,IF(B45="12 (Monthly)",12,IF(B45="24 (Semi-Monthly)",24,IF(B45="26 (Bi-weekly)",26,IF(B45="52 (Weekly)",52)))))) -> 0
A39: YTD Start Date: | E39: Employer Contact Full Name:
A40: Pay Period End Date: | E40: Employer Contact Title:
A41: YTD Total Income: | E41: Summary of Verification:
B42: =IF(B39="",0,B40-B39+1) -> 0
A43: Base Wages:
A44: Salary Per Pay Period:
A45: Pay Frequency/Year:
A46: OR
A47: Regular Hourly Rate:
A48: Hours/Week: | E48: Notes:
A49: Weeks/Year: | B49: 52
A51: Year-to-Date Other/Overtime/Bonus/Commission/Tips:
A52: YTD Other Income:
A55: CALCULATIONS
A56: YTD Income Annualized: | B56: =IF(B41="",0,B41/Daily_Calculation2*365) -> 0 | E56: Total Base Wages + Other: | F56: =IF(B44="",(B47*B48*B49)+(IF(B52=0,0,B52/B42*365)),(B44*M38)+(IF(B52=0,0,B52/B42*365))) -> 0
A58: Highest Calculated Income (Employer #2): | E58: =MAX(B56,F56) -> 0 | F58: =IF(B56<F56, " Total Base Wages + Other + OT/Bonus/Comm/Tips Used to Qualify.",IF(F56<B56," YTD Earnings Used to Qualify.",""))
A59: =IF(B56=0,"",IF(F56=0,"",IF(AND(ABS((F56-B56)/F56)>=0.07, ABS(B56-F56)>=3000),"Correct income information based on Income Calculation Guidelines or provide an explanation from the employer for the discrepancy between the two calculations.","")))
A61: TOTAL WAGE/SALARY INCOME: | E61: =(E31+E58) -> 0
A66: SECTION 2: SEASONAL INCOME
A67: Seasonal Employer #1:
A68: Employer: | I68: If a W2 is provided: # Weeks Will Work This Year: Enter 52. Weeks Worked Year-to-Date: Enter 52. YTD Total Income: Enter the total gross amount of income earned up to the last pay period end date less income that is non-recurring, will not continue, or is paid at irregular or infrequent intervals (as verified by the employer). Leave the Base Wages and YTD Other sections blank. If a Paystub or VOE is provided: # Weeks Will Work This Year: Enter the number of weeks the employer has indicated the household member will work per year. Weeks Worked Year-to-Date: Enter the number of weeks the employer has indicated the household member has worked to date. YTD Total Income: See notes above under the W2 section. Hours/Week: If a range of hours is indicated, enter the high end of the range. YTD Other Income: Enter all income NOT included in "Base Wages" (i.e. overtime, bonus, commission, tips, etc.). **See the Turnkey/AHP Income Calculation Guide for additional information**
A69: **Seasonal Income: A job that does not require the employee to work year-round. This does not include part-time, year-round employment.**
A71: See notes to the right for information on filling out the sections below:
A72: Year-to-Date Earnings: | E72: Employer Verbal Verifications (if needed):
A73: # Weeks Will Work This Year: | E73: Employer Contact Full Name:
A74: Weeks Worked Year-to-Date: | E74: Employer Contact Title:
A75: YTD Total Income: | E75: Summary of Verification:
B76: =IF(B73="",0,B74-B73+1) -> 0
A77: Base Wages:
A78: Regular Hourly Rate:
A79: Hours/Week:
E80: Notes:
A81: Year-to-Date Other/Overtime/Bonus/Commission/Tips:
A82: YTD Other Income:
A85: CALCULATIONS
A86: YTD Income Annualized: | B86: =IF(B74="",0,B75/B74*B73) -> 0 | E86: Total Base Wages + Other: | F86: =IF(B79=0,0, (B78*B79*B73)+(B82/B74*B73)) -> 0
A88: Highest Calculated Income: | E88: =MAX(B86,F86) -> 0 | F88: =IF(B86<F86, " Total Base Wages + Other + OT/Bonus/Comm/Tips Used to Qualify.",IF(F86<B86," YTD Earnings Used to Qualify.",""))
A89: =IF(B86=0,"",IF(F86=0,"",IF(AND(ABS((F86-B86)/F86)>=0.07, ABS(B86-F86)>=3000),"Correct income information based on Income Calculation Guidelines or provide an explanation from the employer for the discrepancy between the two calculations.","")))
A91: Seasonal Employer #2:
A92: Employer: | I92: If a W2 is provided: # Weeks Will Work This Year: Enter 52. Weeks Worked Year-to-Date: Enter 52. YTD Total Income: Enter the total gross amount of income earned up to the last pay period end date less income that is non-recurring, will not continue, or is paid at irregular or infrequent intervals (as verified by the employer). Leave the Base Wages and YTD Other sections blank. If a Paystub or VOE is provided: # Weeks Will Work This Year: Enter the number of weeks the employer has indicated the household member will work per year. Weeks Worked Year-to-Date: Enter the number of weeks the employer has indicated the household member has worked to date. YTD Total Income: See notes above under the W2 section. Hours/Week: If a range of hours is indicated, enter the high end of the range. YTD Other Income: Enter all income NOT included in "Base Wages" (i.e. overtime, bonus, commission, tips, etc.). **See the Turnkey/AHP Income Calculation Guide for additional information**
A93: **Seasonal Income: A job that does not require the employee to work year-round. This does not include part-time, year-round employment.**
A95: See notes to the right for information on filling out the sections below:
A96: Year-to-Date Earnings: | E96: Employer Verbal Verifications (if needed):
A97: # Weeks Will Work This Year: | E97: Employer Contact Full Name:
A98: Weeks Worked Year-to-Date: | E98: Employer Contact Title:
A99: YTD Total Income: | E99: Summary of Verification:
B100: =IF(B97="",0,B98-B97+1) -> 0
A101: Base Wages:
A102: Regular Hourly Rate:
A103: Hours/Week:
E104: Notes:
A105: Year-to-Date Other/Overtime/Bonus/Commission/Tips:
A106: YTD Other Income:
A109: CALCULATIONS
A110: YTD Income Annualized: | B110: =IF(B98="",0,B99/B98*B97) -> 0 | E110: Total Base Wages + Other: | F110: =IF(B103=0,0, (B102*B103*B97)+(B106/B98*B97)) -> 0
A112: Highest Calculated Income: | E112: =MAX(B110,F110) -> 0 | F112: =IF(B110<F110, " Total Base Wages + Other + OT/Bonus/Comm/Tips Used to Qualify.",IF(F110<B110," YTD Earnings Used to Qualify.",""))
A113: =IF(B110=0,"",IF(F110=0,"",IF(AND(ABS((F110-B110)/F110)>=0.07, ABS(B110-F110)>=3000),"Correct income information based on Income Calculation Guidelines or provide an explanation from the employer for the discrepancy between the two calculations.","")))
A115: TOTAL SEASONAL INCOME: | E115: =E88+E112 -> 0
A120: SECTION 3: SELF-EMPLOYMENT/RENTAL INCOME
A121: Self-Employment/Rental Income #1
A122: Has a tax return been filed for the self-employment income for last year?
A123: =IF(F122="","Answer the question above to determine required information.",IF(F122="Yes","Complete Using Tax Return.",IF(F122="No", "Complete Using Profit and Loss."))) -> Answer the question above to determine required information. | I123: =IF(F122="Yes", M123, IF(F122="No", M124, "")) | M123: Self Employment Start Date: Enter the start date of self-employment represented by the tax return. If the tax return represents a full year of self-employment, enter the first day of the year. Tax Return End Date: This date should be the last day of the year. Net Income: Enter the net income indicated on the applicable tax return schedule. + Depreciation: Enter the amount of depreciation shown for the self-employment income on the tax return. **See the Turnkey/AHP Income Calculation Guide for additional information**
A124: =IF(F122="","",IF(F122="no","Profit and Loss (P & L) Information:","Tax Return Information:")) | E124: Notes: | M124: P & L Start Date: Enter the first date represented by the current year P & L. For example, if the self-employment started on 3/1/2023, the P & L should start on 3/1/2023. P & L End Date: Enter the last day included on the P & L. YTD Net Income: Enter the total net year-to-date income shown. + Depreciation: Enter the amount of depreciation expense shown on the P & L. **See the Turnkey/AHP Income Calculation Guide for additional information**
A125: =IF(F122="","",IF(F122="no","P & L Start Date:","Self Employment Start Date:"))
A126: =IF(F122="","",IF(F122="no","P & L End Date:","Tax Return End Date:"))
A127: =IF(F122="","",IF(F122="no","YTD Net Income:","Net Income:"))
A128: =IF(F122="",""," + Depreciation:")
A129: =IF(F122="","","Total:") | B129: =IF(F122="","",SUM(B127:B128))
A130: =IF(F122="","",IF(F122="no","P & L Annualized:","Net Income Annualized:")) | B130: =IF(F122="",0,IF(B127="",0,IF(B129<0,0,B129/A131*365))) -> 0
A131: =IF(B126="",0,B126-B125+1) -> 0
A134: Self-Employment/Rental Income #2
...

Sheet Household Member #7-Income
A1: Complete in accordance with the FHLBank Topeka income calculation guidelines. Attach required documentation--income from ALL sources must be accounted for.
A4: Member Institution: | B4: =IF(Household_Summary!C7="","",Household_Summary!C7)
A5: Household Member #7: | B5: =IF(Household_Summary!C20="","",Household_Summary!C20)
A6: SECTION 1: WAGE/SALARY INCOME
A7: Employer #1:
A8: Employer: | I8: Year-to-Date Earnings: YTD Start Date: Input in MM/DD/YY format. Enter the pay period start date corresponding to the first paycheck of the year (Depending on the pay schedule, this could be a date from the previous year). If the household member's hire date was after January 1, enter the hire date. Pay Period End Date: Input in MM/DD/YY format. The Pay Period End date is the last day of the pay period, not the pay date. YTD Total Income: Enter ALL YTD gross income (YTD Regular Earnings + YTD OT/Bonus/Commission/Tips + YTD Other Income). Base Wages: Fill out either the Salary Per Pay Period & Pay Frequency/Year OR the Regular Hourly Rate & Hours/Week (Do not fill out both). Hours/Week: If a range of hours is indicated, enter the high end of the range. Year-to-Date Other/Overtime/Bonus/Commission/Tips: YTD Other Income: Enter all income NOT included in "Base Wages" (i.e. overtime, bonus, commission, tips, etc.). **See the Turnkey/AHP Income Calculation Guide for additional information**
A10: Please fill out the YTD Earnings, Base Wages, AND YTD Other sections below:
A11: Year-to-Date Earnings: | E11: Employer Verbal Verifications (if needed): | M11: =IF(B18="",0,IF(B18="1 (Annual)",1,IF(B18="12 (Monthly)",12,IF(B18="24 (Semi-Monthly)",24,IF(B18="26 (Bi-weekly)",26,IF(B18="52 (Weekly)",52)))))) -> 0
A12: YTD Start Date: | E12: Employer Contact Full Name:
A13: Pay Period End Date: | E13: Employer Contact Title:
A14: YTD Total Income: | E14: Summary of Verification:
B15: =IF(B12="",0,B13-B12+1) -> 0
A16: Base Wages:
A17: Salary Per Pay Period:
A18: Pay Frequency/Year:
A19: OR
A20: Regular Hourly Rate:
A21: Hours/Week: | E21: Notes:
A22: Weeks/Year: | B22: 52
A24: Year-to-Date Other/Overtime/Bonus/Commission/Tips:
A25: YTD Other Income:
A28: CALCULATIONS
A29: YTD Income Annualized: | B29: =IF(B14="",0,B14/Daily_Calculation*365) -> 0 | E29: Total Base Wages + Other: | F29: =IF(B17="",(B20*B21*B22)+(IF(B25=0,0,B25/B15*365)),(B17*M11)+(IF(B25=0,0,B25/B15*365))) -> 0
A31: Highest Calculated Income (Employer #1): | E31: =MAX(B29,F29) -> 0 | F31: =IF(B29<F29, " Total Base Wages + Other + OT/Bonus/Comm/Tips Used to Qualify.",IF(F29<B29," YTD Earnings Used to Qualify.",""))
A32: =IF(B29=0,"",IF(F29=0,"",IF(AND(ABS((F29-B29)/F29)>=0.07, ABS(B29-F29)>=3000),"Correct income information based on Income Calculation Guidelines or provide an explanation from the employer for the discrepancy between the two calculations.","")))
A34: Employer #2:
A35: Employer: | I35: Year-to-Date Earnings: YTD Start Date: Input in MM/DD/YY format. Enter the pay period start date corresponding to the first paycheck of the year (Depending on the pay schedule, this could be a date from the previous year). If the household member's hire date was after January 1, enter the hire date. Pay Period End Date: Input in MM/DD/YY format. The Pay Period End date is the last day of the pay period, not the pay date. YTD Total Income: Enter ALL YTD gross income (YTD Regular Earnings + YTD OT/Bonus/Commission/Tips + YTD Other Income). Base Wages: Fill out either the Salary Per Pay Period & Pay Frequency/Year OR the Regular Hourly Rate & Hours/Week (Do not fill out both). Hours/Week: If a range of hours is indicated, enter the high end of the range. Year-to-Date Other/Overtime/Bonus/Commission/Tips: YTD Other Income: Enter all income NOT included in "Base Wages" (i.e. overtime, bonus, commission, tips, etc.). **See the Turnkey/AHP Income Calculation Guide for additional information**
A37: Please fill out the YTD Earnings, Base Wages, AND YTD Other sections below:
A38: Year-to-Date Earnings: | E38: Employer Verbal Verifications (if needed): | M38: =IF(B45="",0,IF(B45="1 (Annual)",1,IF(B45="12 (Monthly)",12,IF(B45="24 (Semi-Monthly)",24,IF(B45="26 (Bi-weekly)",26,IF(B45="52 (Weekly)",52)))))) -> 0
A39: YTD Start Date: | E39: Employer Contact Full Name:
A40: Pay Period End Date: | E40: Employer Contact Title:
A41: YTD Total Income: | E41: Summary of Verification:
B42: =IF(B39="",0,B40-B39+1) -> 0
A43: Base Wages:
A44: Salary Per Pay Period:
A45: Pay Frequency/Year:
A46: OR
A47: Regular Hourly Rate:
A48: Hours/Week: | E48: Notes:
A49: Weeks/Year: | B49: 52
A51: Year-to-Date Other/Overtime/Bonus/Commission/Tips:
A52: YTD Other Income:
A55: CALCULATIONS
A56: YTD Income Annualized: | B56: =IF(B41="",0,B41/Daily_Calculation2*365) -> 0 | E56: Total Base Wages + Other: | F56: =IF(B44="",(B47*B48*B49)+(IF(B52=0,0,B52/B42*365)),(B44*M38)+(IF(B52=0,0,B52/B42*365))) -> 0
A58: Highest Calculated Income (Employer #2): | E58: =MAX(B56,F56) -> 0 | F58: =IF(B56<F56, " Total Base Wages + Other + OT/Bonus/Comm/Tips Used to Qualify.",IF(F56<B56," YTD Earnings Used to Qualify.",""))
A59: =IF(B56=0,"",IF(F56=0,"",IF(AND(ABS((F56-B56)/F56)>=0.07, ABS(B56-F56)>=3000),"Correct income information based on Income Calculation Guidelines or provide an explanation from the employer for the discrepancy between the two calculations.","")))
A61: TOTAL WAGE/SALARY INCOME: | E61: =(E31+E58) -> 0
A66: SECTION 2: SEASONAL INCOME
A67: Seasonal Employer #1:
A68: Employer: | I68: If a W2 is provided: # Weeks Will Work This Year: Enter 52. Weeks Worked Year-to-Date: Enter 52. YTD Total Income: Enter the total gross amount of income earned up to the last pay period end date less income that is non-recurring, will not continue, or is paid at irregular or infrequent intervals (as verified by the employer). Leave the Base Wages and YTD Other sections blank. If a Paystub or VOE is provided: # Weeks Will Work This Year: Enter the number of weeks the employer has indicated the household member will work per year. Weeks Worked Year-to-Date: Enter the number of weeks the employer has indicated the household member has worked to date. YTD Total Income: See notes above under the W2 section. Hours/Week: If a range of hours is indicated, enter the high end of the range. YTD Other Income: Enter all income NOT included in "Base Wages" (i.e. overtime, bonus, commission, tips, etc.). **See the Turnkey/AHP Income Calculation Guide for additional information**
A69: **Seasonal Income: A job that does not require the employee to work year-round. This does not include part-time, year-round employment.**
A71: See notes to the right for information on filling out the sections below:
A72: Year-to-Date Earnings: | E72: Employer Verbal Verifications (if needed):
A73: # Weeks Will Work This Year: | E73: Employer Contact Full Name:
A74: Weeks Worked Year-to-Date: | E74: Employer Contact Title:
A75: YTD Total Income: | E75: Summary of Verification:
B76: =IF(B73="",0,B74-B73+1) -> 0
A77: Base Wages:
A78: Regular Hourly Rate:
A79: Hours/Week:
E80: Notes:
A81: Year-to-Date Other/Overtime/Bonus/Commission/Tips:
A82: YTD Other Income:
A85: CALCULATIONS
A86: YTD Income Annualized: | B86: =IF(B74="",0,B75/B74*B73) -> 0 | E86: Total Base Wages + Other: | F86: =IF(B79=0,0, (B78*B79*B73)+(B82/B74*B73)) -> 0
A88: Highest Calculated Income: | E88: =MAX(B86,F86) -> 0 | F88: =IF(B86<F86, " Total Base Wages + Other + OT/Bonus/Comm/Tips Used to Qualify.",IF(F86<B86," YTD Earnings Used to Qualify.",""))
A89: =IF(B86=0,"",IF(F86=0,"",IF(AND(ABS((F86-B86)/F86)>=0.07, ABS(B86-F86)>=3000),"Correct income information based on Income Calculation Guidelines or provide an explanation from the employer for the discrepancy between the two calculations.","")))
A91: Seasonal Employer #2:
A92: Employer: | I92: If a W2 is provided: # Weeks Will Work This Year: Enter 52. Weeks Worked Year-to-Date: Enter 52. YTD Total Income: Enter the total gross amount of income earned up to the last pay period end date less income that is non-recurring, will not continue, or is paid at irregular or infrequent intervals (as verified by the employer). Leave the Base Wages and YTD Other sections blank. If a Paystub or VOE is provided: # Weeks Will Work This Year: Enter the number of weeks the employer has indicated the household member will work per year. Weeks Worked Year-to-Date: Enter the number of weeks the employer has indicated the household member has worked to date. YTD Total Income: See notes above under the W2 section. Hours/Week: If a range of hours is indicated, enter the high end of the range. YTD Other Income: Enter all income NOT included in "Base Wages" (i.e. overtime, bonus, commission, tips, etc.). **See the Turnkey/AHP Income Calculation Guide for additional information**
A93: **Seasonal Income: A job that does not require the employee to work year-round. This does not include part-time, year-round employment.**
A95: See notes to the right for information on filling out the sections below:
A96: Year-to-Date Earnings: | E96: Employer Verbal Verifications (if needed):
A97: # Weeks Will Work This Year: | E97: Employer Contact Full Name:
A98: Weeks Worked Year-to-Date: | E98: Employer Contact Title:
A99: YTD Total Income: | E99: Summary of Verification:
B100: =IF(B97="",0,B98-B97+1) -> 0
A101: Base Wages:
A102: Regular Hourly Rate:
A103: Hours/Week:
E104: Notes:
A105: Year-to-Date Other/Overtime/Bonus/Commission/Tips:
A106: YTD Other Income:
A109: CALCULATIONS
A110: YTD Income Annualized: | B110: =IF(B98="",0,B99/B98*B97) -> 0 | E110: Total Base Wages + Other: | F110: =IF(B103=0,0, (B102*B103*B97)+(B106/B98*B97)) -> 0
A112: Highest Calculated Income: | E112: =MAX(B110,F110) -> 0 | F112: =IF(B110<F110, " Total Base Wages + Other + OT/Bonus/Comm/Tips Used to Qualify.",IF(F110<B110," YTD Earnings Used to Qualify.",""))
A113: =IF(B110=0,"",IF(F110=0,"",IF(AND(ABS((F110-B110)/F110)>=0.07, ABS(B110-F110)>=3000),"Correct income information based on Income Calculation Guidelines or provide an explanation from the employer for the discrepancy between the two calculations.","")))
A115: TOTAL SEASONAL INCOME: | E115: =E88+E112 -> 0
A120: SECTION 3: SELF-EMPLOYMENT/RENTAL INCOME
A121: Self-Employment/Rental Income #1
A122: Has a tax return been filed for the self-employment income for last year?
A123: =IF(F122="","Answer the question above to determine required information.",IF(F122="Yes","Complete Using Tax Return.",IF(F122="No", "Complete Using Profit and Loss."))) -> Answer the question above to determine required information. | I123: =IF(F122="Yes", M123, IF(F122="No", M124, "")) | M123: Self Employment Start Date: Enter the start date of self-employment represented by the tax return. If the tax return represents a full year of self-employment, enter the first day of the year. Tax Return End Date: This date should be the last day of the year. Net Income: Enter the net income indicated on the applicable tax return schedule. + Depreciation: Enter the amount of depreciation shown for the self-employment income on the tax return. **See the Turnkey/AHP Income Calculation Guide for additional information**
A124: =IF(F122="","",IF(F122="no","Profit and Loss (P & L) Information:","Tax Return Information:")) | E124: Notes: | M124: P & L Start Date: Enter the first date represented by the current year P & L. For example, if the self-employment started on 3/1/2023, the P & L should start on 3/1/2023. P & L End Date: Enter the last day included on the P & L. YTD Net Income: Enter the total net year-to-date income shown. + Depreciation: Enter the amount of depreciation expense shown on the P & L. **See the Turnkey/AHP Income Calculation Guide for additional information**
A125: =IF(F122="","",IF(F122="no","P & L Start Date:","Self Employment Start Date:"))
A126: =IF(F122="","",IF(F122="no","P & L End Date:","Tax Return End Date:"))
A127: =IF(F122="","",IF(F122="no","YTD Net Income:","Net Income:"))
A128: =IF(F122="",""," + Depreciation:")
A129: =IF(F122="","","Total:") | B129: =IF(F122="","",SUM(B127:B128))
A130: =IF(F122="","",IF(F122="no","P & L Annualized:","Net Income Annualized:")) | B130: =IF(F122="",0,IF(B127="",0,IF(B129<0,0,B129/A131*365))) -> 0
A131: =IF(B126="",0,B126-B125+1) -> 0
A134: Self-Employment/Rental Income #2
...

Sheet Household Member #8-Income
A1: Complete in accordance with the FHLBank Topeka income calculation guidelines. Attach required documentation--income from ALL sources must be accounted for.
A4: Member Institution: | B4: =IF(Household_Summary!C7="","",Household_Summary!C7)
A5: Household Member #8: | B5: =IF(Household_Summary!C21="","",Household_Summary!C21)
A6: SECTION 1: WAGE/SALARY INCOME
A7: Employer #1:
A8: Employer: | I8: Year-to-Date Earnings: YTD Start Date: Input in MM/DD/YY format. Enter the pay period start date corresponding to the first paycheck of the year (Depending on the pay schedule, this could be a date from the previous year). If the household member's hire date was after January 1, enter the hire date. Pay Period End Date: Input in MM/DD/YY format. The Pay Period End date is the last day of the pay period, not the pay date. YTD Total Income: Enter ALL YTD gross income (YTD Regular Earnings + YTD OT/Bonus/Commission/Tips + YTD Other Income). Base Wages: Fill out either the Salary Per Pay Period & Pay Frequency/Year OR the Regular Hourly Rate & Hours/Week (Do not fill out both). Hours/Week: If a range of hours is indicated, enter the high end of the range. Year-to-Date Other/Overtime/Bonus/Commission/Tips: YTD Other Income: Enter all income NOT included in "Base Wages" (i.e. overtime, bonus, commission, tips, etc.). **See the Turnkey/AHP Income Calculation Guide for additional information**
A10: Please fill out the YTD Earnings, Base Wages, AND YTD Other sections below:
A11: Year-to-Date Earnings: | E11: Employer Verbal Verifications (if needed): | M11: =IF(B18="",0,IF(B18="1 (Annual)",1,IF(B18="12 (Monthly)",12,IF(B18="24 (Semi-Monthly)",24,IF(B18="26 (Bi-weekly)",26,IF(B18="52 (Weekly)",52)))))) -> 0
A12: YTD Start Date: | E12: Employer Contact Full Name:
A13: Pay Period End Date: | E13: Employer Contact Title:
A14: YTD Total Income: | E14: Summary of Verification:
B15: =IF(B12="",0,B13-B12+1) -> 0
A16: Base Wages:
A17: Salary Per Pay Period:
A18: Pay Frequency/Year:
A19: OR
A20: Regular Hourly Rate:
A21: Hours/Week: | E21: Notes:
A22: Weeks/Year: | B22: 52
A24: Year-to-Date Other/Overtime/Bonus/Commission/Tips:
A25: YTD Other Income:
A28: CALCULATIONS
A29: YTD Income Annualized: | B29: =IF(B14="",0,B14/Daily_Calculation*365) -> 0 | E29: Total Base Wages + Other: | F29: =IF(B17="",(B20*B21*B22)+(IF(B25=0,0,B25/B15*365)),(B17*M11)+(IF(B25=0,0,B25/B15*365))) -> 0
A31: Highest Calculated Income (Employer #1): | E31: =MAX(B29,F29) -> 0 | F31: =IF(B29<F29, " Total Base Wages + Other + OT/Bonus/Comm/Tips Used to Qualify.",IF(F29<B29," YTD Earnings Used to Qualify.",""))
A32: =IF(B29=0,"",IF(F29=0,"",IF(AND(ABS((F29-B29)/F29)>=0.07, ABS(B29-F29)>=3000),"Correct income information based on Income Calculation Guidelines or provide an explanation from the employer for the discrepancy between the two calculations.","")))
A34: Employer #2:
A35: Employer: | I35: Year-to-Date Earnings: YTD Start Date: Input in MM/DD/YY format. Enter the pay period start date corresponding to the first paycheck of the year (Depending on the pay schedule, this could be a date from the previous year). If the household member's hire date was after January 1, enter the hire date. Pay Period End Date: Input in MM/DD/YY format. The Pay Period End date is the last day of the pay period, not the pay date. YTD Total Income: Enter ALL YTD gross income (YTD Regular Earnings + YTD OT/Bonus/Commission/Tips + YTD Other Income). Base Wages: Fill out either the Salary Per Pay Period & Pay Frequency/Year OR the Regular Hourly Rate & Hours/Week (Do not fill out both). Hours/Week: If a range of hours is indicated, enter the high end of the range. Year-to-Date Other/Overtime/Bonus/Commission/Tips: YTD Other Income: Enter all income NOT included in "Base Wages" (i.e. overtime, bonus, commission, tips, etc.). **See the Turnkey/AHP Income Calculation Guide for additional information**
A37: Please fill out the YTD Earnings, Base Wages, AND YTD Other sections below:
A38: Year-to-Date Earnings: | E38: Employer Verbal Verifications (if needed): | M38: =IF(B45="",0,IF(B45="1 (Annual)",1,IF(B45="12 (Monthly)",12,IF(B45="24 (Semi-Monthly)",24,IF(B45="26 (Bi-weekly)",26,IF(B45="52 (Weekly)",52)))))) -> 0
A39: YTD Start Date: | E39: Employer Contact Full Name:
A40: Pay Period End Date: | E40: Employer Contact Title:
A41: YTD Total Income: | E41: Summary of Verification:
B42: =IF(B39="",0,B40-B39+1) -> 0
A43: Base Wages:
A44: Salary Per Pay Period:
A45: Pay Frequency/Year:
A46: OR
A47: Regular Hourly Rate:
A48: Hours/Week: | E48: Notes:
A49: Weeks/Year: | B49: 52
A51: Year-to-Date Other/Overtime/Bonus/Commission/Tips:
A52: YTD Other Income:
A55: CALCULATIONS
A56: YTD Income Annualized: | B56: =IF(B41="",0,B41/Daily_Calculation2*365) -> 0 | E56: Total Base Wages + Other: | F56: =IF(B44="",(B47*B48*B49)+(IF(B52=0,0,B52/B42*365)),(B44*M38)+(IF(B52=0,0,B52/B42*365))) -> 0
A58: Highest Calculated Income (Employer #2): | E58: =MAX(B56,F56) -> 0 | F58: =IF(B56<F56, " Total Base Wages + Other + OT/Bonus/Comm/Tips Used to Qualify.",IF(F56<B56," YTD Earnings Used to Qualify.",""))
A59: =IF(B56=0,"",IF(F56=0,"",IF(AND(ABS((F56-B56)/F56)>=0.07, ABS(B56-F56)>=3000),"Correct income information based on Income Calculation Guidelines or provide an explanation from the employer for the discrepancy between the two calculations.","")))
A61: TOTAL WAGE/SALARY INCOME: | E61: =(E31+E58) -> 0
A66: SECTION 2: SEASONAL INCOME
A67: Seasonal Employer #1:
A68: Employer: | I68: If a W2 is provided: # Weeks Will Work This Year: Enter 52. Weeks Worked Year-to-Date: Enter 52. YTD Total Income: Enter the total gross amount of income earned up to the last pay period end date less income that is non-recurring, will not continue, or is paid at irregular or infrequent intervals (as verified by the employer). Leave the Base Wages and YTD Other sections blank. If a Paystub or VOE is provided: # Weeks Will Work This Year: Enter the number of weeks the employer has indicated the household member will work per year. Weeks Worked Year-to-Date: Enter the number of weeks the employer has indicated the household member has worked to date. YTD Total Income: See notes above under the W2 section. Hours/Week: If a range of hours is indicated, enter the high end of the range. YTD Other Income: Enter all income NOT included in "Base Wages" (i.e. overtime, bonus, commission, tips, etc.). **See the Turnkey/AHP Income Calculation Guide for additional information**
A69: **Seasonal Income: A job that does not require the employee to work year-round. This does not include part-time, year-round employment.**
A71: See notes to the right for information on filling out the sections below:
A72: Year-to-Date Earnings: | E72: Employer Verbal Verifications (if needed):
A73: # Weeks Will Work This Year: | E73: Employer Contact Full Name:
A74: Weeks Worked Year-to-Date: | E74: Employer Contact Title:
A75: YTD Total Income: | E75: Summary of Verification:
B76: =IF(B73="",0,B74-B73+1) -> 0
A77: Base Wages:
A78: Regular Hourly Rate:
A79: Hours/Week:
E80: Notes:
A81: Year-to-Date Other/Overtime/Bonus/Commission/Tips:
A82: YTD Other Income:
A85: CALCULATIONS
A86: YTD Income Annualized: | B86: =IF(B74="",0,B75/B74*B73) -> 0 | E86: Total Base Wages + Other: | F86: =IF(B79=0,0, (B78*B79*B73)+(B82/B74*B73)) -> 0
A88: Highest Calculated Income: | E88: =MAX(B86,F86) -> 0 | F88: =IF(B86<F86, " Total Base Wages + Other + OT/Bonus/Comm/Tips Used to Qualify.",IF(F86<B86," YTD Earnings Used to Qualify.",""))
A89: =IF(B86=0,"",IF(F86=0,"",IF(AND(ABS((F86-B86)/F86)>=0.07, ABS(B86-F86)>=3000),"Correct income information based on Income Calculation Guidelines or provide an explanation from the employer for the discrepancy between the two calculations.","")))
A91: Seasonal Employer #2:
A92: Employer: | I92: If a W2 is provided: # Weeks Will Work This Year: Enter 52. Weeks Worked Year-to-Date: Enter 52. YTD Total Income: Enter the total gross amount of income earned up to the last pay period end date less income that is non-recurring, will not continue, or is paid at irregular or infrequent intervals (as verified by the employer). Leave the Base Wages and YTD Other sections blank. If a Paystub or VOE is provided: # Weeks Will Work This Year: Enter the number of weeks the employer has indicated the household member will work per year. Weeks Worked Year-to-Date: Enter the number of weeks the employer has indicated the household member has worked to date. YTD Total Income: See notes above under the W2 section. Hours/Week: If a range of hours is indicated, enter the high end of the range. YTD Other Income: Enter all income NOT included in "Base Wages" (i.e. overtime, bonus, commission, tips, etc.). **See the Turnkey/AHP Income Calculation Guide for additional information**
A93: **Seasonal Income: A job that does not require the employee to work year-round. This does not include part-time, year-round employment.**
A95: See notes to the right for information on filling out the sections below:
A96: Year-to-Date Earnings: | E96: Employer Verbal Verifications (if needed):
A97: # Weeks Will Work This Year: | E97: Employer Contact Full Name:
A98: Weeks Worked Year-to-Date: | E98: Employer Contact Title:
A99: YTD Total Income: | E99: Summary of Verification:
B100: =IF(B97="",0,B98-B97+1) -> 0
A101: Base Wages:
A102: Regular Hourly Rate:
A103: Hours/Week:
E104: Notes:
A105: Year-to-Date Other/Overtime/Bonus/Commission/Tips:
A106: YTD Other Income:
A109: CALCULATIONS
A110: YTD Income Annualized: | B110: =IF(B98="",0,B99/B98*B97) -> 0 | E110: Total Base Wages + Other: | F110: =IF(B103=0,0, (B102*B103*B97)+(B106/B98*B97)) -> 0
A112: Highest Calculated Income: | E112: =MAX(B110,F110) -> 0 | F112: =IF(B110<F110, " Total Base Wages + Other + OT/Bonus/Comm/Tips Used to Qualify.",IF(F110<B110," YTD Earnings Used to Qualify.",""))
A113: =IF(B110=0,"",IF(F110=0,"",IF(AND(ABS((F110-B110)/F110)>=0.07, ABS(B110-F110)>=3000),"Correct income information based on Income Calculation Guidelines or provide an explanation from the employer for the discrepancy between the two calculations.","")))
A115: TOTAL SEASONAL INCOME: | E115: =E88+E112 -> 0
A120: SECTION 3: SELF-EMPLOYMENT/RENTAL INCOME
A121: Self-Employment/Rental Income #1
A122: Has a tax return been filed for the self-employment income for last year?
A123: =IF(F122="","Answer the question above to determine required information.",IF(F122="Yes","Complete Using Tax Return.",IF(F122="No", "Complete Using Profit and Loss."))) -> Answer the question above to determine required information. | I123: =IF(F122="Yes", M123, IF(F122="No", M124, "")) | M123: Self Employment Start Date: Enter the start date of self-employment represented by the tax return. If the tax return represents a full year of self-employment, enter the first day of the year. Tax Return End Date: This date should be the last day of the year. Net Income: Enter the net income indicated on the applicable tax return schedule. + Depreciation: Enter the amount of depreciation shown for the self-employment income on the tax return. **See the Turnkey/AHP Income Calculation Guide for additional information**
A124: =IF(F122="","",IF(F122="no","Profit and Loss (P & L) Information:","Tax Return Information:")) | E124: Notes: | M124: P & L Start Date: Enter the first date represented by the current year P & L. For example, if the self-employment started on 3/1/2023, the P & L should start on 3/1/2023. P & L End Date: Enter the last day included on the P & L. YTD Net Income: Enter the total net year-to-date income shown. + Depreciation: Enter the amount of depreciation expense shown on the P & L. **See the Turnkey/AHP Income Calculation Guide for additional information**
A125: =IF(F122="","",IF(F122="no","P & L Start Date:","Self Employment Start Date:"))
A126: =IF(F122="","",IF(F122="no","P & L End Date:","Tax Return End Date:"))
A127: =IF(F122="","",IF(F122="no","YTD Net Income:","Net Income:"))
A128: =IF(F122="",""," + Depreciation:")
A129: =IF(F122="","","Total:") | B129: =IF(F122="","",SUM(B127:B128))
A130: =IF(F122="","",IF(F122="no","P & L Annualized:","Net Income Annualized:")) | B130: =IF(F122="",0,IF(B127="",0,IF(B129<0,0,B129/A131*365))) -> 0
A131: =IF(B126="",0,B126-B125+1) -> 0
A134: Self-Employment/Rental Income #2
...

Sheet Household Member #9-Income
A1: Complete in accordance with the FHLBank Topeka income calculation guidelines. Attach required documentation--income from ALL sources must be accounted for.
A4: Member Institution: | B4: =IF(Household_Summary!C7="","",Household_Summary!C7)
A5: Household Member #9: | B5: =IF(Household_Summary!C22="","",Household_Summary!C22)
A6: SECTION 1: WAGE/SALARY INCOME
A7: Employer #1:
A8: Employer: | I8: Year-to-Date Earnings: YTD Start Date: Input in MM/DD/YY format. Enter the pay period start date corresponding to the first paycheck of the year (Depending on the pay schedule, this could be a date from the previous year). If the household member's hire date was after January 1, enter the hire date. Pay Period End Date: Input in MM/DD/YY format. The Pay Period End date is the last day of the pay period, not the pay date. YTD Total Income: Enter ALL YTD gross income (YTD Regular Earnings + YTD OT/Bonus/Commission/Tips + YTD Other Income). Base Wages: Fill out either the Salary Per Pay Period & Pay Frequency/Year OR the Regular Hourly Rate & Hours/Week (Do not fill out both). Hours/Week: If a range of hours is indicated, enter the high end of the range. Year-to-Date Other/Overtime/Bonus/Commission/Tips: YTD Other Income: Enter all income NOT included in "Base Wages" (i.e. overtime, bonus, commission, tips, etc.). **See the Turnkey/AHP Income Calculation Guide for additional information**
A10: Please fill out the YTD Earnings, Base Wages, AND YTD Other sections below:
A11: Year-to-Date Earnings: | E11: Employer Verbal Verifications (if needed): | M11: =IF(B18="",0,IF(B18="1 (Annual)",1,IF(B18="12 (Monthly)",12,IF(B18="24 (Semi-Monthly)",24,IF(B18="26 (Bi-weekly)",26,IF(B18="52 (Weekly)",52)))))) -> 0
A12: YTD Start Date: | E12: Employer Contact Full Name:
A13: Pay Period End Date: | E13: Employer Contact Title:
A14: YTD Total Income: | E14: Summary of Verification:
B15: =IF(B12="",0,B13-B12+1) -> 0
A16: Base Wages:
A17: Salary Per Pay Period:
A18: Pay Frequency/Year:
A19: OR
A20: Regular Hourly Rate:
A21: Hours/Week: | E21: Notes:
A22: Weeks/Year: | B22: 52
A24: Year-to-Date Other/Overtime/Bonus/Commission/Tips:
A25: YTD Other Income:
A28: CALCULATIONS
A29: YTD Income Annualized: | B29: =IF(B14="",0,B14/Daily_Calculation*365) -> 0 | E29: Total Base Wages + Other: | F29: =IF(B17="",(B20*B21*B22)+(IF(B25=0,0,B25/B15*365)),(B17*M11)+(IF(B25=0,0,B25/B15*365))) -> 0
A31: Highest Calculated Income (Employer #1): | E31: =MAX(B29,F29) -> 0 | F31: =IF(B29<F29, " Total Base Wages + Other + OT/Bonus/Comm/Tips Used to Qualify.",IF(F29<B29," YTD Earnings Used to Qualify.",""))
A32: =IF(B29=0,"",IF(F29=0,"",IF(AND(ABS((F29-B29)/F29)>=0.07, ABS(B29-F29)>=3000),"Correct income information based on Income Calculation Guidelines or provide an explanation from the employer for the discrepancy between the two calculations.","")))
A34: Employer #2:
A35: Employer: | I35: Year-to-Date Earnings: YTD Start Date: Input in MM/DD/YY format. Enter the pay period start date corresponding to the first paycheck of the year (Depending on the pay schedule, this could be a date from the previous year). If the household member's hire date was after January 1, enter the hire date. Pay Period End Date: Input in MM/DD/YY format. The Pay Period End date is the last day of the pay period, not the pay date. YTD Total Income: Enter ALL YTD gross income (YTD Regular Earnings + YTD OT/Bonus/Commission/Tips + YTD Other Income). Base Wages: Fill out either the Salary Per Pay Period & Pay Frequency/Year OR the Regular Hourly Rate & Hours/Week (Do not fill out both). Hours/Week: If a range of hours is indicated, enter the high end of the range. Year-to-Date Other/Overtime/Bonus/Commission/Tips: YTD Other Income: Enter all income NOT included in "Base Wages" (i.e. overtime, bonus, commission, tips, etc.). **See the Turnkey/AHP Income Calculation Guide for additional information**
A37: Please fill out the YTD Earnings, Base Wages, AND YTD Other sections below:
A38: Year-to-Date Earnings: | E38: Employer Verbal Verifications (if needed): | M38: =IF(B45="",0,IF(B45="1 (Annual)",1,IF(B45="12 (Monthly)",12,IF(B45="24 (Semi-Monthly)",24,IF(B45="26 (Bi-weekly)",26,IF(B45="52 (Weekly)",52)))))) -> 0
A39: YTD Start Date: | E39: Employer Contact Full Name:
A40: Pay Period End Date: | E40: Employer Contact Title:
A41: YTD Total Income: | E41: Summary of Verification:
B42: =IF(B39="",0,B40-B39+1) -> 0
A43: Base Wages:
A44: Salary Per Pay Period:
A45: Pay Frequency/Year:
A46: OR
A47: Regular Hourly Rate:
A48: Hours/Week: | E48: Notes:
A49: Weeks/Year: | B49: 52
A51: Year-to-Date Other/Overtime/Bonus/Commission/Tips:
A52: YTD Other Income:
A55: CALCULATIONS
A56: YTD Income Annualized: | B56: =IF(B41="",0,B41/Daily_Calculation2*365) -> 0 | E56: Total Base Wages + Other: | F56: =IF(B44="",(B47*B48*B49)+(IF(B52=0,0,B52/B42*365)),(B44*M38)+(IF(B52=0,0,B52/B42*365))) -> 0
A58: Highest Calculated Income (Employer #2): | E58: =MAX(B56,F56) -> 0 | F58: =IF(B56<F56, " Total Base Wages + Other + OT/Bonus/Comm/Tips Used to Qualify.",IF(F56<B56," YTD Earnings Used to Qualify.",""))
A59: =IF(B56=0,"",IF(F56=0,"",IF(AND(ABS((F56-B56)/F56)>=0.07, ABS(B56-F56)>=3000),"Correct income information based on Income Calculation Guidelines or provide an explanation from the employer for the discrepancy between the two calculations.","")))
A61: TOTAL WAGE/SALARY INCOME: | E61: =(E31+E58) -> 0
A66: SECTION 2: SEASONAL INCOME
A67: Seasonal Employer #1:
A68: Employer: | I68: If a W2 is provided: # Weeks Will Work This Year: Enter 52. Weeks Worked Year-to-Date: Enter 52. YTD Total Income: Enter the total gross amount of income earned up to the last pay period end date less income that is non-recurring, will not continue, or is paid at irregular or infrequent intervals (as verified by the employer). Leave the Base Wages and YTD Other sections blank. If a Paystub or VOE is provided: # Weeks Will Work This Year: Enter the number of weeks the employer has indicated the household member will work per year. Weeks Worked Year-to-Date: Enter the number of weeks the employer has indicated the household member has worked to date. YTD Total Income: See notes above under the W2 section. Hours/Week: If a range of hours is indicated, enter the high end of the range. YTD Other Income: Enter all income NOT included in "Base Wages" (i.e. overtime, bonus, commission, tips, etc.). **See the Turnkey/AHP Income Calculation Guide for additional information**
A69: **Seasonal Income: A job that does not require the employee to work year-round. This does not include part-time, year-round employment.**
A71: See notes to the right for information on filling out the sections below:
A72: Year-to-Date Earnings: | E72: Employer Verbal Verifications (if needed):
A73: # Weeks Will Work This Year: | E73: Employer Contact Full Name:
A74: Weeks Worked Year-to-Date: | E74: Employer Contact Title:
A75: YTD Total Income: | E75: Summary of Verification:
B76: =IF(B73="",0,B74-B73+1) -> 0
A77: Base Wages:
A78: Regular Hourly Rate:
A79: Hours/Week:
E80: Notes:
A81: Year-to-Date Other/Overtime/Bonus/Commission/Tips:
A82: YTD Other Income:
A85: CALCULATIONS
A86: YTD Income Annualized: | B86: =IF(B74="",0,B75/B74*B73) -> 0 | E86: Total Base Wages + Other: | F86: =IF(B79=0,0, (B78*B79*B73)+(B82/B74*B73)) -> 0
A88: Highest Calculated Income: | E88: =MAX(B86,F86) -> 0 | F88: =IF(B86<F86, " Total Base Wages + Other + OT/Bonus/Comm/Tips Used to Qualify.",IF(F86<B86," YTD Earnings Used to Qualify.",""))
A89: =IF(B86=0,"",IF(F86=0,"",IF(AND(ABS((F86-B86)/F86)>=0.07, ABS(B86-F86)>=3000),"Correct income information based on Income Calculation Guidelines or provide an explanation from the employer for the discrepancy between the two calculations.","")))
A91: Seasonal Employer #2:
A92: Employer: | I92: If a W2 is provided: # Weeks Will Work This Year: Enter 52. Weeks Worked Year-to-Date: Enter 52. YTD Total Income: Enter the total gross amount of income earned up to the last pay period end date less income that is non-recurring, will not continue, or is paid at irregular or infrequent intervals (as verified by the employer). Leave the Base Wages and YTD Other sections blank. If a Paystub or VOE is provided: # Weeks Will Work This Year: Enter the number of weeks the employer has indicated the household member will work per year. Weeks Worked Year-to-Date: Enter the number of weeks the employer has indicated the household member has worked to date. YTD Total Income: See notes above under the W2 section. Hours/Week: If a range of hours is indicated, enter the high end of the range. YTD Other Income: Enter all income NOT included in "Base Wages" (i.e. overtime, bonus, commission, tips, etc.). **See the Turnkey/AHP Income Calculation Guide for additional information**
A93: **Seasonal Income: A job that does not require the employee to work year-round. This does not include part-time, year-round employment.**
A95: See notes to the right for information on filling out the sections below:
A96: Year-to-Date Earnings: | E96: Employer Verbal Verifications (if needed):
A97: # Weeks Will Work This Year: | E97: Employer Contact Full Name:
A98: Weeks Worked Year-to-Date: | E98: Employer Contact Title:
A99: YTD Total Income: | E99: Summary of Verification:
B100: =IF(B97="",0,B98-B97+1) -> 0
A101: Base Wages:
A102: Regular Hourly Rate:
A103: Hours/Week:
E104: Notes:
A105: Year-to-Date Other/Overtime/Bonus/Commission/Tips:
A106: YTD Other Income:
A109: CALCULATIONS
A110: YTD Income Annualized: | B110: =IF(B98="",0,B99/B98*B97) -> 0 | E110: Total Base Wages + Other: | F110: =IF(B103=0,0, (B102*B103*B97)+(B106/B98*B97)) -> 0
A112: Highest Calculated Income: | E112: =MAX(B110,F110) -> 0 | F112: =IF(B110<F110, " Total Base Wages + Other + OT/Bonus/Comm/Tips Used to Qualify.",IF(F110<B110," YTD Earnings Used to Qualify.",""))
A113: =IF(B110=0,"",IF(F110=0,"",IF(AND(ABS((F110-B110)/F110)>=0.07, ABS(B110-F110)>=3000),"Correct income information based on Income Calculation Guidelines or provide an explanation from the employer for the discrepancy between the two calculations.","")))
A115: TOTAL SEASONAL INCOME: | E115: =E88+E112 -> 0
A120: SECTION 3: SELF-EMPLOYMENT/RENTAL INCOME
A121: Self-Employment/Rental Income #1
A122: Has a tax return been filed for the self-employment income for last year?
A123: =IF(F122="","Answer the question above to determine required information.",IF(F122="Yes","Complete Using Tax Return.",IF(F122="No", "Complete Using Profit and Loss."))) -> Answer the question above to determine required information. | I123: =IF(F122="Yes", M123, IF(F122="No", M124, "")) | M123: Self Employment Start Date: Enter the start date of self-employment represented by the tax return. If the tax return represents a full year of self-employment, enter the first day of the year. Tax Return End Date: This date should be the last day of the year. Net Income: Enter the net income indicated on the applicable tax return schedule. + Depreciation: Enter the amount of depreciation shown for the self-employment income on the tax return. **See the Turnkey/AHP Income Calculation Guide for additional information**
A124: =IF(F122="","",IF(F122="no","Profit and Loss (P & L) Information:","Tax Return Information:")) | E124: Notes: | M124: P & L Start Date: Enter the first date represented by the current year P & L. For example, if the self-employment started on 3/1/2023, the P & L should start on 3/1/2023. P & L End Date: Enter the last day included on the P & L. YTD Net Income: Enter the total net year-to-date income shown. + Depreciation: Enter the amount of depreciation expense shown on the P & L. **See the Turnkey/AHP Income Calculation Guide for additional information**
A125: =IF(F122="","",IF(F122="no","P & L Start Date:","Self Employment Start Date:"))
A126: =IF(F122="","",IF(F122="no","P & L End Date:","Tax Return End Date:"))
A127: =IF(F122="","",IF(F122="no","YTD Net Income:","Net Income:"))
A128: =IF(F122="",""," + Depreciation:")
A129: =IF(F122="","","Total:") | B129: =IF(F122="","",SUM(B127:B128))
A130: =IF(F122="","",IF(F122="no","P & L Annualized:","Net Income Annualized:")) | B130: =IF(F122="",0,IF(B127="",0,IF(B129<0,0,B129/A131*365))) -> 0
A131: =IF(B126="",0,B126-B125+1) -> 0
A134: Self-Employment/Rental Income #2
...

Sheet Household Member #10-Income
A1: Complete in accordance with the FHLBank Topeka income calculation guidelines. Attach required documentation--income from ALL sources must be accounted for.
A4: Member Institution: | B4: =IF(Household_Summary!C7="","",Household_Summary!C7)
A5: Household Member #10: | B5: =IF(Household_Summary!C23="","",Household_Summary!C23)
A6: SECTION 1: WAGE/SALARY INCOME
A7: Employer #1:
A8: Employer: | I8: Year-to-Date Earnings: YTD Start Date: Input in MM/DD/YY format. Enter the pay period start date corresponding to the first paycheck of the year (Depending on the pay schedule, this could be a date from the previous year). If the household member's hire date was after January 1, enter the hire date. Pay Period End Date: Input in MM/DD/YY format. The Pay Period End date is the last day of the pay period, not the pay date. YTD Total Income: Enter ALL YTD gross income (YTD Regular Earnings + YTD OT/Bonus/Commission/Tips + YTD Other Income). Base Wages: Fill out either the Salary Per Pay Period & Pay Frequency/Year OR the Regular Hourly Rate & Hours/Week (Do not fill out both). Hours/Week: If a range of hours is indicated, enter the high end of the range. Year-to-Date Other/Overtime/Bonus/Commission/Tips: YTD Other Income: Enter all income NOT included in "Base Wages" (i.e. overtime, bonus, commission, tips, etc.). **See the Turnkey/AHP Income Calculation Guide for additional information**
A10: Please fill out the YTD Earnings, Base Wages, AND YTD Other sections below:
A11: Year-to-Date Earnings: | E11: Employer Verbal Verifications (if needed): | M11: =IF(B18="",0,IF(B18="1 (Annual)",1,IF(B18="12 (Monthly)",12,IF(B18="24 (Semi-Monthly)",24,IF(B18="26 (Bi-weekly)",26,IF(B18="52 (Weekly)",52)))))) -> 0
A12: YTD Start Date: | E12: Employer Contact Full Name:
A13: Pay Period End Date: | E13: Employer Contact Title:
A14: YTD Total Income: | E14: Summary of Verification:
B15: =IF(B12="",0,B13-B12+1) -> 0
A16: Base Wages:
A17: Salary Per Pay Period:
A18: Pay Frequency/Year:
A19: OR
A20: Regular Hourly Rate:
A21: Hours/Week: | E21: Notes:
A22: Weeks/Year: | B22: 52
A24: Year-to-Date Other/Overtime/Bonus/Commission/Tips:
A25: YTD Other Income:
A28: CALCULATIONS
A29: YTD Income Annualized: | B29: =IF(B14="",0,B14/Daily_Calculation*365) -> 0 | E29: Total Base Wages + Other: | F29: =IF(B17="",(B20*B21*B22)+(IF(B25=0,0,B25/B15*365)),(B17*M11)+(IF(B25=0,0,B25/B15*365))) -> 0
A31: Highest Calculated Income (Employer #1): | E31: =MAX(B29,F29) -> 0 | F31: =IF(B29<F29, " Total Base Wages + Other + OT/Bonus/Comm/Tips Used to Qualify.",IF(F29<B29," YTD Earnings Used to Qualify.",""))
A32: =IF(B29=0,"",IF(F29=0,"",IF(AND(ABS((F29-B29)/F29)>=0.07, ABS(B29-F29)>=3000),"Correct income information based on Income Calculation Guidelines or provide an explanation from the employer for the discrepancy between the two calculations.","")))
A34: Employer #2:
A35: Employer: | I35: Year-to-Date Earnings: YTD Start Date: Input in MM/DD/YY format. Enter the pay period start date corresponding to the first paycheck of the year (Depending on the pay schedule, this could be a date from the previous year). If the household member's hire date was after January 1, enter the hire date. Pay Period End Date: Input in MM/DD/YY format. The Pay Period End date is the last day of the pay period, not the pay date. YTD Total Income: Enter ALL YTD gross income (YTD Regular Earnings + YTD OT/Bonus/Commission/Tips + YTD Other Income). Base Wages: Fill out either the Salary Per Pay Period & Pay Frequency/Year OR the Regular Hourly Rate & Hours/Week (Do not fill out both). Hours/Week: If a range of hours is indicated, enter the high end of the range. Year-to-Date Other/Overtime/Bonus/Commission/Tips: YTD Other Income: Enter all income NOT included in "Base Wages" (i.e. overtime, bonus, commission, tips, etc.). **See the Turnkey/AHP Income Calculation Guide for additional information**
A37: Please fill out the YTD Earnings, Base Wages, AND YTD Other sections below:
A38: Year-to-Date Earnings: | E38: Employer Verbal Verifications (if needed): | M38: =IF(B45="",0,IF(B45="1 (Annual)",1,IF(B45="12 (Monthly)",12,IF(B45="24 (Semi-Monthly)",24,IF(B45="26 (Bi-weekly)",26,IF(B45="52 (Weekly)",52)))))) -> 0
A39: YTD Start Date: | E39: Employer Contact Full Name:
A40: Pay Period End Date: | E40: Employer Contact Title:
A41: YTD Total Income: | E41: Summary of Verification:
B42: =IF(B39="",0,B40-B39+1) -> 0
A43: Base Wages:
A44: Salary Per Pay Period:
A45: Pay Frequency/Year:
A46: OR
A47: Regular Hourly Rate:
A48: Hours/Week: | E48: Notes:
A49: Weeks/Year: | B49: 52
A51: Year-to-Date Other/Overtime/Bonus/Commission/Tips:
A52: YTD Other Income:
A55: CALCULATIONS
A56: YTD Income Annualized: | B56: =IF(B41="",0,B41/Daily_Calculation2*365) -> 0 | E56: Total Base Wages + Other: | F56: =IF(B44="",(B47*B48*B49)+(IF(B52=0,0,B52/B42*365)),(B44*M38)+(IF(B52=0,0,B52/B42*365))) -> 0
A58: Highest Calculated Income (Employer #2): | E58: =MAX(B56,F56) -> 0 | F58: =IF(B56<F56, " Total Base Wages + Other + OT/Bonus/Comm/Tips Used to Qualify.",IF(F56<B56," YTD Earnings Used to Qualify.",""))
A59: =IF(B56=0,"",IF(F56=0,"",IF(AND(ABS((F56-B56)/F56)>=0.07, ABS(B56-F56)>=3000),"Correct income information based on Income Calculation Guidelines or provide an explanation from the employer for the discrepancy between the two calculations.","")))
A61: TOTAL WAGE/SALARY INCOME: | E61: =(E31+E58) -> 0
A66: SECTION 2: SEASONAL INCOME
A67: Seasonal Employer #1:
A68: Employer: | I68: If a W2 is provided: # Weeks Will Work This Year: Enter 52. Weeks Worked Year-to-Date: Enter 52. YTD Total Income: Enter the total gross amount of income earned up to the last pay period end date less income that is non-recurring, will not continue, or is paid at irregular or infrequent intervals (as verified by the employer). Leave the Base Wages and YTD Other sections blank. If a Paystub or VOE is provided: # Weeks Will Work This Year: Enter the number of weeks the employer has indicated the household member will work per year. Weeks Worked Year-to-Date: Enter the number of weeks the employer has indicated the household member has worked to date. YTD Total Income: See notes above under the W2 section. Hours/Week: If a range of hours is indicated, enter the high end of the range. YTD Other Income: Enter all income NOT included in "Base Wages" (i.e. overtime, bonus, commission, tips, etc.). **See the Turnkey/AHP Income Calculation Guide for additional information**
A69: **Seasonal Income: A job that does not require the employee to work year-round. This does not include part-time, year-round employment.**
A71: See notes to the right for information on filling out the sections below:
A72: Year-to-Date Earnings: | E72: Employer Verbal Verifications (if needed):
A73: # Weeks Will Work This Year: | E73: Employer Contact Full Name:
A74: Weeks Worked Year-to-Date: | E74: Employer Contact Title:
A75: YTD Total Income: | E75: Summary of Verification:
B76: =IF(B73="",0,B74-B73+1) -> 0
A77: Base Wages:
A78: Regular Hourly Rate:
A79: Hours/Week:
E80: Notes:
A81: Year-to-Date Other/Overtime/Bonus/Commission/Tips:
A82: YTD Other Income:
A85: CALCULATIONS
A86: YTD Income Annualized: | B86: =IF(B74="",0,B75/B74*B73) -> 0 | E86: Total Base Wages + Other: | F86: =IF(B79=0,0, (B78*B79*B73)+(B82/B74*B73)) -> 0
A88: Highest Calculated Income: | E88: =MAX(B86,F86) -> 0 | F88: =IF(B86<F86, " Total Base Wages + Other + OT/Bonus/Comm/Tips Used to Qualify.",IF(F86<B86," YTD Earnings Used to Qualify.",""))
A89: =IF(B86=0,"",IF(F86=0,"",IF(AND(ABS((F86-B86)/F86)>=0.07, ABS(B86-F86)>=3000),"Correct income information based on Income Calculation Guidelines or provide an explanation from the employer for the discrepancy between the two calculations.","")))
A91: Seasonal Employer #2:
A92: Employer: | I92: If a W2 is provided: # Weeks Will Work This Year: Enter 52. Weeks Worked Year-to-Date: Enter 52. YTD Total Income: Enter the total gross amount of income earned up to the last pay period end date less income that is non-recurring, will not continue, or is paid at irregular or infrequent intervals (as verified by the employer). Leave the Base Wages and YTD Other sections blank. If a Paystub or VOE is provided: # Weeks Will Work This Year: Enter the number of weeks the employer has indicated the household member will work per year. Weeks Worked Year-to-Date: Enter the number of weeks the employer has indicated the household member has worked to date. YTD Total Income: See notes above under the W2 section. Hours/Week: If a range of hours is indicated, enter the high end of the range. YTD Other Income: Enter all income NOT included in "Base Wages" (i.e. overtime, bonus, commission, tips, etc.). **See the Turnkey/AHP Income Calculation Guide for additional information**
A93: **Seasonal Income: A job that does not require the employee to work year-round. This does not include part-time, year-round employment.**
A95: See notes to the right for information on filling out the sections below:
A96: Year-to-Date Earnings: | E96: Employer Verbal Verifications (if needed):
A97: # Weeks Will Work This Year: | E97: Employer Contact Full Name:
A98: Weeks Worked Year-to-Date: | E98: Employer Contact Title:
A99: YTD Total Income: | E99: Summary of Verification:
B100: =IF(B97="",0,B98-B97+1) -> 0
A101: Base Wages:
A102: Regular Hourly Rate:
A103: Hours/Week:
E104: Notes:
A105: Year-to-Date Other/Overtime/Bonus/Commission/Tips:
A106: YTD Other Income:
A109: CALCULATIONS
A110: YTD Income Annualized: | B110: =IF(B98="",0,B99/B98*B97) -> 0 | E110: Total Base Wages + Other: | F110: =IF(B103=0,0, (B102*B103*B97)+(B106/B98*B97)) -> 0
A112: Highest Calculated Income: | E112: =MAX(B110,F110) -> 0 | F112: =IF(B110<F110, " Total Base Wages + Other + OT/Bonus/Comm/Tips Used to Qualify.",IF(F110<B110," YTD Earnings Used to Qualify.",""))
A113: =IF(B110=0,"",IF(F110=0,"",IF(AND(ABS((F110-B110)/F110)>=0.07, ABS(B110-F110)>=3000),"Correct income information based on Income Calculation Guidelines or provide an explanation from the employer for the discrepancy between the two calculations.","")))
A115: TOTAL SEASONAL INCOME: | E115: =E88+E112 -> 0
A120: SECTION 3: SELF-EMPLOYMENT/RENTAL INCOME
A121: Self-Employment/Rental Income #1
A122: Has a tax return been filed for the self-employment income for last year?
A123: =IF(F122="","Answer the question above to determine required information.",IF(F122="Yes","Complete Using Tax Return.",IF(F122="No", "Complete Using Profit and Loss."))) -> Answer the question above to determine required information. | I123: =IF(F122="Yes", M123, IF(F122="No", M124, "")) | M123: Self Employment Start Date: Enter the start date of self-employment represented by the tax return. If the tax return represents a full year of self-employment, enter the first day of the year. Tax Return End Date: This date should be the last day of the year. Net Income: Enter the net income indicated on the applicable tax return schedule. + Depreciation: Enter the amount of depreciation shown for the self-employment income on the tax return. **See the Turnkey/AHP Income Calculation Guide for additional information**
A124: =IF(F122="","",IF(F122="no","Profit and Loss (P & L) Information:","Tax Return Information:")) | E124: Notes: | M124: P & L Start Date: Enter the first date represented by the current year P & L. For example, if the self-employment started on 3/1/2023, the P & L should start on 3/1/2023. P & L End Date: Enter the last day included on the P & L. YTD Net Income: Enter the total net year-to-date income shown. + Depreciation: Enter the amount of depreciation expense shown on the P & L. **See the Turnkey/AHP Income Calculation Guide for additional information**
A125: =IF(F122="","",IF(F122="no","P & L Start Date:","Self Employment Start Date:"))
A126: =IF(F122="","",IF(F122="no","P & L End Date:","Tax Return End Date:"))
A127: =IF(F122="","",IF(F122="no","YTD Net Income:","Net Income:"))
A128: =IF(F122="",""," + Depreciation:")
A129: =IF(F122="","","Total:") | B129: =IF(F122="","",SUM(B127:B128))
A130: =IF(F122="","",IF(F122="no","P & L Annualized:","Net Income Annualized:")) | B130: =IF(F122="",0,IF(B127="",0,IF(B129<0,0,B129/A131*365))) -> 0
A131: =IF(B126="",0,B126-B125+1) -> 0
A134: Self-Employment/Rental Income #2
...

Sheet Household Member #11-Income
A1: Complete in accordance with the FHLBank Topeka income calculation guidelines. Attach required documentation--income from ALL sources must be accounted for.
A4: Member Institution: | B4: =IF(Household_Summary!C7="","",Household_Summary!C7)
A5: Household Member #11: | B5: =IF(Household_Summary!C24="","",Household_Summary!C24)
A6: SECTION 1: WAGE/SALARY INCOME
A7: Employer #1:
A8: Employer: | I8: Year-to-Date Earnings: YTD Start Date: Input in MM/DD/YY format. Enter the pay period start date corresponding to the first paycheck of the year (Depending on the pay schedule, this could be a date from the previous year). If the household member's hire date was after January 1, enter the hire date. Pay Period End Date: Input in MM/DD/YY format. The Pay Period End date is the last day of the pay period, not the pay date. YTD Total Income: Enter ALL YTD gross income (YTD Regular Earnings + YTD OT/Bonus/Commission/Tips + YTD Other Income). Base Wages: Fill out either the Salary Per Pay Period & Pay Frequency/Year OR the Regular Hourly Rate & Hours/Week (Do not fill out both). Hours/Week: If a range of hours is indicated, enter the high end of the range. Year-to-Date Other/Overtime/Bonus/Commission/Tips: YTD Other Income: Enter all income NOT included in "Base Wages" (i.e. overtime, bonus, commission, tips, etc.). **See the Turnkey/AHP Income Calculation Guide for additional information**
A10: Please fill out the YTD Earnings, Base Wages, AND YTD Other sections below:
A11: Year-to-Date Earnings: | E11: Employer Verbal Verifications (if needed): | M11: =IF(B18="",0,IF(B18="1 (Annual)",1,IF(B18="12 (Monthly)",12,IF(B18="24 (Semi-Monthly)",24,IF(B18="26 (Bi-weekly)",26,IF(B18="52 (Weekly)",52)))))) -> 0
A12: YTD Start Date: | E12: Employer Contact Full Name:
A13: Pay Period End Date: | E13: Employer Contact Title:
A14: YTD Total Income: | E14: Summary of Verification:
B15: =IF(B12="",0,B13-B12+1) -> 0
A16: Base Wages:
A17: Salary Per Pay Period:
A18: Pay Frequency/Year:
A19: OR
A20: Regular Hourly Rate:
A21: Hours/Week: | E21: Notes:
A22: Weeks/Year: | B22: 52
A24: Year-to-Date Other/Overtime/Bonus/Commission/Tips:
A25: YTD Other Income:
A28: CALCULATIONS
A29: YTD Income Annualized: | B29: =IF(B14="",0,B14/Daily_Calculation*365) -> 0 | E29: Total Base Wages + Other: | F29: =IF(B17="",(B20*B21*B22)+(IF(B25=0,0,B25/B15*365)),(B17*M11)+(IF(B25=0,0,B25/B15*365))) -> 0
A31: Highest Calculated Income (Employer #1): | E31: =MAX(B29,F29) -> 0 | F31: =IF(B29<F29, " Total Base Wages + Other + OT/Bonus/Comm/Tips Used to Qualify.",IF(F29<B29," YTD Earnings Used to Qualify.",""))
A32: =IF(B29=0,"",IF(F29=0,"",IF(AND(ABS((F29-B29)/F29)>=0.07, ABS(B29-F29)>=3000),"Correct income information based on Income Calculation Guidelines or provide an explanation from the employer for the discrepancy between the two calculations.","")))
A34: Employer #2:
A35: Employer: | I35: Year-to-Date Earnings: YTD Start Date: Input in MM/DD/YY format. Enter the pay period start date corresponding to the first paycheck of the year (Depending on the pay schedule, this could be a date from the previous year). If the household member's hire date was after January 1, enter the hire date. Pay Period End Date: Input in MM/DD/YY format. The Pay Period End date is the last day of the pay period, not the pay date. YTD Total Income: Enter ALL YTD gross income (YTD Regular Earnings + YTD OT/Bonus/Commission/Tips + YTD Other Income). Base Wages: Fill out either the Salary Per Pay Period & Pay Frequency/Year OR the Regular Hourly Rate & Hours/Week (Do not fill out both). Hours/Week: If a range of hours is indicated, enter the high end of the range. Year-to-Date Other/Overtime/Bonus/Commission/Tips: YTD Other Income: Enter all income NOT included in "Base Wages" (i.e. overtime, bonus, commission, tips, etc.). **See the Turnkey/AHP Income Calculation Guide for additional information**
A37: Please fill out the YTD Earnings, Base Wages, AND YTD Other sections below:
A38: Year-to-Date Earnings: | E38: Employer Verbal Verifications (if needed): | M38: =IF(B45="",0,IF(B45="1 (Annual)",1,IF(B45="12 (Monthly)",12,IF(B45="24 (Semi-Monthly)",24,IF(B45="26 (Bi-weekly)",26,IF(B45="52 (Weekly)",52)))))) -> 0
A39: YTD Start Date: | E39: Employer Contact Full Name:
A40: Pay Period End Date: | E40: Employer Contact Title:
A41: YTD Total Income: | E41: Summary of Verification:
B42: =IF(B39="",0,B40-B39+1) -> 0
A43: Base Wages:
A44: Salary Per Pay Period:
A45: Pay Frequency/Year:
A46: OR
A47: Regular Hourly Rate:
A48: Hours/Week: | E48: Notes:
A49: Weeks/Year: | B49: 52
A51: Year-to-Date Other/Overtime/Bonus/Commission/Tips:
A52: YTD Other Income:
A55: CALCULATIONS
A56: YTD Income Annualized: | B56: =IF(B41="",0,B41/Daily_Calculation2*365) -> 0 | E56: Total Base Wages + Other: | F56: =IF(B44="",(B47*B48*B49)+(IF(B52=0,0,B52/B42*365)),(B44*M38)+(IF(B52=0,0,B52/B42*365))) -> 0
A58: Highest Calculated Income (Employer #2): | E58: =MAX(B56,F56) -> 0 | F58: =IF(B56<F56, " Total Base Wages + Other + OT/Bonus/Comm/Tips Used to Qualify.",IF(F56<B56," YTD Earnings Used to Qualify.",""))
A59: =IF(B56=0,"",IF(F56=0,"",IF(AND(ABS((F56-B56)/F56)>=0.07, ABS(B56-F56)>=3000),"Correct income information based on Income Calculation Guidelines or provide an explanation from the employer for the discrepancy between the two calculations.","")))
A61: TOTAL WAGE/SALARY INCOME: | E61: =(E31+E58) -> 0
A66: SECTION 2: SEASONAL INCOME
A67: Seasonal Employer #1:
A68: Employer: | I68: If a W2 is provided: # Weeks Will Work This Year: Enter 52. Weeks Worked Year-to-Date: Enter 52. YTD Total Income: Enter the total gross amount of income earned up to the last pay period end date less income that is non-recurring, will not continue, or is paid at irregular or infrequent intervals (as verified by the employer). Leave the Base Wages and YTD Other sections blank. If a Paystub or VOE is provided: # Weeks Will Work This Year: Enter the number of weeks the employer has indicated the household member will work per year. Weeks Worked Year-to-Date: Enter the number of weeks the employer has indicated the household member has worked to date. YTD Total Income: See notes above under the W2 section. Hours/Week: If a range of hours is indicated, enter the high end of the range. YTD Other Income: Enter all income NOT included in "Base Wages" (i.e. overtime, bonus, commission, tips, etc.). **See the Turnkey/AHP Income Calculation Guide for additional information**
A69: **Seasonal Income: A job that does not require the employee to work year-round. This does not include part-time, year-round employment.**
A71: See notes to the right for information on filling out the sections below:
A72: Year-to-Date Earnings: | E72: Employer Verbal Verifications (if needed):
A73: # Weeks Will Work This Year: | E73: Employer Contact Full Name:
A74: Weeks Worked Year-to-Date: | E74: Employer Contact Title:
A75: YTD Total Income: | E75: Summary of Verification:
B76: =IF(B73="",0,B74-B73+1) -> 0
A77: Base Wages:
A78: Regular Hourly Rate:
A79: Hours/Week:
E80: Notes:
A81: Year-to-Date Other/Overtime/Bonus/Commission/Tips:
A82: YTD Other Income:
A85: CALCULATIONS
A86: YTD Income Annualized: | B86: =IF(B74="",0,B75/B74*B73) -> 0 | E86: Total Base Wages + Other: | F86: =IF(B79=0,0, (B78*B79*B73)+(B82/B74*B73)) -> 0
A88: Highest Calculated Income: | E88: =MAX(B86,F86) -> 0 | F88: =IF(B86<F86, " Total Base Wages + Other + OT/Bonus/Comm/Tips Used to Qualify.",IF(F86<B86," YTD Earnings Used to Qualify.",""))
A89: =IF(B86=0,"",IF(F86=0,"",IF(AND(ABS((F86-B86)/F86)>=0.07, ABS(B86-F86)>=3000),"Correct income information based on Income Calculation Guidelines or provide an explanation from the employer for the discrepancy between the two calculations.","")))
A91: Seasonal Employer #2:
A92: Employer: | I92: If a W2 is provided: # Weeks Will Work This Year: Enter 52. Weeks Worked Year-to-Date: Enter 52. YTD Total Income: Enter the total gross amount of income earned up to the last pay period end date less income that is non-recurring, will not continue, or is paid at irregular or infrequent intervals (as verified by the employer). Leave the Base Wages and YTD Other sections blank. If a Paystub or VOE is provided: # Weeks Will Work This Year: Enter the number of weeks the employer has indicated the household member will work per year. Weeks Worked Year-to-Date: Enter the number of weeks the employer has indicated the household member has worked to date. YTD Total Income: See notes above under the W2 section. Hours/Week: If a range of hours is indicated, enter the high end of the range. YTD Other Income: Enter all income NOT included in "Base Wages" (i.e. overtime, bonus, commission, tips, etc.). **See the Turnkey/AHP Income Calculation Guide for additional information**
A93: **Seasonal Income: A job that does not require the employee to work year-round. This does not include part-time, year-round employment.**
A95: See notes to the right for information on filling out the sections below:
A96: Year-to-Date Earnings: | E96: Employer Verbal Verifications (if needed):
A97: # Weeks Will Work This Year: | E97: Employer Contact Full Name:
A98: Weeks Worked Year-to-Date: | E98: Employer Contact Title:
A99: YTD Total Income: | E99: Summary of Verification:
B100: =IF(B97="",0,B98-B97+1) -> 0
A101: Base Wages:
A102: Regular Hourly Rate:
A103: Hours/Week:
E104: Notes:
A105: Year-to-Date Other/Overtime/Bonus/Commission/Tips:
A106: YTD Other Income:
A109: CALCULATIONS
A110: YTD Income Annualized: | B110: =IF(B98="",0,B99/B98*B97) -> 0 | E110: Total Base Wages + Other: | F110: =IF(B103=0,0, (B102*B103*B97)+(B106/B98*B97)) -> 0
A112: Highest Calculated Income: | E112: =MAX(B110,F110) -> 0 | F112: =IF(B110<F110, " Total Base Wages + Other + OT/Bonus/Comm/Tips Used to Qualify.",IF(F110<B110," YTD Earnings Used to Qualify.",""))
A113: =IF(B110=0,"",IF(F110=0,"",IF(AND(ABS((F110-B110)/F110)>=0.07, ABS(B110-F110)>=3000),"Correct income information based on Income Calculation Guidelines or provide an explanation from the employer for the discrepancy between the two calculations.","")))
A115: TOTAL SEASONAL INCOME: | E115: =E88+E112 -> 0
A120: SECTION 3: SELF-EMPLOYMENT/RENTAL INCOME
A121: Self-Employment/Rental Income #1
A122: Has a tax return been filed for the self-employment income for last year?
A123: =IF(F122="","Answer the question above to determine required information.",IF(F122="Yes","Complete Using Tax Return.",IF(F122="No", "Complete Using Profit and Loss."))) -> Answer the question above to determine required information. | I123: =IF(F122="Yes", M123, IF(F122="No", M124, "")) | M123: Self Employment Start Date: Enter the start date of self-employment represented by the tax return. If the tax return represents a full year of self-employment, enter the first day of the year. Tax Return End Date: This date should be the last day of the year. Net Income: Enter the net income indicated on the applicable tax return schedule. + Depreciation: Enter the amount of depreciation shown for the self-employment income on the tax return. **See the Turnkey/AHP Income Calculation Guide for additional information**
A124: =IF(F122="","",IF(F122="no","Profit and Loss (P & L) Information:","Tax Return Information:")) | E124: Notes: | M124: P & L Start Date: Enter the first date represented by the current year P & L. For example, if the self-employment started on 3/1/2023, the P & L should start on 3/1/2023. P & L End Date: Enter the last day included on the P & L. YTD Net Income: Enter the total net year-to-date income shown. + Depreciation: Enter the amount of depreciation expense shown on the P & L. **See the Turnkey/AHP Income Calculation Guide for additional information**
A125: =IF(F122="","",IF(F122="no","P & L Start Date:","Self Employment Start Date:"))
A126: =IF(F122="","",IF(F122="no","P & L End Date:","Tax Return End Date:"))
A127: =IF(F122="","",IF(F122="no","YTD Net Income:","Net Income:"))
A128: =IF(F122="",""," + Depreciation:")
A129: =IF(F122="","","Total:") | B129: =IF(F122="","",SUM(B127:B128))
A130: =IF(F122="","",IF(F122="no","P & L Annualized:","Net Income Annualized:")) | B130: =IF(F122="",0,IF(B127="",0,IF(B129<0,0,B129/A131*365))) -> 0
A131: =IF(B126="",0,B126-B125+1) -> 0
A134: Self-Employment/Rental Income #2
...

Sheet Household Member #12-Income
A1: Complete in accordance with the FHLBank Topeka income calculation guidelines. Attach required documentation--income from ALL sources must be accounted for.
A4: Member Institution: | B4: =IF(Household_Summary!C7="","",Household_Summary!C7)
A5: Household Member #12: | B5: =IF(Household_Summary!C25="","",Household_Summary!C25)
A6: SECTION 1: WAGE/SALARY INCOME
A7: Employer #1:
A8: Employer: | I8: Year-to-Date Earnings: YTD Start Date: Input in MM/DD/YY format. Enter the pay period start date corresponding to the first paycheck of the year (Depending on the pay schedule, this could be a date from the previous year). If the household member's hire date was after January 1, enter the hire date. Pay Period End Date: Input in MM/DD/YY format. The Pay Period End date is the last day of the pay period, not the pay date. YTD Total Income: Enter ALL YTD gross income (YTD Regular Earnings + YTD OT/Bonus/Commission/Tips + YTD Other Income). Base Wages: Fill out either the Salary Per Pay Period & Pay Frequency/Year OR the Regular Hourly Rate & Hours/Week (Do not fill out both). Hours/Week: If a range of hours is indicated, enter the high end of the range. Year-to-Date Other/Overtime/Bonus/Commission/Tips: YTD Other Income: Enter all income NOT included in "Base Wages" (i.e. overtime, bonus, commission, tips, etc.). **See the Turnkey/AHP Income Calculation Guide for additional information**
A10: Please fill out the YTD Earnings, Base Wages, AND YTD Other sections below:
A11: Year-to-Date Earnings: | E11: Employer Verbal Verifications (if needed): | M11: =IF(B18="",0,IF(B18="1 (Annual)",1,IF(B18="12 (Monthly)",12,IF(B18="24 (Semi-Monthly)",24,IF(B18="26 (Bi-weekly)",26,IF(B18="52 (Weekly)",52)))))) -> 0
A12: YTD Start Date: | E12: Employer Contact Full Name:
A13: Pay Period End Date: | E13: Employer Contact Title:
A14: YTD Total Income: | E14: Summary of Verification:
B15: =IF(B12="",0,B13-B12+1) -> 0
A16: Base Wages:
A17: Salary Per Pay Period:
A18: Pay Frequency/Year:
A19: OR
A20: Regular Hourly Rate:
A21: Hours/Week: | E21: Notes:
A22: Weeks/Year: | B22: 52
A24: Year-to-Date Other/Overtime/Bonus/Commission/Tips:
A25: YTD Other Income:
A28: CALCULATIONS
A29: YTD Income Annualized: | B29: =IF(B14="",0,B14/Daily_Calculation*365) -> 0 | E29: Total Base Wages + Other: | F29: =IF(B17="",(B20*B21*B22)+(IF(B25=0,0,B25/B15*365)),(B17*M11)+(IF(B25=0,0,B25/B15*365))) -> 0
A31: Highest Calculated Income (Employer #1): | E31: =MAX(B29,F29) -> 0 | F31: =IF(B29<F29, " Total Base Wages + Other + OT/Bonus/Comm/Tips Used to Qualify.",IF(F29<B29," YTD Earnings Used to Qualify.",""))
A32: =IF(B29=0,"",IF(F29=0,"",IF(AND(ABS((F29-B29)/F29)>=0.07, ABS(B29-F29)>=3000),"Correct income information based on Income Calculation Guidelines or provide an explanation from the employer for the discrepancy between the two calculations.","")))
A34: Employer #2:
A35: Employer: | I35: Year-to-Date Earnings: YTD Start Date: Input in MM/DD/YY format. Enter the pay period start date corresponding to the first paycheck of the year (Depending on the pay schedule, this could be a date from the previous year). If the household member's hire date was after January 1, enter the hire date. Pay Period End Date: Input in MM/DD/YY format. The Pay Period End date is the last day of the pay period, not the pay date. YTD Total Income: Enter ALL YTD gross income (YTD Regular Earnings + YTD OT/Bonus/Commission/Tips + YTD Other Income). Base Wages: Fill out either the Salary Per Pay Period & Pay Frequency/Year OR the Regular Hourly Rate & Hours/Week (Do not fill out both). Hours/Week: If a range of hours is indicated, enter the high end of the range. Year-to-Date Other/Overtime/Bonus/Commission/Tips: YTD Other Income: Enter all income NOT included in "Base Wages" (i.e. overtime, bonus, commission, tips, etc.). **See the Turnkey/AHP Income Calculation Guide for additional information**
A37: Please fill out the YTD Earnings, Base Wages, AND YTD Other sections below:
A38: Year-to-Date Earnings: | E38: Employer Verbal Verifications (if needed): | M38: =IF(B45="",0,IF(B45="1 (Annual)",1,IF(B45="12 (Monthly)",12,IF(B45="24 (Semi-Monthly)",24,IF(B45="26 (Bi-weekly)",26,IF(B45="52 (Weekly)",52)))))) -> 0
A39: YTD Start Date: | E39: Employer Contact Full Name:
A40: Pay Period End Date: | E40: Employer Contact Title:
A41: YTD Total Income: | E41: Summary of Verification:
B42: =IF(B39="",0,B40-B39+1) -> 0
A43: Base Wages:
A44: Salary Per Pay Period:
A45: Pay Frequency/Year:
A46: OR
A47: Regular Hourly Rate:
A48: Hours/Week: | E48: Notes:
A49: Weeks/Year: | B49: 52
A51: Year-to-Date Other/Overtime/Bonus/Commission/Tips:
A52: YTD Other Income:
A55: CALCULATIONS
A56: YTD Income Annualized: | B56: =IF(B41="",0,B41/Daily_Calculation2*365) -> 0 | E56: Total Base Wages + Other: | F56: =IF(B44="",(B47*B48*B49)+(IF(B52=0,0,B52/B42*365)),(B44*M38)+(IF(B52=0,0,B52/B42*365))) -> 0
A58: Highest Calculated Income (Employer #2): | E58: =MAX(B56,F56) -> 0 | F58: =IF(B56<F56, " Total Base Wages + Other + OT/Bonus/Comm/Tips Used to Qualify.",IF(F56<B56," YTD Earnings Used to Qualify.",""))
A59: =IF(B56=0,"",IF(F56=0,"",IF(AND(ABS((F56-B56)/F56)>=0.07, ABS(B56-F56)>=3000),"Correct income information based on Income Calculation Guidelines or provide an explanation from the employer for the discrepancy between the two calculations.","")))
A61: TOTAL WAGE/SALARY INCOME: | E61: =(E31+E58) -> 0
A66: SECTION 2: SEASONAL INCOME
A67: Seasonal Employer #1:
A68: Employer: | I68: If a W2 is provided: # Weeks Will Work This Year: Enter 52. Weeks Worked Year-to-Date: Enter 52. YTD Total Income: Enter the total gross amount of income earned up to the last pay period end date less income that is non-recurring, will not continue, or is paid at irregular or infrequent intervals (as verified by the employer). Leave the Base Wages and YTD Other sections blank. If a Paystub or VOE is provided: # Weeks Will Work This Year: Enter the number of weeks the employer has indicated the household member will work per year. Weeks Worked Year-to-Date: Enter the number of weeks the employer has indicated the household member has worked to date. YTD Total Income: See notes above under the W2 section. Hours/Week: If a range of hours is indicated, enter the high end of the range. YTD Other Income: Enter all income NOT included in "Base Wages" (i.e. overtime, bonus, commission, tips, etc.). **See the Turnkey/AHP Income Calculation Guide for additional information**
A69: **Seasonal Income: A job that does not require the employee to work year-round. This does not include part-time, year-round employment.**
A71: See notes to the right for information on filling out the sections below:
A72: Year-to-Date Earnings: | E72: Employer Verbal Verifications (if needed):
A73: # Weeks Will Work This Year: | E73: Employer Contact Full Name:
A74: Weeks Worked Year-to-Date: | E74: Employer Contact Title:
A75: YTD Total Income: | E75: Summary of Verification:
B76: =IF(B73="",0,B74-B73+1) -> 0
A77: Base Wages:
A78: Regular Hourly Rate:
A79: Hours/Week:
E80: Notes:
A81: Year-to-Date Other/Overtime/Bonus/Commission/Tips:
A82: YTD Other Income:
A85: CALCULATIONS
A86: YTD Income Annualized: | B86: =IF(B74="",0,B75/B74*B73) -> 0 | E86: Total Base Wages + Other: | F86: =IF(B79=0,0, (B78*B79*B73)+(B82/B74*B73)) -> 0
A88: Highest Calculated Income: | E88: =MAX(B86,F86) -> 0 | F88: =IF(B86<F86, " Total Base Wages + Other + OT/Bonus/Comm/Tips Used to Qualify.",IF(F86<B86," YTD Earnings Used to Qualify.",""))
A89: =IF(B86=0,"",IF(F86=0,"",IF(AND(ABS((F86-B86)/F86)>=0.07, ABS(B86-F86)>=3000),"Correct income information based on Income Calculation Guidelines or provide an explanation from the employer for the discrepancy between the two calculations.","")))
A91: Seasonal Employer #2:
A92: Employer: | I92: If a W2 is provided: # Weeks Will Work This Year: Enter 52. Weeks Worked Year-to-Date: Enter 52. YTD Total Income: Enter the total gross amount of income earned up to the last pay period end date less income that is non-recurring, will not continue, or is paid at irregular or infrequent intervals (as verified by the employer). Leave the Base Wages and YTD Other sections blank. If a Paystub or VOE is provided: # Weeks Will Work This Year: Enter the number of weeks the employer has indicated the household member will work per year. Weeks Worked Year-to-Date: Enter the number of weeks the employer has indicated the household member has worked to date. YTD Total Income: See notes above under the W2 section. Hours/Week: If a range of hours is indicated, enter the high end of the range. YTD Other Income: Enter all income NOT included in "Base Wages" (i.e. overtime, bonus, commission, tips, etc.). **See the Turnkey/AHP Income Calculation Guide for additional information**
A93: **Seasonal Income: A job that does not require the employee to work year-round. This does not include part-time, year-round employment.**
A95: See notes to the right for information on filling out the sections below:
A96: Year-to-Date Earnings: | E96: Employer Verbal Verifications (if needed):
A97: # Weeks Will Work This Year: | E97: Employer Contact Full Name:
A98: Weeks Worked Year-to-Date: | E98: Employer Contact Title:
A99: YTD Total Income: | E99: Summary of Verification:
B100: =IF(B97="",0,B98-B97+1) -> 0
A101: Base Wages:
A102: Regular Hourly Rate:
A103: Hours/Week:
E104: Notes:
A105: Year-to-Date Other/Overtime/Bonus/Commission/Tips:
A106: YTD Other Income:
A109: CALCULATIONS
A110: YTD Income Annualized: | B110: =IF(B98="",0,B99/B98*B97) -> 0 | E110: Total Base Wages + Other: | F110: =IF(B103=0,0, (B102*B103*B97)+(B106/B98*B97)) -> 0
A112: Highest Calculated Income: | E112: =MAX(B110,F110) -> 0 | F112: =IF(B110<F110, " Total Base Wages + Other + OT/Bonus/Comm/Tips Used to Qualify.",IF(F110<B110," YTD Earnings Used to Qualify.",""))
A113: =IF(B110=0,"",IF(F110=0,"",IF(AND(ABS((F110-B110)/F110)>=0.07, ABS(B110-F110)>=3000),"Correct income information based on Income Calculation Guidelines or provide an explanation from the employer for the discrepancy between the two calculations.","")))
A115: TOTAL SEASONAL INCOME: | E115: =E88+E112 -> 0
A120: SECTION 3: SELF-EMPLOYMENT/RENTAL INCOME
A121: Self-Employment/Rental Income #1
A122: Has a tax return been filed for the self-employment income for last year?
A123: =IF(F122="","Answer the question above to determine required information.",IF(F122="Yes","Complete Using Tax Return.",IF(F122="No", "Complete Using Profit and Loss."))) -> Answer the question above to determine required information. | I123: =IF(F122="Yes", M123, IF(F122="No", M124, "")) | M123: Self Employment Start Date: Enter the start date of self-employment represented by the tax return. If the tax return represents a full year of self-employment, enter the first day of the year. Tax Return End Date: This date should be the last day of the year. Net Income: Enter the net income indicated on the applicable tax return schedule. + Depreciation: Enter the amount of depreciation shown for the self-employment income on the tax return. **See the Turnkey/AHP Income Calculation Guide for additional information**
A124: =IF(F122="","",IF(F122="no","Profit and Loss (P & L) Information:","Tax Return Information:")) | E124: Notes: | M124: P & L Start Date: Enter the first date represented by the current year P & L. For example, if the self-employment started on 3/1/2023, the P & L should start on 3/1/2023. P & L End Date: Enter the last day included on the P & L. YTD Net Income: Enter the total net year-to-date income shown. + Depreciation: Enter the amount of depreciation expense shown on the P & L. **See the Turnkey/AHP Income Calculation Guide for additional information**
A125: =IF(F122="","",IF(F122="no","P & L Start Date:","Self Employment Start Date:"))
A126: =IF(F122="","",IF(F122="no","P & L End Date:","Tax Return End Date:"))
A127: =IF(F122="","",IF(F122="no","YTD Net Income:","Net Income:"))
A128: =IF(F122="",""," + Depreciation:")
A129: =IF(F122="","","Total:") | B129: =IF(F122="","",SUM(B127:B128))
A130: =IF(F122="","",IF(F122="no","P & L Annualized:","Net Income Annualized:")) | B130: =IF(F122="",0,IF(B127="",0,IF(B129<0,0,B129/A131*365))) -> 0
A131: =IF(B126="",0,B126-B125+1) -> 0
A134: Self-Employment/Rental Income #2
...

Sheet Household Member #13-Income
A1: Complete in accordance with the FHLBank Topeka income calculation guidelines. Attach required documentation--income from ALL sources must be accounted for.
A4: Member Institution: | B4: =IF(Household_Summary!C7="","",Household_Summary!C7)
A5: Household Member #13: | B5: =IF(Household_Summary!C26="","",Household_Summary!C26)
A6: SECTION 1: WAGE/SALARY INCOME
A7: Employer #1:
A8: Employer: | I8: Year-to-Date Earnings: YTD Start Date: Input in MM/DD/YY format. Enter the pay period start date corresponding to the first paycheck of the year (Depending on the pay schedule, this could be a date from the previous year). If the household member's hire date was after January 1, enter the hire date. Pay Period End Date: Input in MM/DD/YY format. The Pay Period End date is the last day of the pay period, not the pay date. YTD Total Income: Enter ALL YTD gross income (YTD Regular Earnings + YTD OT/Bonus/Commission/Tips + YTD Other Income). Base Wages: Fill out either the Salary Per Pay Period & Pay Frequency/Year OR the Regular Hourly Rate & Hours/Week (Do not fill out both). Hours/Week: If a range of hours is indicated, enter the high end of the range. Year-to-Date Other/Overtime/Bonus/Commission/Tips: YTD Other Income: Enter all income NOT included in "Base Wages" (i.e. overtime, bonus, commission, tips, etc.). **See the Turnkey/AHP Income Calculation Guide for additional information**
A10: Please fill out the YTD Earnings, Base Wages, AND YTD Other sections below:
A11: Year-to-Date Earnings: | E11: Employer Verbal Verifications (if needed): | M11: =IF(B18="",0,IF(B18="1 (Annual)",1,IF(B18="12 (Monthly)",12,IF(B18="24 (Semi-Monthly)",24,IF(B18="26 (Bi-weekly)",26,IF(B18="52 (Weekly)",52)))))) -> 0
A12: YTD Start Date: | E12: Employer Contact Full Name:
A13: Pay Period End Date: | E13: Employer Contact Title:
A14: YTD Total Income: | E14: Summary of Verification:
B15: =IF(B12="",0,B13-B12+1) -> 0
A16: Base Wages:
A17: Salary Per Pay Period:
A18: Pay Frequency/Year:
A19: OR
A20: Regular Hourly Rate:
A21: Hours/Week: | E21: Notes:
A22: Weeks/Year: | B22: 52
A24: Year-to-Date Other/Overtime/Bonus/Commission/Tips:
A25: YTD Other Income:
A28: CALCULATIONS
A29: YTD Income Annualized: | B29: =IF(B14="",0,B14/Daily_Calculation*365) -> 0 | E29: Total Base Wages + Other: | F29: =IF(B17="",(B20*B21*B22)+(IF(B25=0,0,B25/B15*365)),(B17*M11)+(IF(B25=0,0,B25/B15*365))) -> 0
A31: Highest Calculated Income (Employer #1): | E31: =MAX(B29,F29) -> 0 | F31: =IF(B29<F29, " Total Base Wages + Other + OT/Bonus/Comm/Tips Used to Qualify.",IF(F29<B29," YTD Earnings Used to Qualify.",""))
A32: =IF(B29=0,"",IF(F29=0,"",IF(AND(ABS((F29-B29)/F29)>=0.07, ABS(B29-F29)>=3000),"Correct income information based on Income Calculation Guidelines or provide an explanation from the employer for the discrepancy between the two calculations.","")))
A34: Employer #2:
A35: Employer: | I35: Year-to-Date Earnings: YTD Start Date: Input in MM/DD/YY format. Enter the pay period start date corresponding to the first paycheck of the year (Depending on the pay schedule, this could be a date from the previous year). If the household member's hire date was after January 1, enter the hire date. Pay Period End Date: Input in MM/DD/YY format. The Pay Period End date is the last day of the pay period, not the pay date. YTD Total Income: Enter ALL YTD gross income (YTD Regular Earnings + YTD OT/Bonus/Commission/Tips + YTD Other Income). Base Wages: Fill out either the Salary Per Pay Period & Pay Frequency/Year OR the Regular Hourly Rate & Hours/Week (Do not fill out both). Hours/Week: If a range of hours is indicated, enter the high end of the range. Year-to-Date Other/Overtime/Bonus/Commission/Tips: YTD Other Income: Enter all income NOT included in "Base Wages" (i.e. overtime, bonus, commission, tips, etc.). **See the Turnkey/AHP Income Calculation Guide for additional information**
A37: Please fill out the YTD Earnings, Base Wages, AND YTD Other sections below:
A38: Year-to-Date Earnings: | E38: Employer Verbal Verifications (if needed): | M38: =IF(B45="",0,IF(B45="1 (Annual)",1,IF(B45="12 (Monthly)",12,IF(B45="24 (Semi-Monthly)",24,IF(B45="26 (Bi-weekly)",26,IF(B45="52 (Weekly)",52)))))) -> 0
A39: YTD Start Date: | E39: Employer Contact Full Name:
A40: Pay Period End Date: | E40: Employer Contact Title:
A41: YTD Total Income: | E41: Summary of Verification:
B42: =IF(B39="",0,B40-B39+1) -> 0
A43: Base Wages:
A44: Salary Per Pay Period:
A45: Pay Frequency/Year:
A46: OR
A47: Regular Hourly Rate:
A48: Hours/Week: | E48: Notes:
A49: Weeks/Year: | B49: 52
A51: Year-to-Date Other/Overtime/Bonus/Commission/Tips:
A52: YTD Other Income:
A55: CALCULATIONS
A56: YTD Income Annualized: | B56: =IF(B41="",0,B41/Daily_Calculation2*365) -> 0 | E56: Total Base Wages + Other: | F56: =IF(B44="",(B47*B48*B49)+(IF(B52=0,0,B52/B42*365)),(B44*M38)+(IF(B52=0,0,B52/B42*365))) -> 0
A58: Highest Calculated Income (Employer #2): | E58: =MAX(B56,F56) -> 0 | F58: =IF(B56<F56, " Total Base Wages + Other + OT/Bonus/Comm/Tips Used to Qualify.",IF(F56<B56," YTD Earnings Used to Qualify.",""))
A59: =IF(B56=0,"",IF(F56=0,"",IF(AND(ABS((F56-B56)/F56)>=0.07, ABS(B56-F56)>=3000),"Correct income information based on Income Calculation Guidelines or provide an explanation from the employer for the discrepancy between the two calculations.","")))
A61: TOTAL WAGE/SALARY INCOME: | E61: =(E31+E58) -> 0
A66: SECTION 2: SEASONAL INCOME
A67: Seasonal Employer #1:
A68: Employer: | I68: If a W2 is provided: # Weeks Will Work This Year: Enter 52. Weeks Worked Year-to-Date: Enter 52. YTD Total Income: Enter the total gross amount of income earned up to the last pay period end date less income that is non-recurring, will not continue, or is paid at irregular or infrequent intervals (as verified by the employer). Leave the Base Wages and YTD Other sections blank. If a Paystub or VOE is provided: # Weeks Will Work This Year: Enter the number of weeks the employer has indicated the household member will work per year. Weeks Worked Year-to-Date: Enter the number of weeks the employer has indicated the household member has worked to date. YTD Total Income: See notes above under the W2 section. Hours/Week: If a range of hours is indicated, enter the high end of the range. YTD Other Income: Enter all income NOT included in "Base Wages" (i.e. overtime, bonus, commission, tips, etc.). **See the Turnkey/AHP Income Calculation Guide for additional information**
A69: **Seasonal Income: A job that does not require the employee to work year-round. This does not include part-time, year-round employment.**
A71: See notes to the right for information on filling out the sections below:
A72: Year-to-Date Earnings: | E72: Employer Verbal Verifications (if needed):
A73: # Weeks Will Work This Year: | E73: Employer Contact Full Name:
A74: Weeks Worked Year-to-Date: | E74: Employer Contact Title:
A75: YTD Total Income: | E75: Summary of Verification:
B76: =IF(B73="",0,B74-B73+1) -> 0
A77: Base Wages:
A78: Regular Hourly Rate:
A79: Hours/Week:
E80: Notes:
A81: Year-to-Date Other/Overtime/Bonus/Commission/Tips:
A82: YTD Other Income:
A85: CALCULATIONS
A86: YTD Income Annualized: | B86: =IF(B74="",0,B75/B74*B73) -> 0 | E86: Total Base Wages + Other: | F86: =IF(B79=0,0, (B78*B79*B73)+(B82/B74*B73)) -> 0
A88: Highest Calculated Income: | E88: =MAX(B86,F86) -> 0 | F88: =IF(B86<F86, " Total Base Wages + Other + OT/Bonus/Comm/Tips Used to Qualify.",IF(F86<B86," YTD Earnings Used to Qualify.",""))
A89: =IF(B86=0,"",IF(F86=0,"",IF(AND(ABS((F86-B86)/F86)>=0.07, ABS(B86-F86)>=3000),"Correct income information based on Income Calculation Guidelines or provide an explanation from the employer for the discrepancy between the two calculations.","")))
A91: Seasonal Employer #2:
A92: Employer: | I92: If a W2 is provided: # Weeks Will Work This Year: Enter 52. Weeks Worked Year-to-Date: Enter 52. YTD Total Income: Enter the total gross amount of income earned up to the last pay period end date less income that is non-recurring, will not continue, or is paid at irregular or infrequent intervals (as verified by the employer). Leave the Base Wages and YTD Other sections blank. If a Paystub or VOE is provided: # Weeks Will Work This Year: Enter the number of weeks the employer has indicated the household member will work per year. Weeks Worked Year-to-Date: Enter the number of weeks the employer has indicated the household member has worked to date. YTD Total Income: See notes above under the W2 section. Hours/Week: If a range of hours is indicated, enter the high end of the range. YTD Other Income: Enter all income NOT included in "Base Wages" (i.e. overtime, bonus, commission, tips, etc.). **See the Turnkey/AHP Income Calculation Guide for additional information**
A93: **Seasonal Income: A job that does not require the employee to work year-round. This does not include part-time, year-round employment.**
A95: See notes to the right for information on filling out the sections below:
A96: Year-to-Date Earnings: | E96: Employer Verbal Verifications (if needed):
A97: # Weeks Will Work This Year: | E97: Employer Contact Full Name:
A98: Weeks Worked Year-to-Date: | E98: Employer Contact Title:
A99: YTD Total Income: | E99: Summary of Verification:
B100: =IF(B97="",0,B98-B97+1) -> 0
A101: Base Wages:
A102: Regular Hourly Rate:
A103: Hours/Week:
E104: Notes:
A105: Year-to-Date Other/Overtime/Bonus/Commission/Tips:
A106: YTD Other Income:
A109: CALCULATIONS
A110: YTD Income Annualized: | B110: =IF(B98="",0,B99/B98*B97) -> 0 | E110: Total Base Wages + Other: | F110: =IF(B103=0,0, (B102*B103*B97)+(B106/B98*B97)) -> 0
A112: Highest Calculated Income: | E112: =MAX(B110,F110) -> 0 | F112: =IF(B110<F110, " Total Base Wages + Other + OT/Bonus/Comm/Tips Used to Qualify.",IF(F110<B110," YTD Earnings Used to Qualify.",""))
A113: =IF(B110=0,"",IF(F110=0,"",IF(AND(ABS((F110-B110)/F110)>=0.07, ABS(B110-F110)>=3000),"Correct income information based on Income Calculation Guidelines or provide an explanation from the employer for the discrepancy between the two calculations.","")))
A115: TOTAL SEASONAL INCOME: | E115: =E88+E112 -> 0
A120: SECTION 3: SELF-EMPLOYMENT/RENTAL INCOME
A121: Self-Employment/Rental Income #1
A122: Has a tax return been filed for the self-employment income for last year?
A123: =IF(F122="","Answer the question above to determine required information.",IF(F122="Yes","Complete Using Tax Return.",IF(F122="No", "Complete Using Profit and Loss."))) -> Answer the question above to determine required information. | I123: =IF(F122="Yes", M123, IF(F122="No", M124, "")) | M123: Self Employment Start Date: Enter the start date of self-employment represented by the tax return. If the tax return represents a full year of self-employment, enter the first day of the year. Tax Return End Date: This date should be the last day of the year. Net Income: Enter the net income indicated on the applicable tax return schedule. + Depreciation: Enter the amount of depreciation shown for the self-employment income on the tax return. **See the Turnkey/AHP Income Calculation Guide for additional information**
A124: =IF(F122="","",IF(F122="no","Profit and Loss (P & L) Information:","Tax Return Information:")) | E124: Notes: | M124: P & L Start Date: Enter the first date represented by the current year P & L. For example, if the self-employment started on 3/1/2023, the P & L should start on 3/1/2023. P & L End Date: Enter the last day included on the P & L. YTD Net Income: Enter the total net year-to-date income shown. + Depreciation: Enter the amount of depreciation expense shown on the P & L. **See the Turnkey/AHP Income Calculation Guide for additional information**
A125: =IF(F122="","",IF(F122="no","P & L Start Date:","Self Employment Start Date:"))
